Workbook

Sheet Intro
A19: STEPS:
A20: 1) enter financial data on the Financial Statements sheet,
A21: 2) examine the Ratio Analysis and Cash Flow Analysis,
A22: 3) enter forecasts on the Forecasting Assumptions sheet to predict future the Financial Statements,
A23: 4) enter cost of capital assumptions on the Valuation Parameters Sheet to determine the company's value,
A24: 5) evaluate the details of the resulting valuation using either residual income or cash flow valuation models.
A26: Other Useful Links: | C26: Where to buy the latest 'Equity Valuation and Analysis' textbook
C27: Check here for updated versions of eVal
C28: Cases to accompany the textbook

Sheet Financial Statements
A1: Financial Statements | B1: ($000s) | C1: Data can be entered manually in financial statements or as a block cut-and-paste from the Case Data Sheet to the Raw Data Input section below.
C3: Jump to Raw Data Input
A4: Company Name and Ticker | B4: =B82 -> KOHL'S CORP | D4: =D82 -> KSS | E4: =IF(D4="", "",HYPERLINK(CONCATENATE("http://www.sec.gov/cgi-bin/browse-edgar?type=10-K&action=getcompany&CIK=",D4),"Link to Form 10-Ks")) -> Link to Form 10-Ks
A5: Common Shares Outstanding | B5: =B83 -> 307000 | C5: (in 000s at most recent fiscal year end)
A6: ="Estimated Price/Share="&DOLLAR('Valuation Parameters'!B24) -> Estimated Price/Share=$78.20
B7: Actual | C7: Actual | D7: Actual | E7: Actual | F7: Actual | G7: Forecast | H7: Forecast | I7: Forecast | J7: Forecast | K7: Forecast | L7: Forecast | M7: Forecast | N7: Forecast | O7: Forecast | P7: Forecast | Q7: Forecast | R7: Forecast
A8: Fiscal Year End (YYYY-MM-DD) | B8: =B84 -> 37286 | C8: =C84 -> 37651 | D8: =D84 -> 38016 | E8: =E84 -> 38382 | F8: =F84 -> 38747 | G8: =DATE(YEAR(F8)+1,MONTH(F8),DAY(F8)) -> 39112 | H8: =DATE(YEAR(G8)+1,MONTH(G8),DAY(G8)) -> 39477 | I8: =DATE(YEAR(H8)+1,MONTH(H8),DAY(H8)) -> 39843 | J8: =DATE(YEAR(I8)+1,MONTH(I8),DAY(I8)) -> 40208 | K8: =DATE(YEAR(J8)+1,MONTH(J8),DAY(J8)) -> 40573 | L8: =DATE(YEAR(K8)+1,MONTH(K8),DAY(K8)) -> 40938 | M8: =DATE(YEAR(L8)+1,MONTH(L8),DAY(L8)) -> 41304 | N8: =DATE(YEAR(M8)+1,MONTH(M8),DAY(M8)) -> 41669 | ... R8: =DATE(YEAR(Q8)+1,MONTH(Q8),DAY(Q8)) -> 43130
A10: Income Statement
A12: Sales (Net) | B12: =B85 -> 13402217 | C12: =C85 -> 15544184 | D12: =D85 -> 16473734 | E12: =E85 -> 16389000 | F12: =F85 -> 17178000 | G12: =F12*(1+'Forecasting Assumptions'!G14) -> 17976653 | H12: =G12*(1+'Forecasting Assumptions'!H14) -> 18782789 | I12: =H12*(1+'Forecasting Assumptions'!I14) -> 19594097 | J12: =I12*(1+'Forecasting Assumptions'!J14) -> 20408132 | K12: =J12*(1+'Forecasting Assumptions'!K14) -> 21222328 | L12: =K12*(1+'Forecasting Assumptions'!L14) -> 22034005 | M12: =L12*(1+'Forecasting Assumptions'!M14) -> 22840386 | N12: =M12*(1+'Forecasting Assumptions'!N14) -> 23638608 | ... R12: =Q12*(1+'Forecasting Assumptions'!R14) -> 26733403
A13: Cost of Goods Sold | B13: =B86 -> -8670484 | C13: =C86 -> -9890513 | D13: =D86 -> -10459549 | E13: =E86 -> -10334000 | F13: =F86 -> -10680000 | G13: =-G12*'Forecasting Assumptions'!G15 -> -11176543 | H13: =-H12*'Forecasting Assumptions'!H15 -> -11677738 | I13: =-I12*'Forecasting Assumptions'!I15 -> -12182149 | J13: =-J12*'Forecasting Assumptions'!J15 -> -12688255 | K13: =-K12*'Forecasting Assumptions'!K15 -> -13194462 | L13: =-L12*'Forecasting Assumptions'!L15 -> -13699102 | M13: =-M12*'Forecasting Assumptions'!M15 -> -14200450 | N13: =-N12*'Forecasting Assumptions'!N15 -> -14696725 | ... R13: =-R12*'Forecasting Assumptions'!R15 -> -16620838
A14: Gross Profit | B14: =B12+B13 -> 4731733 | C14: =C12+C13 -> 5653671 | D14: =D12+D13 -> 6014185 | E14: =E12+E13 -> 6055000 | F14: =F12+F13 -> 6498000 | G14: =G12+G13 -> 6800110 | H14: =H12+H13 -> 7105050.7 | I14: =I12+I13 -> 7411947.8 | ... R14: =R12+R13 -> 10112566
A15: R&D Expense | B15: =B87 -> 0 | C15: =C87 -> 0 | D15: =D87 -> 0 | E15: =E87 -> 0 | F15: =F87 -> 0 | G15: =-G12*'Forecasting Assumptions'!G16 -> 0 | H15: =-H12*'Forecasting Assumptions'!H16 -> 0 | I15: =-I12*'Forecasting Assumptions'!I16 -> 0 | J15: =-J12*'Forecasting Assumptions'!J16 -> 0 | K15: =-K12*'Forecasting Assumptions'!K16 -> 0 | L15: =-L12*'Forecasting Assumptions'!L16 -> 0 | M15: =-M12*'Forecasting Assumptions'!M16 -> 0 | N15: =-N12*'Forecasting Assumptions'!N16 -> 0 | ... R15: =-R12*'Forecasting Assumptions'!R16 -> 0
A16: SG&A Expense | B16: =B88 -> -3007842 | C16: =C88 -> -3451196 | D16: =D88 -> -3757563 | E16: =E88 -> -3978000 | F16: =F88 -> -4196000 | G16: =-G12*'Forecasting Assumptions'!G17 -> -4391083.7 | H16: =-H12*'Forecasting Assumptions'!H17 -> -4587995.2 | I16: =-I12*'Forecasting Assumptions'!I17 -> -4786170 | J16: =-J12*'Forecasting Assumptions'!J17 -> -4985011.2 | K16: =-K12*'Forecasting Assumptions'!K17 -> -5183891.5 | L16: =-L12*'Forecasting Assumptions'!L17 -> -5382156.6 | M16: =-M12*'Forecasting Assumptions'!M17 -> -5579128 | N16: =-N12*'Forecasting Assumptions'!N17 -> -5774106.4 | ... R16: =-R12*'Forecasting Assumptions'!R17 -> -6530059.4
A17: EBITDA | B17: =B14+B15+B16 -> 1723891 | C17: =C14+C15+C16 -> 2202475 | D17: =D14+D15+D16 -> 2256622 | E17: =E14+E15+E16 -> 2077000 | F17: =F14+F15+F16 -> 2302000 | G17: =G14+G15+G16 -> 2409026.4 | H17: =H14+H15+H16 -> 2517055.5 | I17: =I14+I15+I16 -> 2625777.7 | ... R17: =R14+R15+R16 -> 3582506.4
A18: Depreciation & Amortization | B18: =B89 -> -307710 | C18: =C89 -> -387674 | D18: =D89 -> -452145 | E18: =E89 -> -541000 | F18: =F89 -> -590000 | G18: =-((F38+G38+F40+G40)/2)*'Forecasting Assumptions'!G18 -> -604887.96 | H18: =-((G38+H38+G40+H40)/2)*'Forecasting Assumptions'!H18 -> -632500.73 | I18: =-((H38+I38+H40+I40)/2)*'Forecasting Assumptions'!I18 -> -660331.24 | J18: =-((I38+J38+I40+J40)/2)*'Forecasting Assumptions'!J18 -> -688297.69 | K18: =-((J38+K38+J40+K40)/2)*'Forecasting Assumptions'!K18 -> -716313.83 | L18: =-((K38+L38+K40+L40)/2)*'Forecasting Assumptions'!L18 -> -744289.39 | M18: =-((L38+M38+L40+M40)/2)*'Forecasting Assumptions'!M18 -> -772130.48 | N18: =-((M38+N38+M40+N40)/2)*'Forecasting Assumptions'!N18 -> -799740.05 | ... R18: =-((Q38+R38+Q40+R40)/2)*'Forecasting Assumptions'!R18 -> -906578.02
A19: EBIT | B19: =B17+B18 -> 1416181 | C19: =C17+C18 -> 1814801 | D19: =D17+D18 -> 1804477 | E19: =E17+E18 -> 1536000 | F19: =F17+F18 -> 1712000 | G19: =G17+G18 -> 1804138.4 | H19: =H17+H18 -> 1884554.8 | I19: =I17+I18 -> 1965446.5 | ... R19: =R17+R18 -> 2675928.3
A20: Net Interest Expense | B20: =B90 -> -79383 | C20: =C90 -> -74427 | D20: =D90 -> -98712 | E20: =E90 -> -140000 | F20: =F90 -> -134000 | G20: =-((F44+G44+F49+G49)/2)*'Forecasting Assumptions'!G19 -> -137048.74 | H20: =-((G44+H44+G49+H49)/2)*'Forecasting Assumptions'!H19 -> -143304.94 | I20: =-((H44+I44+H49+I49)/2)*'Forecasting Assumptions'!I19 -> -149610.46 | J20: =-((I44+J44+I49+J49)/2)*'Forecasting Assumptions'!J19 -> -155946.79 | K20: =-((J44+K44+J49+K49)/2)*'Forecasting Assumptions'!K19 -> -162294.37 | L20: =-((K44+L44+K49+L49)/2)*'Forecasting Assumptions'!L19 -> -168632.76 | M20: =-((L44+M44+L49+M49)/2)*'Forecasting Assumptions'!M19 -> -174940.68 | N20: =-((M44+N44+M49+N49)/2)*'Forecasting Assumptions'!N19 -> -181196.15 | ... R20: =-((Q44+R44+Q49+R49)/2)*'Forecasting Assumptions'!R19 -> -205402.3
A21: Non-Operating Income (Loss) | B21: =B91 -> 8992 | C21: =C91 -> 34071 | D21: =D91 -> 36296 | E21: =E91 -> 29000 | F21: =F91 -> 10000 | G21: =G12*'Forecasting Assumptions'!G20 -> 10464.928 | H21: =H12*'Forecasting Assumptions'!H20 -> 10934.212 | I21: =I12*'Forecasting Assumptions'!I20 -> 11406.506 | J21: =J12*'Forecasting Assumptions'!J20 -> 11880.389 | K21: =K12*'Forecasting Assumptions'!K20 -> 12354.365 | L21: =L12*'Forecasting Assumptions'!L20 -> 12826.875 | M21: =M12*'Forecasting Assumptions'!M20 -> 13296.301 | N21: =N12*'Forecasting Assumptions'!N20 -> 13760.978 | ... R21: =R12*'Forecasting Assumptions'!R20 -> 15562.582
A22: EBT | B22: =B19+B20+B21 -> 1345790 | C22: =C19+C20+C21 -> 1774445 | D22: =D19+D20+D21 -> 1742061 | E22: =E19+E20+E21 -> 1425000 | F22: =F19+F20+F21 -> 1588000 | G22: =G19+G20+G21 -> 1677554.6 | H22: =H19+H20+H21 -> 1752184.1 | I22: =I19+I20+I21 -> 1827242.5 | ... R22: =R19+R20+R21 -> 2486088.6
A23: Income Taxes | B23: =B92 -> -503830 | C23: =C92 -> -665764 | D23: =D92 -> -658210 | E23: =E92 -> -540000 | F23: =F92 -> -597000 | G23: =-G22*'Forecasting Assumptions'!G21 -> -630667.56 | H23: =-H22*'Forecasting Assumptions'!H21 -> -658724.11 | I23: =-I22*'Forecasting Assumptions'!I21 -> -686941.94 | J23: =-J22*'Forecasting Assumptions'!J21 -> -715235.11 | K23: =-K22*'Forecasting Assumptions'!K21 -> -743513.49 | L23: =-L22*'Forecasting Assumptions'!L21 -> -771683.13 | M23: =-M22*'Forecasting Assumptions'!M21 -> -799646.79 | N23: =-N22*'Forecasting Assumptions'!N21 -> -827304.38 | ... R23: =-R22*'Forecasting Assumptions'!R21 -> -934631.55
A24: Other Income (Loss) | B24: =B94 -> 0 | C24: =C94 -> 0 | D24: =D94 -> 0 | E24: =E94 -> 0 | F24: =F94 -> 0 | G24: =G12*'Forecasting Assumptions'!G23 -> 0 | H24: =H12*'Forecasting Assumptions'!H23 -> 0 | I24: =I12*'Forecasting Assumptions'!I23 -> 0 | J24: =J12*'Forecasting Assumptions'!J23 -> 0 | K24: =K12*'Forecasting Assumptions'!K23 -> 0 | L24: =L12*'Forecasting Assumptions'!L23 -> 0 | M24: =M12*'Forecasting Assumptions'!M23 -> 0 | N24: =N12*'Forecasting Assumptions'!N23 -> 0 | ... R24: =R12*'Forecasting Assumptions'!R23 -> 0
A25: Net Income Before Ext. Items | B25: =B22+B23+B24 -> 841960 | C25: =C22+C23+C24 -> 1108681 | D25: =D22+D23+D24 -> 1083851 | E25: =E22+E23+E24 -> 885000 | F25: =F22+F23+F24 -> 991000 | G25: =G22+G23+G24 -> 1046887 | H25: =H22+H23+H24 -> 1093460 | I25: =I22+I23+I24 -> 1140300.6 | ... R25: =R22+R23+R24 -> 1551457.1
A26: Ext. Items & Disc. Ops. | B26: =B95 -> 0 | C26: =C95 -> 0 | D26: =D95 -> 0 | E26: =E95 -> 0 | F26: =F95 -> 0 | G26: =G12*'Forecasting Assumptions'!G24 -> 0 | H26: =H12*'Forecasting Assumptions'!H24 -> 0 | I26: =I12*'Forecasting Assumptions'!I24 -> 0 | J26: =J12*'Forecasting Assumptions'!J24 -> 0 | K26: =K12*'Forecasting Assumptions'!K24 -> 0 | L26: =L12*'Forecasting Assumptions'!L24 -> 0 | M26: =M12*'Forecasting Assumptions'!M24 -> 0 | N26: =N12*'Forecasting Assumptions'!N24 -> 0 | ... R26: =R12*'Forecasting Assumptions'!R24 -> 0
A27: Minority Interest in Earnings | B27: =B93 -> 0 | C27: =C93 -> 0 | D27: =D93 -> 0 | E27: =E93 -> 0 | F27: =F93 -> 0 | G27: =-(G22+G23)*'Forecasting Assumptions'!G22 -> 0 | H27: =-(H22+H23)*'Forecasting Assumptions'!H22 -> 0 | I27: =-(I22+I23)*'Forecasting Assumptions'!I22 -> 0 | J27: =-(J22+J23)*'Forecasting Assumptions'!J22 -> 0 | K27: =-(K22+K23)*'Forecasting Assumptions'!K22 -> 0 | L27: =-(L22+L23)*'Forecasting Assumptions'!L22 -> 0 | M27: =-(M22+M23)*'Forecasting Assumptions'!M22 -> 0 | N27: =-(N22+N23)*'Forecasting Assumptions'!N22 -> 0 | ... R27: =-(R22+R23)*'Forecasting Assumptions'!R22 -> 0
A28: Preferred Dividends | B28: =B96 -> 0 | C28: =C96 -> 0 | D28: =D96 -> 0 | E28: =E96 -> 0 | F28: =F96 -> 0 | G28: =-((G54+F54)/2)*'Forecasting Assumptions'!G25 -> 0 | H28: =-((H54+G54)/2)*'Forecasting Assumptions'!H25 -> 0 | I28: =-((I54+H54)/2)*'Forecasting Assumptions'!I25 -> 0 | J28: =-((J54+I54)/2)*'Forecasting Assumptions'!J25 -> 0 | K28: =-((K54+J54)/2)*'Forecasting Assumptions'!K25 -> 0 | L28: =-((L54+K54)/2)*'Forecasting Assumptions'!L25 -> 0 | M28: =-((M54+L54)/2)*'Forecasting Assumptions'!M25 -> 0 | N28: =-((N54+M54)/2)*'Forecasting Assumptions'!N25 -> 0 | ... R28: =-((R54+Q54)/2)*'Forecasting Assumptions'!R25 -> 0
A29: Net Income (available to common) | B29: =B25+B26+B27+B28 -> 841960 | C29: =C25+C26+C27+C28 -> 1108681 | D29: =D25+D26+D27+D28 -> 1083851 | E29: =E25+E26+E27+E28 -> 885000 | F29: =F25+F26+F27+F28 -> 991000 | G29: =G25+G26+G27+G28 -> 1046887 | H29: =H25+H26+H27+H28 -> 1093460 | I29: =I25+I26+I27+I28 -> 1140300.6 | ... R29: =R25+R26+R27+R28 -> 1551457.1
B30: =IF(B13>0,"Error! -Exp?",IF(B15>0,"Error! -Exp?",IF(B16>0,"Error! -Exp?","")))
A31: Balance Sheet
A33: Operating Cash and Market. Sec. | B33: =B97 -> 286916 | C33: =C97 -> 620400 | D33: =D97 -> 663671 | E33: =E97 -> 676000 | F33: =F97 -> 2267000 | G33: =G12*'Forecasting Assumptions'!G29 -> 2372399.1 | H33: =H12*'Forecasting Assumptions'!H29 -> 2478785.8 | I33: =I12*'Forecasting Assumptions'!I29 -> 2585855 | J33: =J12*'Forecasting Assumptions'!J29 -> 2693284.2 | K33: =K12*'Forecasting Assumptions'!K29 -> 2800734.5 | L33: =L12*'Forecasting Assumptions'!L29 -> 2907852.5 | M33: =M12*'Forecasting Assumptions'!M29 -> 3014271.5 | N33: =N12*'Forecasting Assumptions'!N29 -> 3119613.7 | ... R33: =R12*'Forecasting Assumptions'!R29 -> 3528037.3
A34: Receivables | B34: =B98 -> 1652065 | C34: =C98 -> 0 | D34: =D98 -> 0 | E34: =E98 -> 0 | F34: =F98 -> 0 | G34: =G12*'Forecasting Assumptions'!G30 -> 0 | H34: =H12*'Forecasting Assumptions'!H30 -> 0 | I34: =I12*'Forecasting Assumptions'!I30 -> 0 | J34: =J12*'Forecasting Assumptions'!J30 -> 0 | K34: =K12*'Forecasting Assumptions'!K30 -> 0 | L34: =L12*'Forecasting Assumptions'!L30 -> 0 | M34: =M12*'Forecasting Assumptions'!M30 -> 0 | N34: =N12*'Forecasting Assumptions'!N30 -> 0 | ... R34: =R12*'Forecasting Assumptions'!R30 -> 0
A35: Inventories | B35: =B99 -> 2237568 | C35: =C99 -> 2588099 | D35: =D99 -> 2855733 | E35: =E99 -> 2799000 | F35: =F99 -> 2923000 | G35: =-G13*'Forecasting Assumptions'!G31 -> 3058898.4 | H35: =-H13*'Forecasting Assumptions'!H31 -> 3196070.1 | I35: =-I13*'Forecasting Assumptions'!I31 -> 3334121.8 | J35: =-J13*'Forecasting Assumptions'!J31 -> 3472637.7 | K35: =-K13*'Forecasting Assumptions'!K31 -> 3611180.9 | L35: =-L13*'Forecasting Assumptions'!L31 -> 3749295.5 | M35: =-M13*'Forecasting Assumptions'!M31 -> 3886508.8 | N35: =-N13*'Forecasting Assumptions'!N31 -> 4022333.9 | ... R35: =-R13*'Forecasting Assumptions'!R31 -> 4548942.7
A36: Other Current Assets | B36: =B100 -> 89503 | C36: =C100 -> 192541 | D36: =D100 -> 204485 | E36: =E100 -> 225000 | F36: =F100 -> 295000 | G36: =G12*'Forecasting Assumptions'!G32 -> 308715.37 | H36: =H12*'Forecasting Assumptions'!H32 -> 322559.24 | I36: =I12*'Forecasting Assumptions'!I32 -> 336491.94 | J36: =J12*'Forecasting Assumptions'!J32 -> 350471.47 | K36: =K12*'Forecasting Assumptions'!K32 -> 364453.76 | L36: =L12*'Forecasting Assumptions'!L32 -> 378392.8 | M36: =M12*'Forecasting Assumptions'!M32 -> 392240.88 | N36: =N12*'Forecasting Assumptions'!N32 -> 405948.85 | ... R36: =R12*'Forecasting Assumptions'!R32 -> 459096.17
A37: Total Current Assets | B37: =SUM(B33:B36) -> 4266052 | C37: =SUM(C33:C36) -> 3401040 | D37: =SUM(D33:D36) -> 3723889 | E37: =SUM(E33:E36) -> 3700000 | F37: =SUM(F33:F36) -> 5485000 | G37: =SUM(G33:G36) -> 5740012.8 | H37: =SUM(H33:H36) -> 5997415.1 | I37: =SUM(I33:I36) -> 6256468.7 | ... R37: =SUM(R33:R36) -> 8536076.2
A38: PP&E (Net) | B38: =B101 -> 4543832 | C38: =C101 -> 5352974 | D38: =D101 -> 6509819 | E38: =E101 -> 6984000 | F38: =F101 -> 7018000 | G38: =G12*'Forecasting Assumptions'!G37 -> 7344286.3 | H38: =H12*'Forecasting Assumptions'!H37 -> 7673629.7 | I38: =I12*'Forecasting Assumptions'!I37 -> 8005086.1 | J38: =J12*'Forecasting Assumptions'!J37 -> 8337656.9 | K38: =K12*'Forecasting Assumptions'!K37 -> 8670293.3 | L38: =L12*'Forecasting Assumptions'!L37 -> 9001900.6 | M38: =M12*'Forecasting Assumptions'!M37 -> 9331344.2 | N38: =N12*'Forecasting Assumptions'!N37 -> 9657454.4 | ... R38: =R12*'Forecasting Assumptions'!R37 -> 10921820
A39: Investments | B39: =B102 -> 0 | C39: =C102 -> 0 | D39: =D102 -> 0 | E39: =E102 -> 332000 | F39: =F102 -> 321000 | G39: =G12*'Forecasting Assumptions'!G38 -> 335924.18 | H39: =H12*'Forecasting Assumptions'!H38 -> 350988.19 | I39: =I12*'Forecasting Assumptions'!I38 -> 366148.85 | J39: =J12*'Forecasting Assumptions'!J38 -> 381360.48 | K39: =K12*'Forecasting Assumptions'!K38 -> 396575.11 | L39: =L12*'Forecasting Assumptions'!L38 -> 411742.68 | M39: =M12*'Forecasting Assumptions'!M38 -> 426811.27 | N39: =N12*'Forecasting Assumptions'!N38 -> 441727.4 | ... R39: =R12*'Forecasting Assumptions'!R38 -> 499558.88
A40: Intangibles | B40: =B103 -> 221718 | C40: =C103 -> 228624 | D40: =D103 -> 219296 | E40: =E103 -> 210000 | F40: =F103 -> 204000 | G40: =G12*'Forecasting Assumptions'!G39 -> 213484.52 | H40: =H12*'Forecasting Assumptions'!H39 -> 223057.92 | I40: =I12*'Forecasting Assumptions'!I39 -> 232692.73 | J40: =J12*'Forecasting Assumptions'!J39 -> 242359.93 | K40: =K12*'Forecasting Assumptions'!K39 -> 252029.04 | L40: =L12*'Forecasting Assumptions'!L39 -> 261668.24 | M40: =M12*'Forecasting Assumptions'!M39 -> 271244.54 | N40: =N12*'Forecasting Assumptions'!N39 -> 280723.95 | ... R40: =R12*'Forecasting Assumptions'!R39 -> 317476.67
A41: Other Assets | B41: =B104 -> 121436 | C41: =C104 -> 58539 | D41: =D104 -> 107078 | E41: =E104 -> 108000 | F41: =F104 -> 132000 | G41: =G12*'Forecasting Assumptions'!G40 -> 138137.05 | H41: =H12*'Forecasting Assumptions'!H40 -> 144331.59 | I41: =I12*'Forecasting Assumptions'!I40 -> 150565.88 | J41: =J12*'Forecasting Assumptions'!J40 -> 156821.13 | K41: =K12*'Forecasting Assumptions'!K40 -> 163077.62 | L41: =L12*'Forecasting Assumptions'!L40 -> 169314.75 | M41: =M12*'Forecasting Assumptions'!M40 -> 175511.18 | N41: =N12*'Forecasting Assumptions'!N40 -> 181644.91 | ... R41: =R12*'Forecasting Assumptions'!R40 -> 205426.08
A42: Total Assets | B42: =SUM(B37:B41) -> 9153038 | C42: =SUM(C37:C41) -> 9041177 | D42: =SUM(D37:D41) -> 10560082 | E42: =SUM(E37:E41) -> 11334000 | F42: =SUM(F37:F41) -> 13160000 | G42: =G37+G38+G39+G40+G41 -> 13771845 | H42: =H37+H38+H39+H40+H41 -> 14389422 | I42: =I37+I38+I39+I40+I41 -> 15010962 | J42: =J37+J38+J39+J40+J41 -> 15634592 | K42: =K37+K38+K39+K40+K41 -> 16258344 | L42: =L37+L38+L39+L40+L41 -> 16880167 | M42: =M37+M38+M39+M40+M41 -> 17497932 | N42: =N37+N38+N39+N40+N41 -> 18109447 | ... R42: =R37+R38+R39+R40+R41 -> 20480358
A44: Current Debt | B44: =B105 -> 107941 | C44: =C105 -> 18841 | D44: =D105 -> 12701 | E44: =E105 -> 17000 | F44: =F105 -> 16000 | G44: =G42*'Forecasting Assumptions'!G45 -> 16743.884 | H44: =H42*'Forecasting Assumptions'!H45 -> 17494.739 | I44: =I42*'Forecasting Assumptions'!I45 -> 18250.41 | J44: =J42*'Forecasting Assumptions'!J45 -> 19008.622 | K44: =K42*'Forecasting Assumptions'!K45 -> 19766.984 | L44: =L42*'Forecasting Assumptions'!L45 -> 20522.999 | M44: =M42*'Forecasting Assumptions'!M45 -> 21274.082 | N44: =N42*'Forecasting Assumptions'!N45 -> 22017.565 | ... R44: =R42*'Forecasting Assumptions'!R45 -> 24900.131
A45: Accounts Payable | B45: =B106 -> 829971 | C45: =C106 -> 934376 | D45: =D106 -> 835985 | E45: =E106 -> 881000 | F45: =F106 -> 1188000 | G45: =-G13*'Forecasting Assumptions'!G33 -> 1243233.4 | H45: =-H13*'Forecasting Assumptions'!H33 -> 1298984.3 | I45: =-I13*'Forecasting Assumptions'!I33 -> 1355092.9 | J45: =-J13*'Forecasting Assumptions'!J33 -> 1411390.2 | K45: =-K13*'Forecasting Assumptions'!K33 -> 1467698.5 | L45: =-L13*'Forecasting Assumptions'!L33 -> 1523832.7 | M45: =-M13*'Forecasting Assumptions'!M33 -> 1579600.6 | N45: =-N13*'Forecasting Assumptions'!N33 -> 1634804.2 | ... R45: =-R13*'Forecasting Assumptions'!R33 -> 1848834.7
A46: Income Taxes Payable | B46: =B107 -> 166908 | C46: =C107 -> 233263 | D46: =D107 -> 124254 | E46: =E107 -> 105000 | F46: =F107 -> 184000 | G46: =G12*'Forecasting Assumptions'!G34 -> 192554.67 | H46: =H12*'Forecasting Assumptions'!H34 -> 201189.49 | I46: =I12*'Forecasting Assumptions'!I34 -> 209879.72 | J46: =J12*'Forecasting Assumptions'!J34 -> 218599.16 | K46: =K12*'Forecasting Assumptions'!K34 -> 227320.31 | L46: =L12*'Forecasting Assumptions'!L34 -> 236014.49 | M46: =M12*'Forecasting Assumptions'!M34 -> 244651.94 | N46: =N12*'Forecasting Assumptions'!N34 -> 253202 | ... R46: =R12*'Forecasting Assumptions'!R34 -> 286351.51
A47: Other Current Liabilities | B47: =B108 -> 641635 | C47: =C108 -> 732178 | D47: =D108 -> 798508 | E47: =E108 -> 812000 | F47: =F108 -> 1002000 | G47: =G12*'Forecasting Assumptions'!G35 -> 1048585.8 | H47: =H12*'Forecasting Assumptions'!H35 -> 1095608 | I47: =I12*'Forecasting Assumptions'!I35 -> 1142931.9 | J47: =J12*'Forecasting Assumptions'!J35 -> 1190415 | K47: =K12*'Forecasting Assumptions'!K35 -> 1237907.4 | L47: =L12*'Forecasting Assumptions'!L35 -> 1285252.8 | M47: =M12*'Forecasting Assumptions'!M35 -> 1332289.4 | N47: =N12*'Forecasting Assumptions'!N35 -> 1378850 | ... R47: =R12*'Forecasting Assumptions'!R35 -> 1559370.7
A48: Total Current Liabilities | B48: =SUM(B44:B47) -> 1746455 | C48: =SUM(C44:C47) -> 1918658 | D48: =SUM(D44:D47) -> 1771448 | E48: =SUM(E44:E47) -> 1815000 | F48: =SUM(F44:F47) -> 2390000 | G48: =G44+G45+G46+G47 -> 2501117.7 | H48: =H44+H45+H46+H47 -> 2613276.6 | I48: =I44+I45+I46+I47 -> 2726155 | J48: =J44+J45+J46+J47 -> 2839412.9 | K48: =K44+K45+K46+K47 -> 2952693.2 | L48: =L44+L45+L46+L47 -> 3065623 | M48: =M44+M45+M46+M47 -> 3177816 | N48: =N44+N45+N46+N47 -> 3288873.8 | ... R48: =R44+R45+R46+R47 -> 3719457.1
A49: Long-Term Debt | B49: =B109 -> 1046104 | C49: =C109 -> 1040057 | D49: =D109 -> 2051875 | E49: =E109 -> 2053000 | F49: =F109 -> 2052000 | G49: =G42*'Forecasting Assumptions'!G46 -> 2147403.2 | H49: =H42*'Forecasting Assumptions'!H46 -> 2243700.2 | I49: =I42*'Forecasting Assumptions'!I46 -> 2340615.1 | J49: =J42*'Forecasting Assumptions'!J46 -> 2437855.8 | K49: =K42*'Forecasting Assumptions'!K46 -> 2535115.7 | L49: =L42*'Forecasting Assumptions'!L46 -> 2632074.7 | M49: =M42*'Forecasting Assumptions'!M46 -> 2728401 | N49: =N42*'Forecasting Assumptions'!N46 -> 2823752.7 | ... R49: =R42*'Forecasting Assumptions'!R46 -> 3193441.8
A50: Other Liabilities | B50: =B110 -> 185340 | C50: =C110 -> 235537 | D50: =D110 -> 372705 | E50: =E110 -> 407000 | F50: =F110 -> 488000 | G50: =G12*'Forecasting Assumptions'!G42 -> 510688.47 | H50: =H12*'Forecasting Assumptions'!H42 -> 533589.53 | I50: =I12*'Forecasting Assumptions'!I42 -> 556637.51 | J50: =J12*'Forecasting Assumptions'!J42 -> 579762.98 | K50: =K12*'Forecasting Assumptions'!K42 -> 602893.01 | L50: =L12*'Forecasting Assumptions'!L42 -> 625951.48 | M50: =M12*'Forecasting Assumptions'!M42 -> 648859.5 | N50: =N12*'Forecasting Assumptions'!N42 -> 671535.73 | ... R50: =R12*'Forecasting Assumptions'!R42 -> 759454
A51: Deferred Taxes | B51: =B111 -> 217801 | C51: =C111 -> 243530 | D51: =D111 -> 262451 | E51: =E111 -> 320000 | F51: =F111 -> 377000 | G51: =G12*'Forecasting Assumptions'!G43 -> 394527.77 | H51: =H12*'Forecasting Assumptions'!H43 -> 412219.78 | I51: =I12*'Forecasting Assumptions'!I43 -> 430025.29 | J51: =J12*'Forecasting Assumptions'!J43 -> 447890.66 | K51: =K12*'Forecasting Assumptions'!K43 -> 465759.56 | L51: =L12*'Forecasting Assumptions'!L43 -> 483573.18 | M51: =M12*'Forecasting Assumptions'!M43 -> 501270.55 | N51: =N12*'Forecasting Assumptions'!N43 -> 518788.87 | ... R51: =R12*'Forecasting Assumptions'!R43 -> 586709.34
A52: Total Liabilities | B52: =SUM(B48:B51) -> 3195700 | C52: =SUM(C48:C51) -> 3437782 | D52: =SUM(D48:D51) -> 4458479 | E52: =SUM(E48:E51) -> 4595000 | F52: =SUM(F48:F51) -> 5307000 | G52: =SUM(G48:G51) -> 5553737.1 | H52: =SUM(H48:H51) -> 5802786.1 | I52: =SUM(I48:I51) -> 6053432.9 | ... R52: =SUM(R48:R51) -> 8259062.3
A53: Minority Interest | B53: =B112 -> 0 | C53: =C112 -> 0 | D53: =D112 -> 0 | E53: =E112 -> 0 | F53: =F112 -> 0 | G53: =G42*'Forecasting Assumptions'!G47 -> 0 | H53: =H42*'Forecasting Assumptions'!H47 -> 0 | I53: =I42*'Forecasting Assumptions'!I47 -> 0 | J53: =J42*'Forecasting Assumptions'!J47 -> 0 | K53: =K42*'Forecasting Assumptions'!K47 -> 0 | L53: =L42*'Forecasting Assumptions'!L47 -> 0 | M53: =M42*'Forecasting Assumptions'!M47 -> 0 | N53: =N42*'Forecasting Assumptions'!N47 -> 0 | ... R53: =R42*'Forecasting Assumptions'!R47 -> 0
A54: Preferred Stock | B54: =B113 -> 0 | C54: =C113 -> 0 | D54: =D113 -> 0 | E54: =E113 -> 0 | F54: =F113 -> 0 | G54: =G42*'Forecasting Assumptions'!G48 -> 0 | H54: =H42*'Forecasting Assumptions'!H48 -> 0 | I54: =I42*'Forecasting Assumptions'!I48 -> 0 | J54: =J42*'Forecasting Assumptions'!J48 -> 0 | K54: =K42*'Forecasting Assumptions'!K48 -> 0 | L54: =L42*'Forecasting Assumptions'!L48 -> 0 | M54: =M42*'Forecasting Assumptions'!M48 -> 0 | N54: =N42*'Forecasting Assumptions'!N48 -> 0 | ... R54: =R42*'Forecasting Assumptions'!R48 -> 0
A55: Paid in Common Capital (Net) | B55: =B114 -> 1586485 | C55: =C114 -> 123861 | D55: =D114 -> -461782 | E55: =E114 -> -663000 | F55: =F114 -> -550000 | G55: =G57-G56 -> -1231779.3 | H55: =H57-H56 -> -1956710.6 | I55: =I57-I56 -> -2726118.2 | J55: =J57-J56 -> -3541244.5 | K55: =K57-K56 -> -4403238.6 | L55: =L57-L56 -> -5313144.9 | M55: =M57-M56 -> -6271891.1 | N55: =N57-N56 -> -7280277.9 | ... R55: =R57-R56 -> -11804647
A56: Retained Earnings | B56: =B115 -> 4370853 | C56: =C115 -> 5479534 | D56: =D115 -> 6563385 | E56: =E115 -> 7402000 | F56: =F115 -> 8403000 | G56: =G66 -> 9449887 | H56: =H66 -> 10543347 | I56: =I66 -> 11683648 | J56: =J66 -> 12870914 | K56: =K66 -> 14105121 | L56: =L66 -> 15386090 | M56: =M66 -> 16713476 | N56: =N66 -> 18086774 | ... R56: =R66 -> 24025942
A57: Total Common Equity | B57: =SUM(B55:B56) -> 5957338 | C57: =SUM(C55:C56) -> 5603395 | D57: =SUM(D55:D56) -> 6101603 | E57: =SUM(E55:E56) -> 6739000 | F57: =SUM(F55:F56) -> 7853000 | G57: =G58-G52-G53-G54 -> 8218107.7 | H57: =H58-H52-H53-H54 -> 8586636.4 | I57: =I58-I52-I53-I54 -> 8957529.4 | J57: =J58-J52-J53-J54 -> 9329669.4 | K57: =K58-K52-K53-K54 -> 9701882.7 | L57: =L58-L52-L53-L54 -> 10072945 | M57: =M58-M52-M53-M54 -> 10441585 | N57: =N58-N52-N53-N54 -> 10806496 | ... R57: =R58-R52-R53-R54 -> 12221296
A58: Total Liabilities and Equity | B58: =SUM(B52:B56) -> 9153038 | C58: =SUM(C52:C56) -> 9041177 | D58: =SUM(D52:D56) -> 10560082 | E58: =SUM(E52:E56) -> 11334000 | F58: =SUM(F52:F56) -> 13160000 | G58: =G42 -> 13771845 | H58: =H42 -> 14389422 | I58: =I42 -> 15010962 | J58: =J42 -> 15634592 | K58: =K42 -> 16258344 | L58: =L42 -> 16880167 | M58: =M42 -> 17497932 | N58: =N42 -> 18109447 | ... R58: =R42 -> 20480358
B59: =IF(B58=B42," ","Error! A =L+E?") | C59: =IF(C58=C42," ","Error! A =L+E?") | D59: =IF(D58=D42," ","Error! A =L+E?") | E59: =IF(E58=E42," ","Error! A =L+E?") | F59: =IF(F58=F42," ","Error! A =L+E?") | G59: =IF(G58=G42," ","Error! A =L+E?") | H59: =IF(H58=H42," ","Error! A =L+E?") | I59: =IF(I58=I42," ","Error! A =L+E?") | ... R59: =IF(R58=R42," ","Error! A =L+E?")
A60: Statement of Retained Earnings
A62: Beg. Retained Earnings | C62: =B56 -> 4370853 | D62: =C56 -> 5479534 | E62: =D56 -> 6563385 | F62: =E56 -> 7402000 | G62: =F56 -> 8403000 | H62: =G56 -> 9449887 | I62: =H56 -> 10543347 | J62: =I56 -> 11683648 | ... R62: =Q56 -> 22474485
A63: +Net Income | C63: =C29 -> 1108681 | D63: =D29 -> 1083851 | E63: =E29 -> 885000 | F63: =F29 -> 991000 | G63: =G29 -> 1046887 | H63: =H29 -> 1093460 | I63: =I29 -> 1140300.6 | J63: =J29 -> 1187266.3 | ... R63: =R29 -> 1551457.1
A64: -Common Dividends | B64: =-B116 -> 0 | C64: =-C116 -> 0 | D64: =-D116 -> 0 | E64: =-E116 -> 0 | F64: =-F116 -> 0 | G64: =-G29*'Forecasting Assumptions'!G49 -> 0 | H64: =-H29*'Forecasting Assumptions'!H49 -> 0 | I64: =-I29*'Forecasting Assumptions'!I49 -> 0 | J64: =-J29*'Forecasting Assumptions'!J49 -> 0 | K64: =-K29*'Forecasting Assumptions'!K49 -> 0 | L64: =-L29*'Forecasting Assumptions'!L49 -> 0 | M64: =-M29*'Forecasting Assumptions'!M49 -> 0 | N64: =-N29*'Forecasting Assumptions'!N49 -> 0 | ... R64: =-R29*'Forecasting Assumptions'!R49 -> 0
A65: +/-Clean Surplus Plug (Ignore) | C65: =C66-C62-C63-C64 -> 0 | D65: =D66-D62-D63-D64 -> 0 | E65: =E66-E62-E63-E64 -> -46385 | F65: =F66-F62-F63-F64 -> 10000 | G65: 0 | H65: 0 | I65: 0 | J65: 0 | K65: 0 | L65: 0 | M65: 0 | N65: 0 | O65: 0 | P65: 0 | Q65: 0 | R65: 0
A66: =End. Retained Earnings | C66: =C56 -> 5479534 | D66: =D56 -> 6563385 | E66: =E56 -> 7402000 | F66: =F56 -> 8403000 | G66: =G62+G63+G64+G65 -> 9449887 | H66: =H62+H63+H64+H65 -> 10543347 | I66: =I62+I63+I64+I65 -> 11683648 | J66: =J62+J63+J64+J65 -> 12870914 | K66: =K62+K63+K64+K65 -> 14105121 | L66: =L62+L63+L64+L65 -> 15386090 | M66: =M62+M63+M64+M65 -> 16713476 | N66: =N62+N63+N64+N65 -> 18086774 | ... R66: =R62+R63+R64+R65 -> 24025942
A69: Values for Dupont Analysis and Valuation
A71: Net Operating Income | B71: =B73-B72 -> 891624 | C71: =C73-C72 -> 1155183.3 | D71: =D73-D72 -> 1145266.2 | E71: =E73-E72 -> 971947.37 | F71: =F73-F72 -> 1074623.4 | G71: =G73-G72 -> 1132413 | H71: =H73-H72 -> 1182890.2 | I71: =I73-I72 -> 1233665.8 | ... R71: =R73-R72 -> 1679639.5
A72: Net Financial Expense | B72: =B20*(1-B74)+B28+B27 -> -49663.997 | C72: =C20*(1-C74)+C28+C27 -> -46502.315 | D72: =D20*(1-D74)+D28+D27 -> -61415.243 | E72: =E20*(1-E74)+E28+E27 -> -86947.368 | F72: =F20*(1-F74)+F28+F27 -> -83623.426 | G72: =G20*(1-G74)+G28+G27 -> -85526.011 | H72: =H20*(1-H74)+H28+H27 -> -89430.222 | I72: =I20*(1-I74)+I28+I27 -> -93365.221 | ... R72: =R20*(1-R74)+R28+R27 -> -128182.42
A73: Net Income | B73: =B29 -> 841960 | C73: =C29 -> 1108681 | D73: =D29 -> 1083851 | E73: =E29 -> 885000 | F73: =F29 -> 991000 | G73: =G29 -> 1046887 | H73: =H29 -> 1093460 | I73: =I29 -> 1140300.6 | ... R73: =R29 -> 1551457.1
A74: Effective Tax Rate | B74: =-B23/B22 -> 0.3743749 | C74: =-C23/C22 -> 0.37519562 | D74: =-D23/D22 -> 0.37783407 | E74: =-E23/E22 -> 0.37894737 | F74: =-F23/F22 -> 0.37594458 | G74: =-G23/G22 -> 0.37594458 | H74: =-H23/H22 -> 0.37594458 | I74: =-I23/I22 -> 0.37594458 | ... R74: =-R23/R22 -> 0.37594458
A75: Net Operating Assets | B75: =B77+B76 -> 7111383 | C75: =C77+C76 -> 6662293 | D75: =D77+D76 -> 8166179 | E75: =E77+E76 -> 8809000 | F75: =F77+F76 -> 9921000 | G75: =G77+G76 -> 10382255 | H75: =H77+H76 -> 10847831 | I75: =I77+I76 -> 11316395 | ... R75: =R77+R76 -> 15439638
A76: Net Financial Obligations | B76: =B44+B49+B54+B53 -> 1154045 | C76: =C44+C49+C54+C53 -> 1058898 | D76: =D44+D49+D54+D53 -> 2064576 | E76: =E44+E49+E54+E53 -> 2070000 | F76: =F44+F49+F54+F53 -> 2068000 | G76: =G44+G49+G54+G53 -> 2164147 | H76: =H44+H49+H54+H53 -> 2261195 | I76: =I44+I49+I54+I53 -> 2358865.5 | ... R76: =R44+R49+R54+R53 -> 3218342
A77: Total Common Equity | B77: =B57 -> 5957338 | C77: =C57 -> 5603395 | D77: =D57 -> 6101603 | E77: =E57 -> 6739000 | F77: =F57 -> 7853000 | G77: =G57 -> 8218107.7 | H77: =H57 -> 8586636.4 | I77: =I57 -> 8957529.4 | ... R77: =R57 -> 12221296
A80: Raw Data Inputs | B80: cut-and-paste raw data block from DataMaker file here
A82: Company Name and Ticker | B82: KOHL'S CORP | D82: KSS | G82: A Windows vs Macintosh issue can cause the fiscal year end dates to be off by roughly 4 years. If this occurs, select and copy the 1462 cell below, select the cells with the dates, choose Paste Special Values and select Subtract or Add.
A83: Common Shares Outstanding | B83: 307000
A84: Fiscal Year End (YYYY-MM-DD) | B84: 37286 | C84: 37651 | D84: 38016 | E84: 38382 | F84: 38747
A85: Sales (Net) | B85: 13402217 | C85: 15544184 | D85: 16473734 | E85: 16389000 | F85: 17178000
A86: Cost of Goods Sold | B86: -8670484 | C86: -9890513 | D86: -10459549 | E86: -10334000 | F86: -10680000
A87: R&D Expense | B87: 0 | C87: 0 | D87: 0 | E87: 0 | F87: 0 | G87: 1462
A88: SG&A Expense | B88: -3007842 | C88: -3451196 | D88: -3757563 | E88: -3978000 | F88: -4196000
A89: Depreciation & Amortization | B89: -307710 | C89: -387674 | D89: -452145 | E89: -541000 | F89: -590000
A90: Interest Expense | B90: -79383 | C90: -74427 | D90: -98712 | E90: -140000 | F90: -134000
A91: Non-Operating Income (Loss) | B91: 8992 | C91: 34071 | D91: 36296 | E91: 29000 | F91: 10000
A92: Income Taxes | B92: -503830 | C92: -665764 | D92: -658210 | E92: -540000 | F92: -597000
A93: Minority Interest in Earnings | B93: 0 | C93: 0 | D93: 0 | E93: 0 | F93: 0
A94: Other Income (Loss) | B94: 0 | C94: 0 | D94: 0 | E94: 0 | F94: 0
A95: Ext. Items & Disc. Ops. | B95: 0 | C95: 0 | D95: 0 | E95: 0 | F95: 0
A96: Preferred Dividends | B96: 0 | C96: 0 | D96: 0 | E96: 0 | F96: 0
A97: Operating Cash and Market. Sec. | B97: 286916 | C97: 620400 | D97: 663671 | E97: 676000 | F97: 2267000
A98: Receivables | B98: 1652065 | C98: 0 | D98: 0 | E98: 0 | F98: 0
A99: Inventories | B99: 2237568 | C99: 2588099 | D99: 2855733 | E99: 2799000 | F99: 2923000
... A116: Common Dividends | B116: 0 | C116: 0 | D116: 0 | E116: 0 | F116: 0

Sheet Ratio Analysis
A1: Ratio Analysis
A4: Company Name | B4: ='Financial Statements'!B4 -> KOHL'S CORP
B6: Actual | C6: Actual | D6: Actual | E6: Actual | F6: Actual | G6: Forecast | H6: Forecast | I6: Forecast | J6: Forecast | K6: Forecast | L6: Forecast | M6: Forecast | N6: Forecast | O6: Forecast | P6: Forecast | Q6: Forecast | R6: Forecast
A7: Fiscal Year End Date | B7: ='Financial Statements'!B8 -> 37286 | C7: ='Financial Statements'!C8 -> 37651 | D7: ='Financial Statements'!D8 -> 38016 | E7: ='Financial Statements'!E8 -> 38382 | F7: ='Financial Statements'!F8 -> 38747 | G7: ='Financial Statements'!G8 -> 39112 | H7: ='Financial Statements'!H8 -> 39477 | I7: ='Financial Statements'!I8 -> 39843 | ... R7: ='Financial Statements'!R8 -> 43130
A9: Annual Growth Rates
A10: Sales | C10: ='Financial Statements'!C12/'Financial Statements'!B12-1 -> 0.15982184 | D10: ='Financial Statements'!D12/'Financial Statements'!C12-1 -> 0.059800502 | E10: ='Financial Statements'!E12/'Financial Statements'!D12-1 -> -0.0051435819 | F10: ='Financial Statements'!F12/'Financial Statements'!E12-1 -> 0.048142046 | G10: ='Financial Statements'!G12/'Financial Statements'!F12-1 -> 0.04649277 | H10: ='Financial Statements'!H12/'Financial Statements'!G12-1 -> 0.044843493 | I10: ='Financial Statements'!I12/'Financial Statements'!H12-1 -> 0.043194216 | J10: ='Financial Statements'!J12/'Financial Statements'!I12-1 -> 0.041544939 | ... R10: ='Financial Statements'!R12/'Financial Statements'!Q12-1 -> 0.03
A11: Assets | C11: =IF('Financial Statements'!B42<=0,#N/A,'Financial Statements'!C42/'Financial Statements'!B42-1) -> -0.012221188 | D11: =IF('Financial Statements'!C42<=0,#N/A,'Financial Statements'!D42/'Financial Statements'!C42-1) -> 0.16799859 | E11: =IF('Financial Statements'!D42<=0,#N/A,'Financial Statements'!E42/'Financial Statements'!D42-1) -> 0.07328712 | F11: =IF('Financial Statements'!E42<=0,#N/A,'Financial Statements'!F42/'Financial Statements'!E42-1) -> 0.16110817 | G11: =IF('Financial Statements'!F42<=0,#N/A,'Financial Statements'!G42/'Financial Statements'!F42-1) -> 0.04649277 | H11: =IF('Financial Statements'!G42<=0,#N/A,'Financial Statements'!H42/'Financial Statements'!G42-1) -> 0.044843493 | I11: =IF('Financial Statements'!H42<=0,#N/A,'Financial Statements'!I42/'Financial Statements'!H42-1) -> 0.043194216 | J11: =IF('Financial Statements'!I42<=0,#N/A,'Financial Statements'!J42/'Financial Statements'!I42-1) -> 0.041544939 | ... R11: =IF('Financial Statements'!Q42<=0,#N/A,'Financial Statements'!R42/'Financial Statements'!Q42-1) -> 0.03
A12: Common Equity | C12: =IF('Financial Statements'!B57<=0,#N/A,'Financial Statements'!C57/'Financial Statements'!B57-1) -> -0.059412946 | D12: =IF('Financial Statements'!C57<=0,#N/A,'Financial Statements'!D57/'Financial Statements'!C57-1) -> 0.088911811 | E12: =IF('Financial Statements'!D57<=0,#N/A,'Financial Statements'!E57/'Financial Statements'!D57-1) -> 0.10446386 | F12: =IF('Financial Statements'!E57<=0,#N/A,'Financial Statements'!F57/'Financial Statements'!E57-1) -> 0.16530643 | G12: =IF('Financial Statements'!F57<=0,#N/A,'Financial Statements'!G57/'Financial Statements'!F57-1) -> 0.04649277 | H12: =IF('Financial Statements'!G57<=0,#N/A,'Financial Statements'!H57/'Financial Statements'!G57-1) -> 0.044843493 | I12: =IF('Financial Statements'!H57<=0,#N/A,'Financial Statements'!I57/'Financial Statements'!H57-1) -> 0.043194216 | J12: =IF('Financial Statements'!I57<=0,#N/A,'Financial Statements'!J57/'Financial Statements'!I57-1) -> 0.041544939 | ... R12: =IF('Financial Statements'!Q57<=0,#N/A,'Financial Statements'!R57/'Financial Statements'!Q57-1) -> 0.03
A13: Earnings | C13: =IF('Financial Statements'!B29<=0,#N/A,'Financial Statements'!C29/'Financial Statements'!B29-1) -> 0.31678583 | D13: =IF('Financial Statements'!C29<=0,#N/A,'Financial Statements'!D29/'Financial Statements'!C29-1) -> -0.022395982 | E13: =IF('Financial Statements'!D29<=0,#N/A,'Financial Statements'!E29/'Financial Statements'!D29-1) -> -0.1834671 | F13: =IF('Financial Statements'!E29<=0,#N/A,'Financial Statements'!F29/'Financial Statements'!E29-1) -> 0.11977401 | G13: =IF('Financial Statements'!F29<=0,#N/A,'Financial Statements'!G29/'Financial Statements'!F29-1) -> 0.056394574 | H13: =IF('Financial Statements'!G29<=0,#N/A,'Financial Statements'!H29/'Financial Statements'!G29-1) -> 0.044487063 | I13: =IF('Financial Statements'!H29<=0,#N/A,'Financial Statements'!I29/'Financial Statements'!H29-1) -> 0.042837102 | J13: =IF('Financial Statements'!I29<=0,#N/A,'Financial Statements'!J29/'Financial Statements'!I29-1) -> 0.041187138 | ... R13: =IF('Financial Statements'!Q29<=0,#N/A,'Financial Statements'!R29/'Financial Statements'!Q29-1) -> 0.03
A14: Free Cash Flow to Investors | D14: =IF('Cash Flow Analysis'!B116<=0,#N/A,'Cash Flow Analysis'!C116/'Cash Flow Analysis'!B116-1) -> -1.2235403 | E14: =IF('Cash Flow Analysis'!C116<=0,#N/A,'Cash Flow Analysis'!D116/'Cash Flow Analysis'!C116-1) -> #N/A | F14: =IF('Cash Flow Analysis'!D116<=0,#N/A,'Cash Flow Analysis'!E116/'Cash Flow Analysis'!D116-1) -> -1.0968255 | G14: =IF('Cash Flow Analysis'!E116<=0,#N/A,'Cash Flow Analysis'!F116/'Cash Flow Analysis'!E116-1) -> #N/A | H14: =IF('Cash Flow Analysis'!F116<=0,#N/A,'Cash Flow Analysis'!G116/'Cash Flow Analysis'!F116-1) -> 0.068769684 | I14: =IF('Cash Flow Analysis'!G116<=0,#N/A,'Cash Flow Analysis'!H116/'Cash Flow Analysis'!G116-1) -> 0.066621701 | J14: =IF('Cash Flow Analysis'!H116<=0,#N/A,'Cash Flow Analysis'!I116/'Cash Flow Analysis'!H116-1) -> 0.064494083 | K14: =IF('Cash Flow Analysis'!I116<=0,#N/A,'Cash Flow Analysis'!J116/'Cash Flow Analysis'!I116-1) -> 0.062385608 | ... R14: =IF('Cash Flow Analysis'!P116<=0,#N/A,'Cash Flow Analysis'!Q116/'Cash Flow Analysis'!P116-1) -> 0.03
A15: Sustainable Growth Rate | D15: =D19*(1-'Forecasting Assumptions'!D49) -> 0.18519456 | E15: =E19*(1-'Forecasting Assumptions'!E49) -> 0.13784399 | F15: =F19*(1-'Forecasting Assumptions'!F49) -> 0.13582785 | G15: =G19*(1-'Forecasting Assumptions'!G49) -> 0.13028187 | H15: =H19*(1-'Forecasting Assumptions'!H49) -> 0.13013705 | I15: =I19*(1-'Forecasting Assumptions'!I49) -> 0.129992 | J15: =J19*(1-'Forecasting Assumptions'!J49) -> 0.12984671 | K15: =K19*(1-'Forecasting Assumptions'!K49) -> 0.12970119 | ... R15: =R19*(1-'Forecasting Assumptions'!R49) -> 0.12882309
A18: Profitability
A19: Return on Equity | C19: ='Financial Statements'!C73/(('Financial Statements'!B77+'Financial Statements'!C77)/2) -> 0.19180116 | D19: ='Financial Statements'!D73/(('Financial Statements'!C77+'Financial Statements'!D77)/2) -> 0.18519456 | E19: ='Financial Statements'!E73/(('Financial Statements'!D77+'Financial Statements'!E77)/2) -> 0.13784399 | F19: ='Financial Statements'!F73/(('Financial Statements'!E77+'Financial Statements'!F77)/2) -> 0.13582785 | G19: ='Financial Statements'!G73/(('Financial Statements'!F77+'Financial Statements'!G77)/2) -> 0.13028187 | H19: ='Financial Statements'!H73/(('Financial Statements'!G77+'Financial Statements'!H77)/2) -> 0.13013705 | I19: ='Financial Statements'!I73/(('Financial Statements'!H77+'Financial Statements'!I77)/2) -> 0.129992 | J19: ='Financial Statements'!J73/(('Financial Statements'!I77+'Financial Statements'!J77)/2) -> 0.12984671 | ... R19: ='Financial Statements'!R73/(('Financial Statements'!Q77+'Financial Statements'!R77)/2) -> 0.12882309
A20: Return on Equity (b4 non-recurring) | C20: =('Financial Statements'!C29-'Financial Statements'!C26-'Financial Statements'!C24-((IF('Financial Statements'!C22=0,0,('Financial Statements'!C22+'Financial Statements'!C23)/'Financial Statements'!C22))*'Financial Statements'!C21))/(('Financial Statements'!B77+'Financial Statements'!C77)/2) -> 0.1881184 | D20: =('Financial Statements'!D29-'Financial Statements'!D26-'Financial Statements'!D24-((IF('Financial Statements'!D22=0,0,('Financial Statements'!D22+'Financial Statements'!D23)/'Financial Statements'!D22))*'Financial Statements'!D21))/(('Financial Statements'!C77+'Financial Statements'!D77)/2) -> 0.18133602 | E20: =('Financial Statements'!E29-'Financial Statements'!E26-'Financial Statements'!E24-((IF('Financial Statements'!E22=0,0,('Financial Statements'!E22+'Financial Statements'!E23)/'Financial Statements'!E22))*'Financial Statements'!E21))/(('Financial Statements'!D77+'Financial Statements'!E77)/2) -> 0.13503875 | F20: =('Financial Statements'!F29-'Financial Statements'!F26-'Financial Statements'!F24-((IF('Financial Statements'!F22=0,0,('Financial Statements'!F22+'Financial Statements'!F23)/'Financial Statements'!F22))*'Financial Statements'!F21))/(('Financial Statements'!E77+'Financial Statements'!F77)/2) -> 0.13497251 | G20: =('Financial Statements'!G29-'Financial Statements'!G26-'Financial Statements'!G24-((IF('Financial Statements'!G22=0,0,('Financial Statements'!G22+'Financial Statements'!G23)/'Financial Statements'!G22))*'Financial Statements'!G21))/(('Financial Statements'!F77+'Financial Statements'!G77)/2) -> 0.12946915 | H20: =('Financial Statements'!H29-'Financial Statements'!H26-'Financial Statements'!H24-((IF('Financial Statements'!H22=0,0,('Financial Statements'!H22+'Financial Statements'!H23)/'Financial Statements'!H22))*'Financial Statements'!H21))/(('Financial Statements'!G77+'Financial Statements'!H77)/2) -> 0.12932496 | I20: =('Financial Statements'!I29-'Financial Statements'!I26-'Financial Statements'!I24-((IF('Financial Statements'!I22=0,0,('Financial Statements'!I22+'Financial Statements'!I23)/'Financial Statements'!I22))*'Financial Statements'!I21))/(('Financial Statements'!H77+'Financial Statements'!I77)/2) -> 0.12918053 | J20: =('Financial Statements'!J29-'Financial Statements'!J26-'Financial Statements'!J24-((IF('Financial Statements'!J22=0,0,('Financial Statements'!J22+'Financial Statements'!J23)/'Financial Statements'!J22))*'Financial Statements'!J21))/(('Financial Statements'!I77+'Financial Statements'!J77)/2) -> 0.12903587 | ... R20: =('Financial Statements'!R29-'Financial Statements'!R26-'Financial Statements'!R24-((IF('Financial Statements'!R22=0,0,('Financial Statements'!R22+'Financial Statements'!R23)/'Financial Statements'!R22))*'Financial Statements'!R21))/(('Financial Statements'!Q77+'Financial Statements'!R77)/2) -> 0.12801667
A21: Return on Net Operating Assets | C21: ='Financial Statements'!C71/(('Financial Statements'!B75+'Financial Statements'!C75)/2) -> 0.16773784 | D21: ='Financial Statements'!D71/(('Financial Statements'!C75+'Financial Statements'!D75)/2) -> 0.15446854 | E21: ='Financial Statements'!E71/(('Financial Statements'!D75+'Financial Statements'!E75)/2) -> 0.11451395 | F21: ='Financial Statements'!F71/(('Financial Statements'!E75+'Financial Statements'!F75)/2) -> 0.1147489 | G21: ='Financial Statements'!G71/(('Financial Statements'!F75+'Financial Statements'!G75)/2) -> 0.1115499 | H21: ='Financial Statements'!H71/(('Financial Statements'!G75+'Financial Statements'!H75)/2) -> 0.11143527 | I21: ='Financial Statements'!I71/(('Financial Statements'!H75+'Financial Statements'!I75)/2) -> 0.11132045 | J21: ='Financial Statements'!J71/(('Financial Statements'!I75+'Financial Statements'!J75)/2) -> 0.11120545 | ... R21: ='Financial Statements'!R71/(('Financial Statements'!Q75+'Financial Statements'!R75)/2) -> 0.11039519
A23: Basic Dupont Model
A24: Net Profit Margin | B24: ='Financial Statements'!B29/'Financial Statements'!B12 -> 0.062822442 | C24: ='Financial Statements'!C29/'Financial Statements'!C12 -> 0.07132449 | D24: ='Financial Statements'!D29/'Financial Statements'!D12 -> 0.065792673 | E24: ='Financial Statements'!E29/'Financial Statements'!E12 -> 0.053999634 | F24: ='Financial Statements'!F29/'Financial Statements'!F12 -> 0.057690069 | G24: ='Financial Statements'!G29/'Financial Statements'!G12 -> 0.058235926 | H24: ='Financial Statements'!H29/'Financial Statements'!H12 -> 0.05821606 | I24: ='Financial Statements'!I29/'Financial Statements'!I12 -> 0.058196131 | ... R24: ='Financial Statements'!R29/'Financial Statements'!R12 -> 0.058034402
A25: x Total Asset Turnover | C25: ='Financial Statements'!C12/(('Financial Statements'!B42+'Financial Statements'!C42)/2) -> 1.7086952 | D25: ='Financial Statements'!D12/(('Financial Statements'!C42+'Financial Statements'!D42)/2) -> 1.6808853 | E25: ='Financial Statements'!E12/(('Financial Statements'!D42+'Financial Statements'!E42)/2) -> 1.4971169 | F25: ='Financial Statements'!F12/(('Financial Statements'!E42+'Financial Statements'!F42)/2) -> 1.4026292 | G25: ='Financial Statements'!G12/(('Financial Statements'!F42+'Financial Statements'!G42)/2) -> 1.3349737 | H25: ='Financial Statements'!H12/(('Financial Statements'!G42+'Financial Statements'!H42)/2) -> 1.3339448 | I25: ='Financial Statements'!I12/(('Financial Statements'!H42+'Financial Statements'!I42)/2) -> 1.3329143 | J25: ='Financial Statements'!J12/(('Financial Statements'!I42+'Financial Statements'!J42)/2) -> 1.3318821 | ... R25: ='Financial Statements'!R12/(('Financial Statements'!Q42+'Financial Statements'!R42)/2) -> 1.3246096
A26: x Total Leverage | C26: =('Financial Statements'!B58+'Financial Statements'!C58)/('Financial Statements'!B57+'Financial Statements'!C57) -> 1.5737942 | D26: =('Financial Statements'!C58+'Financial Statements'!D58)/('Financial Statements'!C57+'Financial Statements'!D57) -> 1.6746059 | E26: =('Financial Statements'!D58+'Financial Statements'!E58)/('Financial Statements'!D57+'Financial Statements'!E57) -> 1.7050665 | F26: =('Financial Statements'!E58+'Financial Statements'!F58)/('Financial Statements'!E57+'Financial Statements'!F57) -> 1.678591 | G26: =('Financial Statements'!F58+'Financial Statements'!G58)/('Financial Statements'!F57+'Financial Statements'!G57) -> 1.6757927 | H26: =('Financial Statements'!G58+'Financial Statements'!H58)/('Financial Statements'!G57+'Financial Statements'!H57) -> 1.6757927 | I26: =('Financial Statements'!H58+'Financial Statements'!I58)/('Financial Statements'!H57+'Financial Statements'!I57) -> 1.6757927 | J26: =('Financial Statements'!I58+'Financial Statements'!J58)/('Financial Statements'!I57+'Financial Statements'!J57) -> 1.6757927 | ... R26: =('Financial Statements'!Q58+'Financial Statements'!R58)/('Financial Statements'!Q57+'Financial Statements'!R57) -> 1.6757927
A27: = Return on Equity | C27: =C24*C25*C26 -> 0.19180116 | D27: =D24*D25*D26 -> 0.18519456 | E27: =E24*E25*E26 -> 0.13784399 | F27: =F24*F25*F26 -> 0.13582785 | G27: =G24*G25*G26 -> 0.13028187 | H27: =H24*H25*H26 -> 0.13013705 | I27: =I24*I25*I26 -> 0.129992 | J27: =J24*J25*J26 -> 0.12984671 | ... R27: =R24*R25*R26 -> 0.12882309
A29: Advanced Dupont Model
A30: Net Operating Margin | B30: ='Financial Statements'!B71/'Financial Statements'!B12 -> 0.066528097 | C30: ='Financial Statements'!C71/'Financial Statements'!C12 -> 0.074316112 | D30: ='Financial Statements'!D71/'Financial Statements'!D12 -> 0.069520744 | E30: ='Financial Statements'!E71/'Financial Statements'!E12 -> 0.059304861 | F30: ='Financial Statements'!F71/'Financial Statements'!F12 -> 0.062558122 | G30: ='Financial Statements'!G71/'Financial Statements'!G12 -> 0.062993542 | H30: ='Financial Statements'!H71/'Financial Statements'!H12 -> 0.062977346 | I30: ='Financial Statements'!I71/'Financial Statements'!I12 -> 0.062961098 | ... R30: ='Financial Statements'!R71/'Financial Statements'!R12 -> 0.062829243
A31: x Net Operating Asset Turnover | C31: ='Financial Statements'!C12/(('Financial Statements'!B75+'Financial Statements'!C75)/2) -> 2.2570858 | D31: ='Financial Statements'!D12/(('Financial Statements'!C75+'Financial Statements'!D75)/2) -> 2.2219058 | E31: ='Financial Statements'!E12/(('Financial Statements'!D75+'Financial Statements'!E75)/2) -> 1.9309369 | F31: ='Financial Statements'!F12/(('Financial Statements'!E75+'Financial Statements'!F75)/2) -> 1.8342766 | G31: ='Financial Statements'!G12/(('Financial Statements'!F75+'Financial Statements'!G75)/2) -> 1.7708149 | H31: ='Financial Statements'!H12/(('Financial Statements'!G75+'Financial Statements'!H75)/2) -> 1.7694501 | I31: ='Financial Statements'!I12/(('Financial Statements'!H75+'Financial Statements'!I75)/2) -> 1.7680831 | J31: ='Financial Statements'!J12/(('Financial Statements'!I75+'Financial Statements'!J75)/2) -> 1.7667138 | ... R31: ='Financial Statements'!R12/(('Financial Statements'!Q75+'Financial Statements'!R75)/2) -> 1.757067
A32: = Return on Net Operating Assets | C32: =C30*C31 -> 0.16773784 | D32: =D30*D31 -> 0.15446854 | E32: =E30*E31 -> 0.11451395 | F32: =F30*F31 -> 0.1147489 | G32: =G30*G31 -> 0.1115499 | H32: =H30*H31 -> 0.11143527 | I32: =I30*I31 -> 0.11132045 | J32: =J30*J31 -> 0.11120545 | ... R32: =R30*R31 -> 0.11039519
A33: Net Borrowing Cost (NBC) | C33: =-'Financial Statements'!C72/(('Financial Statements'!B76+'Financial Statements'!C76)/2) -> 0.042027576 | D33: =-'Financial Statements'!D72/(('Financial Statements'!C76+'Financial Statements'!D76)/2) -> 0.039324959 | E33: =-'Financial Statements'!E72/(('Financial Statements'!D76+'Financial Statements'!E76)/2) -> 0.042058663 | F33: =-'Financial Statements'!F72/(('Financial Statements'!E76+'Financial Statements'!F76)/2) -> 0.040417315 | G33: =-'Financial Statements'!G72/(('Financial Statements'!F76+'Financial Statements'!G76)/2) -> 0.040417315 | H33: =-'Financial Statements'!H72/(('Financial Statements'!G76+'Financial Statements'!H76)/2) -> 0.040417315 | I33: =-'Financial Statements'!I72/(('Financial Statements'!H76+'Financial Statements'!I76)/2) -> 0.040417315 | J33: =-'Financial Statements'!J72/(('Financial Statements'!I76+'Financial Statements'!J76)/2) -> 0.040417315 | ... R33: =-'Financial Statements'!R72/(('Financial Statements'!Q76+'Financial Statements'!R76)/2) -> 0.040417315
A34: Spread (RNOA - NBC) | C34: =C32-C33 -> 0.12571026 | D34: =D32-D33 -> 0.11514359 | E34: =E32-E33 -> 0.072455284 | F34: =F32-F33 -> 0.074331582 | G34: =G32-G33 -> 0.071132586 | H34: =H32-H33 -> 0.071017953 | I34: =I32-I33 -> 0.070903135 | J34: =J32-J33 -> 0.070788132 | ... R34: =R32-R33 -> 0.069977876
A35: Financial Leverage (LEV) | C35: =('Financial Statements'!B76+'Financial Statements'!C76)/('Financial Statements'!B77+'Financial Statements'!C77) -> 0.19141892 | D35: =('Financial Statements'!C76+'Financial Statements'!D76)/('Financial Statements'!C77+'Financial Statements'!D77) -> 0.2668496 | E35: =('Financial Statements'!D76+'Financial Statements'!E76)/('Financial Statements'!D77+'Financial Statements'!E77) -> 0.32199236 | F35: =('Financial Statements'!E76+'Financial Statements'!F76)/('Financial Statements'!E77+'Financial Statements'!F77) -> 0.28358004 | G35: =('Financial Statements'!F76+'Financial Statements'!G76)/('Financial Statements'!F77+'Financial Statements'!G77) -> 0.26333885 | H35: =('Financial Statements'!G76+'Financial Statements'!H76)/('Financial Statements'!G77+'Financial Statements'!H77) -> 0.26333885 | I35: =('Financial Statements'!H76+'Financial Statements'!I76)/('Financial Statements'!H77+'Financial Statements'!I77) -> 0.26333885 | J35: =('Financial Statements'!I76+'Financial Statements'!J76)/('Financial Statements'!I77+'Financial Statements'!J77) -> 0.26333885 | ... R35: =('Financial Statements'!Q76+'Financial Statements'!R76)/('Financial Statements'!Q77+'Financial Statements'!R77) -> 0.26333885
A36: ROE = RNOA + LEV*Spread | C36: =C32+(C35*C34) -> 0.19180116 | D36: =D32+(D35*D34) -> 0.18519456 | E36: =E32+(E35*E34) -> 0.13784399 | F36: =F32+(F35*F34) -> 0.13582785 | G36: =G32+(G35*G34) -> 0.13028187 | H36: =H32+(H35*H34) -> 0.13013705 | I36: =I32+(I35*I34) -> 0.129992 | J36: =J32+(J35*J34) -> 0.12984671 | ... R36: =R32+(R35*R34) -> 0.12882309
A39: Margin Analysis
A40: Gross Margin | B40: ='Financial Statements'!B14/'Financial Statements'!B12 -> 0.35305599 | C40: ='Financial Statements'!C14/'Financial Statements'!C12 -> 0.36371617 | D40: ='Financial Statements'!D14/'Financial Statements'!D12 -> 0.36507722 | E40: ='Financial Statements'!E14/'Financial Statements'!E12 -> 0.36945512 | F40: ='Financial Statements'!F14/'Financial Statements'!F12 -> 0.37827454 | G40: ='Financial Statements'!G14/'Financial Statements'!G12 -> 0.37827454 | H40: ='Financial Statements'!H14/'Financial Statements'!H12 -> 0.37827454 | I40: ='Financial Statements'!I14/'Financial Statements'!I12 -> 0.37827454 | ... R40: ='Financial Statements'!R14/'Financial Statements'!R12 -> 0.37827454
A41: EBITDA Margin | B41: ='Financial Statements'!B17/'Financial Statements'!B12 -> 0.1286273 | C41: ='Financial Statements'!C17/'Financial Statements'!C12 -> 0.14169126 | D41: ='Financial Statements'!D17/'Financial Statements'!D12 -> 0.13698303 | E41: ='Financial Statements'!E17/'Financial Statements'!E12 -> 0.12673134 | F41: ='Financial Statements'!F17/'Financial Statements'!F12 -> 0.13400862 | G41: ='Financial Statements'!G17/'Financial Statements'!G12 -> 0.13400862 | H41: ='Financial Statements'!H17/'Financial Statements'!H12 -> 0.13400862 | I41: ='Financial Statements'!I17/'Financial Statements'!I12 -> 0.13400862 | ... R41: ='Financial Statements'!R17/'Financial Statements'!R12 -> 0.13400862
A42: EBIT Margin | B42: ='Financial Statements'!B19/'Financial Statements'!B12 -> 0.10566767 | C42: ='Financial Statements'!C19/'Financial Statements'!C12 -> 0.11675113 | D42: ='Financial Statements'!D19/'Financial Statements'!D12 -> 0.10953661 | E42: ='Financial Statements'!E19/'Financial Statements'!E12 -> 0.093721398 | F42: ='Financial Statements'!F19/'Financial Statements'!F12 -> 0.099662359 | G42: ='Financial Statements'!G19/'Financial Statements'!G12 -> 0.10036008 | H42: ='Financial Statements'!H19/'Financial Statements'!H12 -> 0.10033413 | I42: ='Financial Statements'!I19/'Financial Statements'!I12 -> 0.1003081 | ... R42: ='Financial Statements'!R19/'Financial Statements'!R12 -> 0.10009681
A43: Net Operating Margin (b4 non-rec.) | B43: =('Financial Statements'!B71-'Financial Statements'!B21*(1-'Forecasting Assumptions'!B21)-'Financial Statements'!B26-'Financial Statements'!B24)/'Financial Statements'!B12 -> 0.066108344 | C43: =('Financial Statements'!C71-'Financial Statements'!C21*(1-'Forecasting Assumptions'!C21)-'Financial Statements'!C26-'Financial Statements'!C24)/'Financial Statements'!C12 -> 0.072946615 | D43: =('Financial Statements'!D71-'Financial Statements'!D21*(1-'Forecasting Assumptions'!D21)-'Financial Statements'!D26-'Financial Statements'!D24)/'Financial Statements'!D12 -> 0.068149948 | E43: =('Financial Statements'!E71-'Financial Statements'!E21*(1-'Forecasting Assumptions'!E21)-'Financial Statements'!E26-'Financial Statements'!E24)/'Financial Statements'!E12 -> 0.058205921 | F43: =('Financial Statements'!F71-'Financial Statements'!F21*(1-'Forecasting Assumptions'!F21)-'Financial Statements'!F26-'Financial Statements'!F24)/'Financial Statements'!F12 -> 0.062194835 | G43: =('Financial Statements'!G71-'Financial Statements'!G21*(1-'Forecasting Assumptions'!G21)-'Financial Statements'!G26-'Financial Statements'!G24)/'Financial Statements'!G12 -> 0.062630254 | H43: =('Financial Statements'!H71-'Financial Statements'!H21*(1-'Forecasting Assumptions'!H21)-'Financial Statements'!H26-'Financial Statements'!H24)/'Financial Statements'!H12 -> 0.062614058 | I43: =('Financial Statements'!I71-'Financial Statements'!I21*(1-'Forecasting Assumptions'!I21)-'Financial Statements'!I26-'Financial Statements'!I24)/'Financial Statements'!I12 -> 0.06259781 | ... R43: =('Financial Statements'!R71-'Financial Statements'!R21*(1-'Forecasting Assumptions'!R21)-'Financial Statements'!R26-'Financial Statements'!R24)/'Financial Statements'!R12 -> 0.062465955
A44: Net Operating Margin | B44: ='Financial Statements'!B71/'Financial Statements'!B12 -> 0.066528097 | C44: ='Financial Statements'!C71/'Financial Statements'!C12 -> 0.074316112 | D44: ='Financial Statements'!D71/'Financial Statements'!D12 -> 0.069520744 | E44: ='Financial Statements'!E71/'Financial Statements'!E12 -> 0.059304861 | F44: ='Financial Statements'!F71/'Financial Statements'!F12 -> 0.062558122 | G44: ='Financial Statements'!G71/'Financial Statements'!G12 -> 0.062993542 | H44: ='Financial Statements'!H71/'Financial Statements'!H12 -> 0.062977346 | I44: ='Financial Statements'!I71/'Financial Statements'!I12 -> 0.062961098 | ... R44: ='Financial Statements'!R71/'Financial Statements'!R12 -> 0.062829243
A46: Turnover Analysis
A47: Net Operating Asset Turnover | C47: ='Financial Statements'!C12/(('Financial Statements'!C75+'Financial Statements'!B75)/2) -> 2.2570858 | D47: ='Financial Statements'!D12/(('Financial Statements'!D75+'Financial Statements'!C75)/2) -> 2.2219058 | E47: ='Financial Statements'!E12/(('Financial Statements'!E75+'Financial Statements'!D75)/2) -> 1.9309369 | F47: ='Financial Statements'!F12/(('Financial Statements'!F75+'Financial Statements'!E75)/2) -> 1.8342766 | G47: ='Financial Statements'!G12/(('Financial Statements'!G75+'Financial Statements'!F75)/2) -> 1.7708149 | H47: ='Financial Statements'!H12/(('Financial Statements'!H75+'Financial Statements'!G75)/2) -> 1.7694501 | I47: ='Financial Statements'!I12/(('Financial Statements'!I75+'Financial Statements'!H75)/2) -> 1.7680831 | J47: ='Financial Statements'!J12/(('Financial Statements'!J75+'Financial Statements'!I75)/2) -> 1.7667138 | ... R47: ='Financial Statements'!R12/(('Financial Statements'!R75+'Financial Statements'!Q75)/2) -> 1.757067
A48: Net Working Capital Turnover | C48: ='Financial Statements'!C12/(('Financial Statements'!B37-'Financial Statements'!B48+'Financial Statements'!B44+'Financial Statements'!C37-'Financial Statements'!C48+'Financial Statements'!C44)/2) -> 7.5297088 | D48: ='Financial Statements'!D12/(('Financial Statements'!C37-'Financial Statements'!C48+'Financial Statements'!C44+'Financial Statements'!D37-'Financial Statements'!D48+'Financial Statements'!D44)/2) -> 9.5049044 | E48: ='Financial Statements'!E12/(('Financial Statements'!D37-'Financial Statements'!D48+'Financial Statements'!D44+'Financial Statements'!E37-'Financial Statements'!E48+'Financial Statements'!E44)/2) -> 8.476027 | F48: ='Financial Statements'!F12/(('Financial Statements'!E37-'Financial Statements'!E48+'Financial Statements'!E44+'Financial Statements'!F37-'Financial Statements'!F48+'Financial Statements'!F44)/2) -> 6.8533812 | G48: ='Financial Statements'!G12/(('Financial Statements'!F37-'Financial Statements'!F48+'Financial Statements'!F44+'Financial Statements'!G37-'Financial Statements'!G48+'Financial Statements'!G44)/2) -> 5.6471406 | H48: ='Financial Statements'!H12/(('Financial Statements'!G37-'Financial Statements'!G48+'Financial Statements'!G44+'Financial Statements'!H37-'Financial Statements'!H48+'Financial Statements'!H44)/2) -> 5.6427882 | I48: ='Financial Statements'!I12/(('Financial Statements'!H37-'Financial Statements'!H48+'Financial Statements'!H44+'Financial Statements'!I37-'Financial Statements'!I48+'Financial Statements'!I44)/2) -> 5.6384288 | J48: ='Financial Statements'!J12/(('Financial Statements'!I37-'Financial Statements'!I48+'Financial Statements'!I44+'Financial Statements'!J37-'Financial Statements'!J48+'Financial Statements'!J44)/2) -> 5.6340624 | ... R48: ='Financial Statements'!R12/(('Financial Statements'!Q37-'Financial Statements'!Q48+'Financial Statements'!Q44+'Financial Statements'!R37-'Financial Statements'!R48+'Financial Statements'!R44)/2) -> 5.6032986
A49: Avge Days to Collect Receivables | C49: =365*((('Financial Statements'!B34+'Financial Statements'!C34)/2)/'Financial Statements'!C12) -> 19.396442 | D49: =365*((('Financial Statements'!C34+'Financial Statements'!D34)/2)/'Financial Statements'!D12) -> 0 | E49: =365*((('Financial Statements'!D34+'Financial Statements'!E34)/2)/'Financial Statements'!E12) -> 0 | F49: =365*((('Financial Statements'!E34+'Financial Statements'!F34)/2)/'Financial Statements'!F12) -> 0 | G49: =365*((('Financial Statements'!F34+'Financial Statements'!G34)/2)/'Financial Statements'!G12) -> 0 | H49: =365*((('Financial Statements'!G34+'Financial Statements'!H34)/2)/'Financial Statements'!H12) -> 0 | I49: =365*((('Financial Statements'!H34+'Financial Statements'!I34)/2)/'Financial Statements'!I12) -> 0 | J49: =365*((('Financial Statements'!I34+'Financial Statements'!J34)/2)/'Financial Statements'!J12) -> 0 | ... R49: =365*((('Financial Statements'!Q34+'Financial Statements'!R34)/2)/'Financial Statements'!R12) -> 0
A50: Avge Inventory Holding Period | C50: =-365*((('Financial Statements'!B35+'Financial Statements'!C35)/2)/'Financial Statements'!C13) -> 89.043331 | D50: =-365*((('Financial Statements'!C35+'Financial Statements'!D35)/2)/'Financial Statements'!D13) -> 94.984912 | E50: =-365*((('Financial Statements'!D35+'Financial Statements'!E35)/2)/'Financial Statements'!E13) -> 99.863438 | F50: =-365*((('Financial Statements'!E35+'Financial Statements'!F35)/2)/'Financial Statements'!F13) -> 97.777622 | G50: =-365*((('Financial Statements'!F35+'Financial Statements'!G35)/2)/'Financial Statements'!G13) -> 97.677473 | H50: =-365*((('Financial Statements'!G35+'Financial Statements'!H35)/2)/'Financial Statements'!H13) -> 97.752813 | I50: =-365*((('Financial Statements'!H35+'Financial Statements'!I35)/2)/'Financial Statements'!I13) -> 97.828391 | J50: =-365*((('Financial Statements'!I35+'Financial Statements'!J35)/2)/'Financial Statements'!J13) -> 97.904209 | ... R50: =-365*((('Financial Statements'!Q35+'Financial Statements'!R35)/2)/'Financial Statements'!R13) -> 98.441732
A51: Avge Days to Pay Payables | C51: =365*((('Financial Statements'!B45+'Financial Statements'!C45)/2)/(-'Financial Statements'!C13+'Financial Statements'!C35-'Financial Statements'!B35)) -> 31.441455 | D51: =365*((('Financial Statements'!C45+'Financial Statements'!D45)/2)/(-'Financial Statements'!D13+'Financial Statements'!D35-'Financial Statements'!C35)) -> 30.118894 | E51: =365*((('Financial Statements'!D45+'Financial Statements'!E45)/2)/(-'Financial Statements'!E13+'Financial Statements'!E35-'Financial Statements'!D35)) -> 30.4896 | F51: =365*((('Financial Statements'!E45+'Financial Statements'!F45)/2)/(-'Financial Statements'!F13+'Financial Statements'!F35-'Financial Statements'!E35)) -> 34.949324 | G51: =365*((('Financial Statements'!F45+'Financial Statements'!G45)/2)/(-'Financial Statements'!G13+'Financial Statements'!G35-'Financial Statements'!F35)) -> 39.222312 | H51: =365*((('Financial Statements'!G45+'Financial Statements'!H45)/2)/(-'Financial Statements'!H13+'Financial Statements'!H35-'Financial Statements'!G35)) -> 39.268581 | I51: =365*((('Financial Statements'!H45+'Financial Statements'!I45)/2)/(-'Financial Statements'!I13+'Financial Statements'!I35-'Financial Statements'!H35)) -> 39.315034 | J51: =365*((('Financial Statements'!I45+'Financial Statements'!J45)/2)/(-'Financial Statements'!J13+'Financial Statements'!J35-'Financial Statements'!I35)) -> 39.361673 | ... R51: =365*((('Financial Statements'!Q45+'Financial Statements'!R45)/2)/(-'Financial Statements'!R13+'Financial Statements'!R35-'Financial Statements'!Q35)) -> 39.693428
A52: PP&E Turnover | C52: ='Financial Statements'!C12/(('Financial Statements'!B38+'Financial Statements'!C38)/2) -> 3.1412526 | D52: ='Financial Statements'!D12/(('Financial Statements'!C38+'Financial Statements'!D38)/2) -> 2.7773786 | E52: ='Financial Statements'!E12/(('Financial Statements'!D38+'Financial Statements'!E38)/2) -> 2.4291122 | F52: ='Financial Statements'!F12/(('Financial Statements'!E38+'Financial Statements'!F38)/2) -> 2.4536495 | G52: ='Financial Statements'!G12/(('Financial Statements'!F38+'Financial Statements'!G38)/2) -> 2.5033135 | H52: ='Financial Statements'!H12/(('Financial Statements'!G38+'Financial Statements'!H38)/2) -> 2.5013842 | I52: ='Financial Statements'!I12/(('Financial Statements'!H38+'Financial Statements'!I38)/2) -> 2.4994517 | J52: ='Financial Statements'!J12/(('Financial Statements'!I38+'Financial Statements'!J38)/2) -> 2.4975161 | ... R52: ='Financial Statements'!R12/(('Financial Statements'!Q38+'Financial Statements'!R38)/2) -> 2.4838789
A54: Analysis of Leverage
A55: - Long-Term Capital Structure
A56: Debt to Equity Ratio | B56: =('Financial Statements'!B44+'Financial Statements'!B49)/('Financial Statements'!B57) -> 0.19371823 | C56: =('Financial Statements'!C44+'Financial Statements'!C49)/('Financial Statements'!C57) -> 0.18897436 | D56: =('Financial Statements'!D44+'Financial Statements'!D49)/('Financial Statements'!D57) -> 0.33836616 | E56: =('Financial Statements'!E44+'Financial Statements'!E49)/('Financial Statements'!E57) -> 0.30716724 | F56: =('Financial Statements'!F44+'Financial Statements'!F49)/('Financial Statements'!F57) -> 0.26333885 | G56: =('Financial Statements'!G44+'Financial Statements'!G49)/('Financial Statements'!G57) -> 0.26333885 | H56: =('Financial Statements'!H44+'Financial Statements'!H49)/('Financial Statements'!H57) -> 0.26333885 | I56: =('Financial Statements'!I44+'Financial Statements'!I49)/('Financial Statements'!I57) -> 0.26333885 | ... R56: =('Financial Statements'!R44+'Financial Statements'!R49)/('Financial Statements'!R57) -> 0.26333885
A57: FFO to Total Debt | C57: ='Cash Flow Analysis'!B17/(('Financial Statements'!C44+'Financial Statements'!C49+'Financial Statements'!B44+'Financial Statements'!B49)/2) -> 1.4209864 | D57: ='Cash Flow Analysis'!C17/(('Financial Statements'!D44+'Financial Statements'!D49+'Financial Statements'!C44+'Financial Statements'!C49)/2) -> 1.0834635 | E57: ='Cash Flow Analysis'!D17/(('Financial Statements'!E44+'Financial Statements'!E49+'Financial Statements'!D44+'Financial Statements'!D49)/2) -> 0.73421991 | F57: ='Cash Flow Analysis'!E17/(('Financial Statements'!F44+'Financial Statements'!F49+'Financial Statements'!E44+'Financial Statements'!E49)/2) -> 0.83083615 | G57: ='Cash Flow Analysis'!F17/(('Financial Statements'!G44+'Financial Statements'!G49+'Financial Statements'!F44+'Financial Statements'!F49)/2) -> 0.79959 | H57: ='Cash Flow Analysis'!G17/(('Financial Statements'!H44+'Financial Statements'!H49+'Financial Statements'!G44+'Financial Statements'!G49)/2) -> 0.79838066 | I57: ='Cash Flow Analysis'!H17/(('Financial Statements'!I44+'Financial Statements'!I49+'Financial Statements'!H44+'Financial Statements'!H49)/2) -> 0.79716937 | J57: ='Cash Flow Analysis'!I17/(('Financial Statements'!J44+'Financial Statements'!J49+'Financial Statements'!I44+'Financial Statements'!I49)/2) -> 0.79595612 | ... R57: ='Cash Flow Analysis'!Q17/(('Financial Statements'!R44+'Financial Statements'!R49+'Financial Statements'!Q44+'Financial Statements'!Q49)/2) -> 0.78740819
A58: CFO to Total Debt | C58: ='Cash Flow Analysis'!B24/(('Financial Statements'!C44+'Financial Statements'!C49+'Financial Statements'!B44+'Financial Statements'!B49)/2) -> 2.7403146 | D58: ='Cash Flow Analysis'!C24/(('Financial Statements'!D44+'Financial Statements'!D49+'Financial Statements'!C44+'Financial Statements'!C49)/2) -> 0.81411723 | E58: ='Cash Flow Analysis'!D24/(('Financial Statements'!E44+'Financial Statements'!E49+'Financial Statements'!D44+'Financial Statements'!D49)/2) -> 0.77072716 | F58: ='Cash Flow Analysis'!E24/(('Financial Statements'!F44+'Financial Statements'!F49+'Financial Statements'!E44+'Financial Statements'!E49)/2) -> 1.0154664 | G58: ='Cash Flow Analysis'!F24/(('Financial Statements'!G44+'Financial Statements'!G49+'Financial Statements'!F44+'Financial Statements'!F49)/2) -> 0.78104627 | H58: ='Cash Flow Analysis'!G24/(('Financial Statements'!H44+'Financial Statements'!H49+'Financial Statements'!G44+'Financial Statements'!G49)/2) -> 0.78048032 | I58: ='Cash Flow Analysis'!H24/(('Financial Statements'!I44+'Financial Statements'!I49+'Financial Statements'!H44+'Financial Statements'!H49)/2) -> 0.77991346 | J58: ='Cash Flow Analysis'!I24/(('Financial Statements'!J44+'Financial Statements'!J49+'Financial Statements'!I44+'Financial Statements'!I49)/2) -> 0.77934568 | ... R58: ='Cash Flow Analysis'!Q24/(('Financial Statements'!R44+'Financial Statements'!R49+'Financial Statements'!Q44+'Financial Statements'!Q49)/2) -> 0.77534542
A60: Analysis of Leverage
A61: - Short-Term Liquidity
A62: Current Ratio | B62: ='Financial Statements'!B37/'Financial Statements'!B48 -> 2.4426922 | C62: ='Financial Statements'!C37/'Financial Statements'!C48 -> 1.772614 | D62: ='Financial Statements'!D37/'Financial Statements'!D48 -> 2.1021723 | E62: ='Financial Statements'!E37/'Financial Statements'!E48 -> 2.0385675 | F62: ='Financial Statements'!F37/'Financial Statements'!F48 -> 2.2949791 | G62: ='Financial Statements'!G37/'Financial Statements'!G48 -> 2.2949791 | H62: ='Financial Statements'!H37/'Financial Statements'!H48 -> 2.2949791 | I62: ='Financial Statements'!I37/'Financial Statements'!I48 -> 2.2949791 | ... R62: ='Financial Statements'!R37/'Financial Statements'!R48 -> 2.2949791
A63: Quick Ratio | B63: =('Financial Statements'!B33+'Financial Statements'!B34)/'Financial Statements'!B48 -> 1.1102382 | C63: =('Financial Statements'!C33+'Financial Statements'!C34)/'Financial Statements'!C48 -> 0.32335101 | D63: =('Financial Statements'!D33+'Financial Statements'!D34)/'Financial Statements'!D48 -> 0.37464887 | E63: =('Financial Statements'!E33+'Financial Statements'!E34)/'Financial Statements'!E48 -> 0.37245179 | F63: =('Financial Statements'!F33+'Financial Statements'!F34)/'Financial Statements'!F48 -> 0.94853556 | G63: =('Financial Statements'!G33+'Financial Statements'!G34)/'Financial Statements'!G48 -> 0.94853556 | H63: =('Financial Statements'!H33+'Financial Statements'!H34)/'Financial Statements'!H48 -> 0.94853556 | I63: =('Financial Statements'!I33+'Financial Statements'!I34)/'Financial Statements'!I48 -> 0.94853556 | ... R63: =('Financial Statements'!R33+'Financial Statements'!R34)/'Financial Statements'!R48 -> 0.94853556
A64: EBIT Interest Coverage | B64: =-'Financial Statements'!B19/'Financial Statements'!B20 -> 17.839852 | C64: =-'Financial Statements'!C19/'Financial Statements'!C20 -> 24.383638 | D64: =-'Financial Statements'!D19/'Financial Statements'!D20 -> 18.280219 | E64: =-'Financial Statements'!E19/'Financial Statements'!E20 -> 10.971429 | F64: =-'Financial Statements'!F19/'Financial Statements'!F20 -> 12.776119 | G64: =-'Financial Statements'!G19/'Financial Statements'!G20 -> 13.16421 | H64: =-'Financial Statements'!H19/'Financial Statements'!H20 -> 13.150662 | I64: =-'Financial Statements'!I19/'Financial Statements'!I20 -> 13.137092 | ... R64: =-'Financial Statements'!R19/'Financial Statements'!R20 -> 13.027743
A65: EBITDA Interest Coverage | B65: =-'Financial Statements'!B17/'Financial Statements'!B20 -> 21.716123 | C65: =-'Financial Statements'!C17/'Financial Statements'!C20 -> 29.592419 | D65: =-'Financial Statements'!D17/'Financial Statements'!D20 -> 22.860665 | E65: =-'Financial Statements'!E17/'Financial Statements'!E20 -> 14.835714 | F65: =-'Financial Statements'!F17/'Financial Statements'!F20 -> 17.179104 | G65: =-'Financial Statements'!G17/'Financial Statements'!G20 -> 17.57788 | H65: =-'Financial Statements'!H17/'Financial Statements'!H20 -> 17.564332 | I65: =-'Financial Statements'!I17/'Financial Statements'!I20 -> 17.550763 | ... R65: =-'Financial Statements'!R17/'Financial Statements'!R20 -> 17.441413
A67: Fiscal Year | B67: =IF(MONTH(B7)>6,YEAR(B7),YEAR(B7)-1) -> 2005 | C67: =IF(MONTH(C7)>6,YEAR(C7),YEAR(C7)-1) -> 2006 | D67: =IF(MONTH(D7)>6,YEAR(D7),YEAR(D7)-1) -> 2007 | E67: =IF(MONTH(E7)>6,YEAR(E7),YEAR(E7)-1) -> 2008 | F67: =IF(MONTH(F7)>6,YEAR(F7),YEAR(F7)-1) -> 2009 | G67: =IF(MONTH(G7)>6,YEAR(G7),YEAR(G7)-1) -> 2010 | H67: =IF(MONTH(H7)>6,YEAR(H7),YEAR(H7)-1) -> 2011 | I67: =IF(MONTH(I7)>6,YEAR(I7),YEAR(I7)-1) -> 2012 | ... R67: =IF(MONTH(R7)>6,YEAR(R7),YEAR(R7)-1) -> 2021

Sheet Cash Flow Analysis
A1: Cash Flow Analysis | B1: ($000)
A4: Company Name | B4: ='Financial Statements'!B4 -> KOHL'S CORP
B6: Actual | C6: Actual | D6: Actual | E6: Actual | F6: Forecast | G6: Forecast | H6: Forecast | I6: Forecast | J6: Forecast | K6: Forecast | L6: Forecast | M6: Forecast | N6: Forecast | O6: Forecast | P6: Forecast | Q6: Forecast
A7: Fiscal Year End Date | B7: ='Financial Statements'!C8 -> 37651 | C7: ='Financial Statements'!D8 -> 38016 | D7: ='Financial Statements'!E8 -> 38382 | E7: ='Financial Statements'!F8 -> 38747 | F7: ='Financial Statements'!G8 -> 39112 | G7: ='Financial Statements'!H8 -> 39477 | H7: ='Financial Statements'!I8 -> 39843 | I7: ='Financial Statements'!J8 -> 40208 | ... Q7: ='Financial Statements'!R8 -> 43130
A8: Pro Forma Statement of Cash Flows
A10: Operating:
A11: Net Income | B11: ='Financial Statements'!C29 -> 1108681 | C11: ='Financial Statements'!D29 -> 1083851 | D11: ='Financial Statements'!E29 -> 885000 | E11: ='Financial Statements'!F29 -> 991000 | F11: ='Financial Statements'!G29 -> 1046887 | G11: ='Financial Statements'!H29 -> 1093460 | H11: ='Financial Statements'!I29 -> 1140300.6 | I11: ='Financial Statements'!J29 -> 1187266.3 | ... Q11: ='Financial Statements'!R29 -> 1551457.1
A12: +Depreciation & Amortization | B12: =-'Financial Statements'!C18 -> 387674 | C12: =-'Financial Statements'!D18 -> 452145 | D12: =-'Financial Statements'!E18 -> 541000 | E12: =-'Financial Statements'!F18 -> 590000 | F12: =-'Financial Statements'!G18 -> 604887.96 | G12: =-'Financial Statements'!H18 -> 632500.73 | H12: =-'Financial Statements'!I18 -> 660331.24 | I12: =-'Financial Statements'!J18 -> 688297.69 | ... Q12: =-'Financial Statements'!R18 -> 906578.02
A13: +Increase in Deferred Taxes | B13: ='Financial Statements'!C51-'Financial Statements'!B51 -> 25729 | C13: ='Financial Statements'!D51-'Financial Statements'!C51 -> 18921 | D13: ='Financial Statements'!E51-'Financial Statements'!D51 -> 57549 | E13: ='Financial Statements'!F51-'Financial Statements'!E51 -> 57000 | F13: ='Financial Statements'!G51-'Financial Statements'!F51 -> 17527.774 | G13: ='Financial Statements'!H51-'Financial Statements'!G51 -> 17692.003 | H13: ='Financial Statements'!I51-'Financial Statements'!H51 -> 17805.51 | I13: ='Financial Statements'!J51-'Financial Statements'!I51 -> 17865.374 | ... Q13: ='Financial Statements'!R51-'Financial Statements'!Q51 -> 17088.622
A14: +Increase in Other Liabilities | B14: ='Financial Statements'!C50-'Financial Statements'!B50 -> 50197 | C14: ='Financial Statements'!D50-'Financial Statements'!C50 -> 137168 | D14: ='Financial Statements'!E50-'Financial Statements'!D50 -> 34295 | E14: ='Financial Statements'!F50-'Financial Statements'!E50 -> 81000 | F14: ='Financial Statements'!G50-'Financial Statements'!F50 -> 22688.472 | G14: ='Financial Statements'!H50-'Financial Statements'!G50 -> 22901.055 | H14: ='Financial Statements'!I50-'Financial Statements'!H50 -> 23047.981 | I14: ='Financial Statements'!J50-'Financial Statements'!I50 -> 23125.471 | ... Q14: ='Financial Statements'!R50-'Financial Statements'!Q50 -> 22120.019
A15: +Minority Interest in Earnings | B15: =-'Financial Statements'!C27 -> 0 | C15: =-'Financial Statements'!D27 -> 0 | D15: =-'Financial Statements'!E27 -> 0 | E15: =-'Financial Statements'!F27 -> 0 | F15: =-'Financial Statements'!G27 -> 0 | G15: =-'Financial Statements'!H27 -> 0 | H15: =-'Financial Statements'!I27 -> 0 | I15: =-'Financial Statements'!J27 -> 0 | ... Q15: =-'Financial Statements'!R27 -> 0
A16: +Preferred Dividends | B16: =-'Financial Statements'!C28 -> 0 | C16: =-'Financial Statements'!D28 -> 0 | D16: =-'Financial Statements'!E28 -> 0 | E16: =-'Financial Statements'!F28 -> 0 | F16: =-'Financial Statements'!G28 -> 0 | G16: =-'Financial Statements'!H28 -> 0 | H16: =-'Financial Statements'!I28 -> 0 | I16: =-'Financial Statements'!J28 -> 0 | ... Q16: =-'Financial Statements'!R28 -> 0
A17: =Funds From Operations | B17: =B11+B12+B13+B14+B15+B16 -> 1572281 | C17: =C11+C12+C13+C14+C15+C16 -> 1692085 | D17: =D11+D12+D13+D14+D15+D16 -> 1517844 | E17: =E11+E12+E13+E14+E15+E16 -> 1719000 | F17: =F11+F12+F13+F14+F15+F16 -> 1691991.2 | G17: =G11+G12+G13+G14+G15+G16 -> 1766553.7 | H17: =H11+H12+H13+H14+H15+H16 -> 1841485.3 | I17: =I11+I12+I13+I14+I15+I16 -> 1916554.9 | ... Q17: =Q11+Q12+Q13+Q14+Q15+Q16 -> 2497243.7
A18: -Increase in Receivables | B18: =-('Financial Statements'!C34-'Financial Statements'!B34) -> 1652065 | C18: =-('Financial Statements'!D34-'Financial Statements'!C34) -> 0 | D18: =-('Financial Statements'!E34-'Financial Statements'!D34) -> 0 | E18: =-('Financial Statements'!F34-'Financial Statements'!E34) -> 0 | F18: =-('Financial Statements'!G34-'Financial Statements'!F34) -> 0 | G18: =-('Financial Statements'!H34-'Financial Statements'!G34) -> 0 | H18: =-('Financial Statements'!I34-'Financial Statements'!H34) -> 0 | I18: =-('Financial Statements'!J34-'Financial Statements'!I34) -> 0 | ... Q18: =-('Financial Statements'!R34-'Financial Statements'!Q34) -> 0
A19: -Increase in Inventory | B19: =-('Financial Statements'!C35-'Financial Statements'!B35) -> -350531 | C19: =-('Financial Statements'!D35-'Financial Statements'!C35) -> -267634 | D19: =-('Financial Statements'!E35-'Financial Statements'!D35) -> 56733 | E19: =-('Financial Statements'!F35-'Financial Statements'!E35) -> -124000 | F19: =-('Financial Statements'!G35-'Financial Statements'!F35) -> -135898.37 | G19: =-('Financial Statements'!H35-'Financial Statements'!G35) -> -137171.69 | H19: =-('Financial Statements'!I35-'Financial Statements'!H35) -> -138051.74 | I19: =-('Financial Statements'!J35-'Financial Statements'!I35) -> -138515.89 | ... Q19: =-('Financial Statements'!R35-'Financial Statements'!Q35) -> -132493.48
A20: -Increase in Other Current Assets | B20: =-('Financial Statements'!C36-'Financial Statements'!B36) -> -103038 | C20: =-('Financial Statements'!D36-'Financial Statements'!C36) -> -11944 | D20: =-('Financial Statements'!E36-'Financial Statements'!D36) -> -20515 | E20: =-('Financial Statements'!F36-'Financial Statements'!E36) -> -70000 | F20: =-('Financial Statements'!G36-'Financial Statements'!F36) -> -13715.367 | G20: =-('Financial Statements'!H36-'Financial Statements'!G36) -> -13843.875 | H20: =-('Financial Statements'!I36-'Financial Statements'!H36) -> -13932.693 | I20: =-('Financial Statements'!J36-'Financial Statements'!I36) -> -13979.537 | ... Q20: =-('Financial Statements'!R36-'Financial Statements'!Q36) -> -13371.733
A21: +Increase in Accounts Payable | B21: =('Financial Statements'!C45-'Financial Statements'!B45) -> 104405 | C21: =('Financial Statements'!D45-'Financial Statements'!C45) -> -98391 | D21: =('Financial Statements'!E45-'Financial Statements'!D45) -> 45015 | E21: =('Financial Statements'!F45-'Financial Statements'!E45) -> 307000 | F21: =('Financial Statements'!G45-'Financial Statements'!F45) -> 55233.41 | G21: =('Financial Statements'!H45-'Financial Statements'!G45) -> 55750.928 | H21: =('Financial Statements'!I45-'Financial Statements'!H45) -> 56108.61 | I21: =('Financial Statements'!J45-'Financial Statements'!I45) -> 56297.253 | ... Q21: =('Financial Statements'!R45-'Financial Statements'!Q45) -> 53849.555
A22: +Increase in Taxes Payable | B22: =('Financial Statements'!C46-'Financial Statements'!B46) -> 66355 | C22: =('Financial Statements'!D46-'Financial Statements'!C46) -> -109009 | D22: =('Financial Statements'!E46-'Financial Statements'!D46) -> -19254 | E22: =('Financial Statements'!F46-'Financial Statements'!E46) -> 79000 | F22: =('Financial Statements'!G46-'Financial Statements'!F46) -> 8554.6696 | G22: =('Financial Statements'!H46-'Financial Statements'!G46) -> 8634.8239 | H22: =('Financial Statements'!I46-'Financial Statements'!H46) -> 8690.2224 | I22: =('Financial Statements'!J46-'Financial Statements'!I46) -> 8719.4399 | ... Q22: =('Financial Statements'!R46-'Financial Statements'!Q46) -> 8340.3352
A23: +Increase in Other Curr. Liabilities | B23: =('Financial Statements'!C47-'Financial Statements'!B47) -> 90543 | C23: =('Financial Statements'!D47-'Financial Statements'!C47) -> 66330 | D23: =('Financial Statements'!E47-'Financial Statements'!D47) -> 13492 | E23: =('Financial Statements'!F47-'Financial Statements'!E47) -> 190000 | F23: =('Financial Statements'!G47-'Financial Statements'!F47) -> 46585.755 | G23: =('Financial Statements'!H47-'Financial Statements'!G47) -> 47022.248 | H23: =('Financial Statements'!I47-'Financial Statements'!H47) -> 47323.928 | I23: =('Financial Statements'!J47-'Financial Statements'!I47) -> 47483.037 | ... Q23: =('Financial Statements'!R47-'Financial Statements'!Q47) -> 45418.564
A24: =Cash From Operations | B24: =B17+B18+B19+B20+B21+B22+B23 -> 3032080 | C24: =C17+C18+C19+C20+C21+C22+C23 -> 1271437 | D24: =D17+D18+D19+D20+D21+D22+D23 -> 1593315 | E24: =E17+E18+E19+E20+E21+E22+E23 -> 2101000 | F24: =F17+F18+F19+F20+F21+F22+F23 -> 1652751.3 | G24: =G17+G18+G19+G20+G21+G22+G23 -> 1726946.2 | H24: =H17+H18+H19+H20+H21+H22+H23 -> 1801623.7 | I24: =I17+I18+I19+I20+I21+I22+I23 -> 1876559.2 | ... Q24: =Q17+Q18+Q19+Q20+Q21+Q22+Q23 -> 2458987
A26: Investing:
A27: -Capital Expenditures | B27: =-('Financial Statements'!C38-'Financial Statements'!B38-'Financial Statements'!C18) -> -1196816 | C27: =-('Financial Statements'!D38-'Financial Statements'!C38-'Financial Statements'!D18) -> -1608990 | D27: =-('Financial Statements'!E38-'Financial Statements'!D38-'Financial Statements'!E18) -> -1015181 | E27: =-('Financial Statements'!F38-'Financial Statements'!E38-'Financial Statements'!F18) -> -624000 | F27: =-('Financial Statements'!G38-'Financial Statements'!F38-'Financial Statements'!G18) -> -931174.21 | G27: =-('Financial Statements'!H38-'Financial Statements'!G38-'Financial Statements'!H18) -> -961844.17 | H27: =-('Financial Statements'!I38-'Financial Statements'!H38-'Financial Statements'!I18) -> -991787.66 | I27: =-('Financial Statements'!J38-'Financial Statements'!I38-'Financial Statements'!J18) -> -1020868.5 | ... Q27: =-('Financial Statements'!R38-'Financial Statements'!Q38-'Financial Statements'!R18) -> -1224689.3
A28: -Increase in Investments | B28: =-('Financial Statements'!C39-'Financial Statements'!B39) -> 0 | C28: =-('Financial Statements'!D39-'Financial Statements'!C39) -> 0 | D28: =-('Financial Statements'!E39-'Financial Statements'!D39) -> -332000 | E28: =-('Financial Statements'!F39-'Financial Statements'!E39) -> 11000 | F28: =-('Financial Statements'!G39-'Financial Statements'!F39) -> -14924.179 | G28: =-('Financial Statements'!H39-'Financial Statements'!G39) -> -15064.013 | H28: =-('Financial Statements'!I39-'Financial Statements'!H39) -> -15160.66 | I28: =-('Financial Statements'!J39-'Financial Statements'!I39) -> -15211.632 | ... Q28: =-('Financial Statements'!R39-'Financial Statements'!Q39) -> -14550.259
A29: -Purchases of Intangibles | B29: =-('Financial Statements'!C40-'Financial Statements'!B40) -> -6906 | C29: =-('Financial Statements'!D40-'Financial Statements'!C40) -> 9328 | D29: =-('Financial Statements'!E40-'Financial Statements'!D40) -> 9296 | E29: =-('Financial Statements'!F40-'Financial Statements'!E40) -> 6000 | F29: =-('Financial Statements'!G40-'Financial Statements'!F40) -> -9484.525 | G29: =-('Financial Statements'!H40-'Financial Statements'!G40) -> -9573.3917 | H29: =-('Financial Statements'!I40-'Financial Statements'!H40) -> -9634.8118 | I29: =-('Financial Statements'!J40-'Financial Statements'!I40) -> -9667.2051 | ... Q29: =-('Financial Statements'!R40-'Financial Statements'!Q40) -> -9246.8934
A30: -Increase in Other Assets | B30: =-('Financial Statements'!C41-'Financial Statements'!B41) -> 62897 | C30: =-('Financial Statements'!D41-'Financial Statements'!C41) -> -48539 | D30: =-('Financial Statements'!E41-'Financial Statements'!D41) -> -922 | E30: =-('Financial Statements'!F41-'Financial Statements'!E41) -> -24000 | F30: =-('Financial Statements'!G41-'Financial Statements'!F41) -> -6137.0456 | G30: =-('Financial Statements'!H41-'Financial Statements'!G41) -> -6194.5476 | H30: =-('Financial Statements'!I41-'Financial Statements'!H41) -> -6234.29 | I30: =-('Financial Statements'!J41-'Financial Statements'!I41) -> -6255.2504 | ... Q30: =-('Financial Statements'!R41-'Financial Statements'!Q41) -> -5983.2839
A31: =Cash From Investing | B31: =B27+B28+B29+B30 -> -1140825 | C31: =C27+C28+C29+C30 -> -1648201 | D31: =D27+D28+D29+D30 -> -1338807 | E31: =E27+E28+E29+E30 -> -631000 | F31: =F27+F28+F29+F30 -> -961719.96 | G31: =G27+G28+G29+G30 -> -992676.12 | H31: =H27+H28+H29+H30 -> -1022817.4 | I31: =I27+I28+I29+I30 -> -1052002.6 | ... Q31: =Q27+Q28+Q29+Q30 -> -1254469.7
A33: Financing:
A34: +Increase in Debt | B34: =('Financial Statements'!C44+'Financial Statements'!C49-'Financial Statements'!B44-'Financial Statements'!B49) -> -95147 | C34: =('Financial Statements'!D44+'Financial Statements'!D49-'Financial Statements'!C44-'Financial Statements'!C49) -> 1005678 | D34: =('Financial Statements'!E44+'Financial Statements'!E49-'Financial Statements'!D44-'Financial Statements'!D49) -> 5424 | E34: =('Financial Statements'!F44+'Financial Statements'!F49-'Financial Statements'!E44-'Financial Statements'!E49) -> -2000 | F34: =('Financial Statements'!G44+'Financial Statements'!G49-'Financial Statements'!F44-'Financial Statements'!F49) -> 96147.047 | G34: =('Financial Statements'!H44+'Financial Statements'!H49-'Financial Statements'!G44-'Financial Statements'!G49) -> 97047.912 | H34: =('Financial Statements'!I44+'Financial Statements'!I49-'Financial Statements'!H44-'Financial Statements'!H49) -> 97670.543 | I34: =('Financial Statements'!J44+'Financial Statements'!J49-'Financial Statements'!I44-'Financial Statements'!I49) -> 97998.923 | ... Q34: =('Financial Statements'!R44+'Financial Statements'!R49-'Financial Statements'!Q44-'Financial Statements'!Q49) -> 93738.115
A35: -Dividends Paid to Minority Interest | B35: ='Financial Statements'!C27+'Financial Statements'!C53-'Financial Statements'!B53 -> 0 | C35: ='Financial Statements'!D27+'Financial Statements'!D53-'Financial Statements'!C53 -> 0 | D35: ='Financial Statements'!E27+'Financial Statements'!E53-'Financial Statements'!D53 -> 0 | E35: ='Financial Statements'!F27+'Financial Statements'!F53-'Financial Statements'!E53 -> 0 | F35: ='Financial Statements'!G27+'Financial Statements'!G53-'Financial Statements'!F53 -> 0 | G35: ='Financial Statements'!H27+'Financial Statements'!H53-'Financial Statements'!G53 -> 0 | H35: ='Financial Statements'!I27+'Financial Statements'!I53-'Financial Statements'!H53 -> 0 | I35: ='Financial Statements'!J27+'Financial Statements'!J53-'Financial Statements'!I53 -> 0 | ... Q35: ='Financial Statements'!R27+'Financial Statements'!R53-'Financial Statements'!Q53 -> 0
A36: -Dividends Paid on Preferred | B36: ='Financial Statements'!C28 -> 0 | C36: ='Financial Statements'!D28 -> 0 | D36: ='Financial Statements'!E28 -> 0 | E36: ='Financial Statements'!F28 -> 0 | F36: ='Financial Statements'!G28 -> 0 | G36: ='Financial Statements'!H28 -> 0 | H36: ='Financial Statements'!I28 -> 0 | I36: ='Financial Statements'!J28 -> 0 | ... Q36: ='Financial Statements'!R28 -> 0
A37: +Increase in Pref. Stock | B37: ='Financial Statements'!C54-'Financial Statements'!B54 -> 0 | C37: ='Financial Statements'!D54-'Financial Statements'!C54 -> 0 | D37: ='Financial Statements'!E54-'Financial Statements'!D54 -> 0 | E37: ='Financial Statements'!F54-'Financial Statements'!E54 -> 0 | F37: ='Financial Statements'!G54-'Financial Statements'!F54 -> 0 | G37: ='Financial Statements'!H54-'Financial Statements'!G54 -> 0 | H37: ='Financial Statements'!I54-'Financial Statements'!H54 -> 0 | I37: ='Financial Statements'!J54-'Financial Statements'!I54 -> 0 | ... Q37: ='Financial Statements'!R54-'Financial Statements'!Q54 -> 0
A38: -Dividends Paid on Common | B38: ='Financial Statements'!C64 -> 0 | C38: ='Financial Statements'!D64 -> 0 | D38: ='Financial Statements'!E64 -> 0 | E38: ='Financial Statements'!F64 -> 0 | F38: ='Financial Statements'!G64 -> 0 | G38: ='Financial Statements'!H64 -> 0 | H38: ='Financial Statements'!I64 -> 0 | I38: ='Financial Statements'!J64 -> 0 | ... Q38: ='Financial Statements'!R64 -> 0
A39: +/-Net Issuance of Common Stock | B39: ='Financial Statements'!C55-'Financial Statements'!B55 -> -1462624 | C39: ='Financial Statements'!D55-'Financial Statements'!C55 -> -585643 | D39: ='Financial Statements'!E55-'Financial Statements'!D55 -> -201218 | E39: ='Financial Statements'!F55-'Financial Statements'!E55 -> 113000 | F39: ='Financial Statements'!G55-'Financial Statements'!F55 -> -681779.3 | G39: ='Financial Statements'!H55-'Financial Statements'!G55 -> -724931.3 | H39: ='Financial Statements'!I55-'Financial Statements'!H55 -> -769407.58 | I39: ='Financial Statements'!J55-'Financial Statements'!I55 -> -815126.32 | ... Q39: ='Financial Statements'!R55-'Financial Statements'!Q55 -> -1195497
A40: +/-Clean Surplus Plug (Ignore) | B40: ='Financial Statements'!C65 -> 0 | C40: ='Financial Statements'!D65 -> 0 | D40: ='Financial Statements'!E65 -> -46385 | E40: ='Financial Statements'!F65 -> 10000 | F40: ='Financial Statements'!G65 -> 0 | G40: ='Financial Statements'!H65 -> 0 | H40: ='Financial Statements'!I65 -> 0 | I40: ='Financial Statements'!J65 -> 0 | ... Q40: ='Financial Statements'!R65 -> 0
A41: =Cash From Financing | B41: =SUM(B34:B40) -> -1557771 | C41: =SUM(C34:C40) -> 420035 | D41: =SUM(D34:D40) -> -242179 | E41: =SUM(E34:E40) -> 121000 | F41: =SUM(F34:F40) -> -585632.26 | G41: =SUM(G34:G40) -> -627883.39 | H41: =SUM(H34:H40) -> -671737.04 | I41: =SUM(I34:I40) -> -717127.39 | ... Q41: =SUM(Q34:Q40) -> -1101758.9
A43: Net Change in Cash | B43: =B24+B31+B41 -> 333484 | C43: =C24+C31+C41 -> 43271 | D43: =D24+D31+D41 -> 12329 | E43: =E24+E31+E41 -> 1591000 | F43: =F24+F31+F41 -> 105399.11 | G43: =G24+G31+G41 -> 106386.66 | H43: =H24+H31+H41 -> 107069.21 | I43: =I24+I31+I41 -> 107429.19 | ... Q43: =Q24+Q31+Q41 -> 102758.37
A44: + Beginning Cash Balance | B44: ='Financial Statements'!B33 -> 286916 | C44: ='Financial Statements'!C33 -> 620400 | D44: ='Financial Statements'!D33 -> 663671 | E44: ='Financial Statements'!E33 -> 676000 | F44: ='Financial Statements'!F33 -> 2267000 | G44: ='Financial Statements'!G33 -> 2372399.1 | H44: ='Financial Statements'!H33 -> 2478785.8 | I44: ='Financial Statements'!I33 -> 2585855 | ... Q44: ='Financial Statements'!Q33 -> 3425279
A45: = Ending Cash Balance | B45: =B43+B44 -> 620400 | C45: =C43+C44 -> 663671 | D45: =D43+D44 -> 676000 | E45: =E43+E44 -> 2267000 | F45: =F43+F44 -> 2372399.1 | G45: =G43+G44 -> 2478785.8 | H45: =H43+H44 -> 2585855 | I45: =I43+I44 -> 2693284.2 | ... Q45: =Q43+Q44 -> 3528037.3
A48: Free Cash Flow to Common Equity
A50: Net Income | B50: ='Financial Statements'!C29 -> 1108681 | C50: ='Financial Statements'!D29 -> 1083851 | D50: ='Financial Statements'!E29 -> 885000 | E50: ='Financial Statements'!F29 -> 991000 | F50: ='Financial Statements'!G29 -> 1046887 | G50: ='Financial Statements'!H29 -> 1093460 | H50: ='Financial Statements'!I29 -> 1140300.6 | I50: ='Financial Statements'!J29 -> 1187266.3 | ... Q50: ='Financial Statements'!R29 -> 1551457.1
A51: - Increase in Common Equity | B51: =-('Financial Statements'!C57-'Financial Statements'!B57) -> 353943 | C51: =-('Financial Statements'!D57-'Financial Statements'!C57) -> -498208 | D51: =-('Financial Statements'!E57-'Financial Statements'!D57) -> -637397 | E51: =-('Financial Statements'!F57-'Financial Statements'!E57) -> -1114000 | F51: =-('Financial Statements'!G57-'Financial Statements'!F57) -> -365107.72 | G51: =-('Financial Statements'!H57-'Financial Statements'!G57) -> -368528.65 | H51: =-('Financial Statements'!I57-'Financial Statements'!H57) -> -370893.02 | I51: =-('Financial Statements'!J57-'Financial Statements'!I57) -> -372140.01 | ... Q51: =-('Financial Statements'!R57-'Financial Statements'!Q57) -> -355960.07
A52: +/-Clean Surplus Plug (Ignore) | B52: ='Financial Statements'!C65 -> 0 | C52: ='Financial Statements'!D65 -> 0 | D52: ='Financial Statements'!E65 -> -46385 | E52: ='Financial Statements'!F65 -> 10000 | F52: ='Financial Statements'!G65 -> 0 | G52: ='Financial Statements'!H65 -> 0 | H52: ='Financial Statements'!I65 -> 0 | I52: ='Financial Statements'!J65 -> 0 | ... Q52: ='Financial Statements'!R65 -> 0
A53: =Free Cash Flow to Common Equity | B53: =SUM(B50:B52) -> 1462624 | C53: =SUM(C50:C52) -> 585643 | D53: =SUM(D50:D52) -> 201218 | E53: =SUM(E50:E52) -> -113000 | F53: =SUM(F50:F52) -> 681779.3 | G53: =SUM(G50:G52) -> 724931.3 | H53: =SUM(H50:H52) -> 769407.58 | I53: =SUM(I50:I52) -> 815126.32 | ... Q53: =SUM(Q50:Q52) -> 1195497
A55: Computation based on SCF:
A56: +Cash From Operations | B56: =B24 -> 3032080 | C56: =C24 -> 1271437 | D56: =D24 -> 1593315 | E56: =E24 -> 2101000 | F56: =F24 -> 1652751.3 | G56: =G24 -> 1726946.2 | H56: =H24 -> 1801623.7 | I56: =I24 -> 1876559.2 | ... Q56: =Q24 -> 2458987
A57: -Increase in Cash | B57: =-B43 -> -333484 | C57: =-C43 -> -43271 | D57: =-D43 -> -12329 | E57: =-E43 -> -1591000 | F57: =-F43 -> -105399.11 | G57: =-G43 -> -106386.66 | H57: =-H43 -> -107069.21 | I57: =-I43 -> -107429.19 | ... Q57: =-Q43 -> -102758.37
A58: +Cash From Investing | B58: =B31 -> -1140825 | C58: =C31 -> -1648201 | D58: =D31 -> -1338807 | E58: =E31 -> -631000 | F58: =F31 -> -961719.96 | G58: =G31 -> -992676.12 | H58: =H31 -> -1022817.4 | I58: =I31 -> -1052002.6 | ... Q58: =Q31 -> -1254469.7
A59: +Increase in Debt | B59: =B34 -> -95147 | C59: =C34 -> 1005678 | D59: =D34 -> 5424 | E59: =E34 -> -2000 | F59: =F34 -> 96147.047 | G59: =G34 -> 97047.912 | H59: =H34 -> 97670.543 | I59: =I34 -> 97998.923 | ... Q59: =Q34 -> 93738.115
A60: -Dividends Paid to Minority Interest | B60: =B35 -> 0 | C60: =C35 -> 0 | D60: =D35 -> 0 | E60: =E35 -> 0 | F60: =F35 -> 0 | G60: =G35 -> 0 | H60: =H35 -> 0 | I60: =I35 -> 0 | ... Q60: =Q35 -> 0
A61: -Dividends Paid on Preferred | B61: ='Financial Statements'!C28 -> 0 | C61: ='Financial Statements'!D28 -> 0 | D61: ='Financial Statements'!E28 -> 0 | E61: ='Financial Statements'!F28 -> 0 | F61: ='Financial Statements'!G28 -> 0 | G61: ='Financial Statements'!H28 -> 0 | H61: ='Financial Statements'!I28 -> 0 | I61: ='Financial Statements'!J28 -> 0 | ... Q61: ='Financial Statements'!R28 -> 0
A62: +Increase in Preferred Stock | B62: =B37 -> 0 | C62: =C37 -> 0 | D62: =D37 -> 0 | E62: =E37 -> 0 | F62: =F37 -> 0 | G62: =G37 -> 0 | H62: =H37 -> 0 | I62: =I37 -> 0 | ... Q62: =Q37 -> 0
A63: +/-Clean Surplus Plug (Ignore) | B63: ='Financial Statements'!C65 -> 0 | C63: ='Financial Statements'!D65 -> 0 | D63: ='Financial Statements'!E65 -> -46385 | E63: ='Financial Statements'!F65 -> 10000 | F63: ='Financial Statements'!G65 -> 0 | G63: ='Financial Statements'!H65 -> 0 | H63: ='Financial Statements'!I65 -> 0 | I63: ='Financial Statements'!J65 -> 0 | ... Q63: ='Financial Statements'!R65 -> 0
A64: =Free Cash Flow to Common Equity | B64: =SUM(B56:B63) -> 1462624 | C64: =SUM(C56:C63) -> 585643 | D64: =SUM(D56:D63) -> 201218 | E64: =SUM(E56:E63) -> -113000 | F64: =SUM(F56:F63) -> 681779.3 | G64: =SUM(G56:G63) -> 724931.3 | H64: =SUM(H56:H63) -> 769407.58 | I64: =SUM(I56:I63) -> 815126.32 | ... Q64: =SUM(Q56:Q63) -> 1195497
A66: Financing Flows:
A67: +Dividends Paid | B67: =-'Financial Statements'!C64 -> 0 | C67: =-'Financial Statements'!D64 -> 0 | D67: =-'Financial Statements'!E64 -> 0 | E67: =-'Financial Statements'!F64 -> 0 | F67: =-'Financial Statements'!G64 -> 0 | G67: =-'Financial Statements'!H64 -> 0 | H67: =-'Financial Statements'!I64 -> 0 | I67: =-'Financial Statements'!J64 -> 0 | ... Q67: =-'Financial Statements'!R64 -> 0
A68: -Net Issuance of Common Stock | B68: =-('Financial Statements'!C55-'Financial Statements'!B55) -> 1462624 | C68: =-('Financial Statements'!D55-'Financial Statements'!C55) -> 585643 | D68: =-('Financial Statements'!E55-'Financial Statements'!D55) -> 201218 | E68: =-('Financial Statements'!F55-'Financial Statements'!E55) -> -113000 | F68: =-('Financial Statements'!G55-'Financial Statements'!F55) -> 681779.3 | G68: =-('Financial Statements'!H55-'Financial Statements'!G55) -> 724931.3 | H68: =-('Financial Statements'!I55-'Financial Statements'!H55) -> 769407.58 | I68: =-('Financial Statements'!J55-'Financial Statements'!I55) -> 815126.32 | ... Q68: =-('Financial Statements'!R55-'Financial Statements'!Q55) -> 1195497
A69: = Free Cash Flow to Common Equity | B69: =B67+B68 -> 1462624 | C69: =C67+C68 -> 585643 | D69: =D67+D68 -> 201218 | E69: =E67+E68 -> -113000 | F69: =F67+F68 -> 681779.3 | G69: =G67+G68 -> 724931.3 | H69: =H67+H68 -> 769407.58 | I69: =I67+I68 -> 815126.32 | ... Q69: =Q67+Q68 -> 1195497
A72: Free Cash Flow to all Investors
A74: Net Operating Income | B74: ='Financial Statements'!C71 -> 1155183.3 | C74: ='Financial Statements'!D71 -> 1145266.2 | D74: ='Financial Statements'!E71 -> 971947.37 | E74: ='Financial Statements'!F71 -> 1074623.4 | F74: ='Financial Statements'!G71 -> 1132413 | G74: ='Financial Statements'!H71 -> 1182890.2 | H74: ='Financial Statements'!I71 -> 1233665.8 | I74: ='Financial Statements'!J71 -> 1284585.8 | ... Q74: ='Financial Statements'!R71 -> 1679639.5
A75: - Increase in Net Operating Assets | B75: =-('Financial Statements'!C75-'Financial Statements'!B75) -> 449090 | C75: =-('Financial Statements'!D75-'Financial Statements'!C75) -> -1503886 | D75: =-('Financial Statements'!E75-'Financial Statements'!D75) -> -642821 | E75: =-('Financial Statements'!F75-'Financial Statements'!E75) -> -1112000 | F75: =-('Financial Statements'!G75-'Financial Statements'!F75) -> -461254.77 | G75: =-('Financial Statements'!H75-'Financial Statements'!G75) -> -465576.56 | H75: =-('Financial Statements'!I75-'Financial Statements'!H75) -> -468563.57 | I75: =-('Financial Statements'!J75-'Financial Statements'!I75) -> -470138.93 | ... Q75: =-('Financial Statements'!R75-'Financial Statements'!Q75) -> -449698.18
A76: +/-Clean Surplus Plug (Ignore) | B76: ='Financial Statements'!C65 -> 0 | C76: ='Financial Statements'!D65 -> 0 | D76: ='Financial Statements'!E65 -> -46385 | E76: ='Financial Statements'!F65 -> 10000 | F76: ='Financial Statements'!G65 -> 0 | G76: ='Financial Statements'!H65 -> 0 | H76: ='Financial Statements'!I65 -> 0 | I76: ='Financial Statements'!J65 -> 0 | ... Q76: ='Financial Statements'!R65 -> 0
A77: =Free Cash Flow to Investors | B77: =SUM(B74:B76) -> 1604273.3 | C77: =SUM(C74:C76) -> -358619.76 | D77: =SUM(D74:D76) -> 282741.37 | E77: =SUM(E74:E76) -> -27376.574 | F77: =SUM(F74:F76) -> 671158.27 | G77: =SUM(G74:G76) -> 717313.61 | H77: =SUM(H74:H76) -> 765102.26 | I77: =SUM(I74:I76) -> 814446.83 | ... Q77: =SUM(Q74:Q76) -> 1229941.3
A79: Computation based on SCF:
A80: Cash From Operations | B80: =B24 -> 3032080 | C80: =C24 -> 1271437 | D80: =D24 -> 1593315 | E80: =E24 -> 2101000 | F80: =F24 -> 1652751.3 | G80: =G24 -> 1726946.2 | H80: =H24 -> 1801623.7 | I80: =I24 -> 1876559.2 | ... Q80: =Q24 -> 2458987
A81: -Increase in Operating Cash | B81: =-('Financial Statements'!C33-'Financial Statements'!B33) -> -333484 | C81: =-('Financial Statements'!D33-'Financial Statements'!C33) -> -43271 | D81: =-('Financial Statements'!E33-'Financial Statements'!D33) -> -12329 | E81: =-('Financial Statements'!F33-'Financial Statements'!E33) -> -1591000 | F81: =-('Financial Statements'!G33-'Financial Statements'!F33) -> -105399.11 | G81: =-('Financial Statements'!H33-'Financial Statements'!G33) -> -106386.66 | H81: =-('Financial Statements'!I33-'Financial Statements'!H33) -> -107069.21 | I81: =-('Financial Statements'!J33-'Financial Statements'!I33) -> -107429.19 | ... Q81: =-('Financial Statements'!R33-'Financial Statements'!Q33) -> -102758.37
A82: +Cash from Investing | B82: =B31 -> -1140825 | C82: =C31 -> -1648201 | D82: =D31 -> -1338807 | E82: =E31 -> -631000 | F82: =F31 -> -961719.96 | G82: =G31 -> -992676.12 | H82: =H31 -> -1022817.4 | I82: =I31 -> -1052002.6 | ... Q82: =Q31 -> -1254469.7
A83: +Interest Expense | B83: =-'Financial Statements'!C20 -> 74427 | C83: =-'Financial Statements'!D20 -> 98712 | D83: =-'Financial Statements'!E20 -> 140000 | E83: =-'Financial Statements'!F20 -> 134000 | F83: =-'Financial Statements'!G20 -> 137048.74 | G83: =-'Financial Statements'!H20 -> 143304.94 | H83: =-'Financial Statements'!I20 -> 149610.46 | I83: =-'Financial Statements'!J20 -> 155946.79 | ... Q83: =-'Financial Statements'!R20 -> 205402.3
A84: -Tax Shield on Interest | B84: =-(IF('Financial Statements'!C22=0,0,(-'Financial Statements'!C23)/'Financial Statements'!C22))*B83 -> -27924.685 | C84: =-(IF('Financial Statements'!D22=0,0,(-'Financial Statements'!D23)/'Financial Statements'!D22))*C83 -> -37296.757 | D84: =-(IF('Financial Statements'!E22=0,0,(-'Financial Statements'!E23)/'Financial Statements'!E22))*D83 -> -53052.632 | E84: =-(IF('Financial Statements'!F22=0,0,(-'Financial Statements'!F23)/'Financial Statements'!F22))*E83 -> -50376.574 | F84: =-(IF('Financial Statements'!G22=0,0,(-'Financial Statements'!G23)/'Financial Statements'!G22))*F83 -> -51522.733 | G84: =-(IF('Financial Statements'!H22=0,0,(-'Financial Statements'!H23)/'Financial Statements'!H22))*G83 -> -53874.715 | H84: =-(IF('Financial Statements'!I22=0,0,(-'Financial Statements'!I23)/'Financial Statements'!I22))*H83 -> -56245.244 | I84: =-(IF('Financial Statements'!J22=0,0,(-'Financial Statements'!J23)/'Financial Statements'!J22))*I83 -> -58627.351 | ... Q84: =-(IF('Financial Statements'!R22=0,0,(-'Financial Statements'!R23)/'Financial Statements'!R22))*Q83 -> -77219.884
A85: +/-Clean Surplus Plug (Ignore) | B85: ='Financial Statements'!C65 -> 0 | C85: ='Financial Statements'!D65 -> 0 | D85: ='Financial Statements'!E65 -> -46385 | E85: ='Financial Statements'!F65 -> 10000 | F85: ='Financial Statements'!G65 -> 0 | G85: ='Financial Statements'!H65 -> 0 | H85: ='Financial Statements'!I65 -> 0 | I85: ='Financial Statements'!J65 -> 0 | ... Q85: ='Financial Statements'!R65 -> 0
A86: =Free Cash Flow to Investors | B86: =SUM(B80:B85) -> 1604273.3 | C86: =SUM(C80:C85) -> -358619.76 | D86: =SUM(D80:D85) -> 282741.37 | E86: =SUM(E80:E85) -> -27376.574 | F86: =SUM(F80:F85) -> 671158.27 | G86: =SUM(G80:G85) -> 717313.61 | H86: =SUM(H80:H85) -> 765102.26 | I86: =SUM(I80:I85) -> 814446.83 | ... Q86: =SUM(Q80:Q85) -> 1229941.3
A88: Financing Flows:
A89: +Dividends on Common Stock | B89: =-'Financial Statements'!C64 -> 0 | C89: =-'Financial Statements'!D64 -> 0 | D89: =-'Financial Statements'!E64 -> 0 | E89: =-'Financial Statements'!F64 -> 0 | F89: =-'Financial Statements'!G64 -> 0 | G89: =-'Financial Statements'!H64 -> 0 | H89: =-'Financial Statements'!I64 -> 0 | I89: =-'Financial Statements'!J64 -> 0 | ... Q89: =-'Financial Statements'!R64 -> 0
A90: +Interest Expense | B90: =-'Financial Statements'!C20 -> 74427 | C90: =-'Financial Statements'!D20 -> 98712 | D90: =-'Financial Statements'!E20 -> 140000 | E90: =-'Financial Statements'!F20 -> 134000 | F90: =-'Financial Statements'!G20 -> 137048.74 | G90: =-'Financial Statements'!H20 -> 143304.94 | H90: =-'Financial Statements'!I20 -> 149610.46 | I90: =-'Financial Statements'!J20 -> 155946.79 | ... Q90: =-'Financial Statements'!R20 -> 205402.3
A91: -Tax Shield on Interest | B91: =-(IF('Financial Statements'!C22=0,0,(-'Financial Statements'!C23)/'Financial Statements'!C22))*B90 -> -27924.685 | C91: =-(IF('Financial Statements'!D22=0,0,(-'Financial Statements'!D23)/'Financial Statements'!D22))*C90 -> -37296.757 | D91: =-(IF('Financial Statements'!E22=0,0,(-'Financial Statements'!E23)/'Financial Statements'!E22))*D90 -> -53052.632 | E91: =-(IF('Financial Statements'!F22=0,0,(-'Financial Statements'!F23)/'Financial Statements'!F22))*E90 -> -50376.574 | F91: =-(IF('Financial Statements'!G22=0,0,(-'Financial Statements'!G23)/'Financial Statements'!G22))*F90 -> -51522.733 | G91: =-(IF('Financial Statements'!H22=0,0,(-'Financial Statements'!H23)/'Financial Statements'!H22))*G90 -> -53874.715 | H91: =-(IF('Financial Statements'!I22=0,0,(-'Financial Statements'!I23)/'Financial Statements'!I22))*H90 -> -56245.244 | I91: =-(IF('Financial Statements'!J22=0,0,(-'Financial Statements'!J23)/'Financial Statements'!J22))*I90 -> -58627.351 | ... Q91: =-(IF('Financial Statements'!R22=0,0,(-'Financial Statements'!R23)/'Financial Statements'!R22))*Q90 -> -77219.884
A92: +Dividends on Preferred Stock | B92: =-'Financial Statements'!C28 -> 0 | C92: =-'Financial Statements'!D28 -> 0 | D92: =-'Financial Statements'!E28 -> 0 | E92: =-'Financial Statements'!F28 -> 0 | F92: =-'Financial Statements'!G28 -> 0 | G92: =-'Financial Statements'!H28 -> 0 | H92: =-'Financial Statements'!I28 -> 0 | I92: =-'Financial Statements'!J28 -> 0 | ... Q92: =-'Financial Statements'!R28 -> 0
A93: +Dividends Paid to Minority Interest | B93: =-'Financial Statements'!C27-('Financial Statements'!C53-'Financial Statements'!B53) -> 0 | C93: =-'Financial Statements'!D27-('Financial Statements'!D53-'Financial Statements'!C53) -> 0 | D93: =-'Financial Statements'!E27-('Financial Statements'!E53-'Financial Statements'!D53) -> 0 | E93: =-'Financial Statements'!F27-('Financial Statements'!F53-'Financial Statements'!E53) -> 0 | F93: =-'Financial Statements'!G27-('Financial Statements'!G53-'Financial Statements'!F53) -> 0 | G93: =-'Financial Statements'!H27-('Financial Statements'!H53-'Financial Statements'!G53) -> 0 | H93: =-'Financial Statements'!I27-('Financial Statements'!I53-'Financial Statements'!H53) -> 0 | I93: =-'Financial Statements'!J27-('Financial Statements'!J53-'Financial Statements'!I53) -> 0 | ... Q93: =-'Financial Statements'!R27-('Financial Statements'!R53-'Financial Statements'!Q53) -> 0
A94: -Net Issuance of Common Stock | B94: =-('Financial Statements'!C55-'Financial Statements'!B55) -> 1462624 | C94: =-('Financial Statements'!D55-'Financial Statements'!C55) -> 585643 | D94: =-('Financial Statements'!E55-'Financial Statements'!D55) -> 201218 | E94: =-('Financial Statements'!F55-'Financial Statements'!E55) -> -113000 | F94: =-('Financial Statements'!G55-'Financial Statements'!F55) -> 681779.3 | G94: =-('Financial Statements'!H55-'Financial Statements'!G55) -> 724931.3 | H94: =-('Financial Statements'!I55-'Financial Statements'!H55) -> 769407.58 | I94: =-('Financial Statements'!J55-'Financial Statements'!I55) -> 815126.32 | ... Q94: =-('Financial Statements'!R55-'Financial Statements'!Q55) -> 1195497
A95: -Net Issuance of Debt | B95: =-('Financial Statements'!C44+'Financial Statements'!C49-'Financial Statements'!B49-'Financial Statements'!B44) -> 95147 | C95: =-('Financial Statements'!D44+'Financial Statements'!D49-'Financial Statements'!C49-'Financial Statements'!C44) -> -1005678 | D95: =-('Financial Statements'!E44+'Financial Statements'!E49-'Financial Statements'!D49-'Financial Statements'!D44) -> -5424 | E95: =-('Financial Statements'!F44+'Financial Statements'!F49-'Financial Statements'!E49-'Financial Statements'!E44) -> 2000 | F95: =-('Financial Statements'!G44+'Financial Statements'!G49-'Financial Statements'!F49-'Financial Statements'!F44) -> -96147.047 | G95: =-('Financial Statements'!H44+'Financial Statements'!H49-'Financial Statements'!G49-'Financial Statements'!G44) -> -97047.912 | H95: =-('Financial Statements'!I44+'Financial Statements'!I49-'Financial Statements'!H49-'Financial Statements'!H44) -> -97670.543 | I95: =-('Financial Statements'!J44+'Financial Statements'!J49-'Financial Statements'!I49-'Financial Statements'!I44) -> -97998.923 | ... Q95: =-('Financial Statements'!R44+'Financial Statements'!R49-'Financial Statements'!Q49-'Financial Statements'!Q44) -> -93738.115
A96: -Net Issuance of Preferred Stock | B96: =-('Financial Statements'!C54-'Financial Statements'!B54) -> 0 | C96: =-('Financial Statements'!D54-'Financial Statements'!C54) -> 0 | D96: =-('Financial Statements'!E54-'Financial Statements'!D54) -> 0 | E96: =-('Financial Statements'!F54-'Financial Statements'!E54) -> 0 | F96: =-('Financial Statements'!G54-'Financial Statements'!F54) -> 0 | G96: =-('Financial Statements'!H54-'Financial Statements'!G54) -> 0 | H96: =-('Financial Statements'!I54-'Financial Statements'!H54) -> 0 | I96: =-('Financial Statements'!J54-'Financial Statements'!I54) -> 0 | ... Q96: =-('Financial Statements'!R54-'Financial Statements'!Q54) -> 0
A97: =Free Cash Flow to Investors | B97: =SUM(B89:B96) -> 1604273.3 | C97: =SUM(C89:C96) -> -358619.76 | D97: =SUM(D89:D96) -> 282741.37 | E97: =SUM(E89:E96) -> -27376.574 | F97: =SUM(F89:F96) -> 671158.27 | G97: =SUM(G89:G96) -> 717313.61 | H97: =SUM(H89:H96) -> 765102.26 | I97: =SUM(I89:I96) -> 814446.83 | ... Q97: =SUM(Q89:Q96) -> 1229941.3
A99: Traditional Computation of FCF:
A100: EBIT | B100: ='Financial Statements'!C19 -> 1814801 | C100: ='Financial Statements'!D19 -> 1804477 | D100: ='Financial Statements'!E19 -> 1536000 | E100: ='Financial Statements'!F19 -> 1712000 | F100: ='Financial Statements'!G19 -> 1804138.4 | G100: ='Financial Statements'!H19 -> 1884554.8 | H100: ='Financial Statements'!I19 -> 1965446.5 | I100: ='Financial Statements'!J19 -> 2046567.8 | ... Q100: ='Financial Statements'!R19 -> 2675928.3
A101: -Taxes on EBIT | B101: ='Financial Statements'!C23+(IF('Financial Statements'!C22=0,0,(-'Financial Statements'!C23)/'Financial Statements'!C22))*'Financial Statements'!C20 -> -693688.68 | C101: ='Financial Statements'!D23+(IF('Financial Statements'!D22=0,0,(-'Financial Statements'!D23)/'Financial Statements'!D22))*'Financial Statements'!D20 -> -695506.76 | D101: ='Financial Statements'!E23+(IF('Financial Statements'!E22=0,0,(-'Financial Statements'!E23)/'Financial Statements'!E22))*'Financial Statements'!E20 -> -593052.63 | E101: ='Financial Statements'!F23+(IF('Financial Statements'!F22=0,0,(-'Financial Statements'!F23)/'Financial Statements'!F22))*'Financial Statements'!F20 -> -647376.57 | F101: ='Financial Statements'!G23+(IF('Financial Statements'!G22=0,0,(-'Financial Statements'!G23)/'Financial Statements'!G22))*'Financial Statements'!G20 -> -682190.29 | G101: ='Financial Statements'!H23+(IF('Financial Statements'!H22=0,0,(-'Financial Statements'!H23)/'Financial Statements'!H22))*'Financial Statements'!H20 -> -712598.82 | H101: ='Financial Statements'!I23+(IF('Financial Statements'!I22=0,0,(-'Financial Statements'!I23)/'Financial Statements'!I22))*'Financial Statements'!I20 -> -743187.18 | I101: ='Financial Statements'!J23+(IF('Financial Statements'!J22=0,0,(-'Financial Statements'!J23)/'Financial Statements'!J22))*'Financial Statements'!J20 -> -773862.46 | ... Q101: ='Financial Statements'!R23+(IF('Financial Statements'!R22=0,0,(-'Financial Statements'!R23)/'Financial Statements'!R22))*'Financial Statements'!R20 -> -1011851.4
A102: +Increase in Deferred Taxes | B102: ='Financial Statements'!C51-'Financial Statements'!B51 -> 25729 | C102: ='Financial Statements'!D51-'Financial Statements'!C51 -> 18921 | D102: ='Financial Statements'!E51-'Financial Statements'!D51 -> 57549 | E102: ='Financial Statements'!F51-'Financial Statements'!E51 -> 57000 | F102: ='Financial Statements'!G51-'Financial Statements'!F51 -> 17527.774 | G102: ='Financial Statements'!H51-'Financial Statements'!G51 -> 17692.003 | H102: ='Financial Statements'!I51-'Financial Statements'!H51 -> 17805.51 | I102: ='Financial Statements'!J51-'Financial Statements'!I51 -> 17865.374 | ... Q102: ='Financial Statements'!R51-'Financial Statements'!Q51 -> 17088.622
A103: = NOPLAT | B103: =SUM(B100:B102) -> 1146841.3 | C103: =SUM(C100:C102) -> 1127891.2 | D103: =SUM(D100:D102) -> 1000496.4 | E103: =SUM(E100:E102) -> 1121623.4 | F103: =SUM(F100:F102) -> 1139475.9 | G103: =SUM(G100:G102) -> 1189648 | H103: =SUM(H100:H102) -> 1240064.8 | I103: =SUM(I100:I102) -> 1290570.7 | ... Q103: =SUM(Q100:Q102) -> 1681165.5
A104: +Depreciation & Amortization | B104: =-'Financial Statements'!C18 -> 387674 | C104: =-'Financial Statements'!D18 -> 452145 | D104: =-'Financial Statements'!E18 -> 541000 | E104: =-'Financial Statements'!F18 -> 590000 | F104: =-'Financial Statements'!G18 -> 604887.96 | G104: =-'Financial Statements'!H18 -> 632500.73 | H104: =-'Financial Statements'!I18 -> 660331.24 | I104: =-'Financial Statements'!J18 -> 688297.69 | ... Q104: =-'Financial Statements'!R18 -> 906578.02
A105: +Non-Operating Income (Loss) | B105: ='Financial Statements'!C21 -> 34071 | C105: ='Financial Statements'!D21 -> 36296 | D105: ='Financial Statements'!E21 -> 29000 | E105: ='Financial Statements'!F21 -> 10000 | F105: ='Financial Statements'!G21 -> 10464.928 | G105: ='Financial Statements'!H21 -> 10934.212 | H105: ='Financial Statements'!I21 -> 11406.506 | I105: ='Financial Statements'!J21 -> 11880.389 | ... Q105: ='Financial Statements'!R21 -> 15562.582
A106: +Other Income (Loss) | B106: ='Financial Statements'!C24 -> 0 | C106: ='Financial Statements'!D24 -> 0 | D106: ='Financial Statements'!E24 -> 0 | E106: ='Financial Statements'!F24 -> 0 | F106: ='Financial Statements'!G24 -> 0 | G106: ='Financial Statements'!H24 -> 0 | H106: ='Financial Statements'!I24 -> 0 | I106: ='Financial Statements'!J24 -> 0 | ... Q106: ='Financial Statements'!R24 -> 0
A107: +Ext. Items & Disc. Ops. | B107: ='Financial Statements'!C26 -> 0 | C107: ='Financial Statements'!D26 -> 0 | D107: ='Financial Statements'!E26 -> 0 | E107: ='Financial Statements'!F26 -> 0 | F107: ='Financial Statements'!G26 -> 0 | G107: ='Financial Statements'!H26 -> 0 | H107: ='Financial Statements'!I26 -> 0 | I107: ='Financial Statements'!J26 -> 0 | ... Q107: ='Financial Statements'!R26 -> 0
A108: =Gross Cash Flow | B108: =SUM(B103:B107) -> 1568586.3 | C108: =SUM(C103:C107) -> 1616332.2 | D108: =SUM(D103:D107) -> 1570496.4 | E108: =SUM(E103:E107) -> 1721623.4 | F108: =SUM(F103:F107) -> 1754828.8 | G108: =SUM(G103:G107) -> 1833082.9 | H108: =SUM(H103:H107) -> 1911802.6 | I108: =SUM(I103:I107) -> 1990748.8 | ... Q108: =SUM(Q103:Q107) -> 2603306.1
A109: -Increase in Working Capital | B109: =-('Financial Statements'!C37-'Financial Statements'!B37)+('Financial Statements'!C48-'Financial Statements'!C44-'Financial Statements'!B48+'Financial Statements'!B44) -> 1126315 | C109: =-('Financial Statements'!D37-'Financial Statements'!C37)+('Financial Statements'!D48-'Financial Statements'!D44-'Financial Statements'!C48+'Financial Statements'!C44) -> -463919 | D109: =-('Financial Statements'!E37-'Financial Statements'!D37)+('Financial Statements'!E48-'Financial Statements'!E44-'Financial Statements'!D48+'Financial Statements'!D44) -> 63142 | E109: =-('Financial Statements'!F37-'Financial Statements'!E37)+('Financial Statements'!F48-'Financial Statements'!F44-'Financial Statements'!E48+'Financial Statements'!E44) -> -1209000 | F109: =-('Financial Statements'!G37-'Financial Statements'!F37)+('Financial Statements'!G48-'Financial Statements'!G44-'Financial Statements'!F48+'Financial Statements'!F44) -> -144639.01 | G109: =-('Financial Statements'!H37-'Financial Statements'!G37)+('Financial Statements'!H48-'Financial Statements'!H44-'Financial Statements'!G48+'Financial Statements'!G44) -> -145994.22 | H109: =-('Financial Statements'!I37-'Financial Statements'!H37)+('Financial Statements'!I48-'Financial Statements'!I44-'Financial Statements'!H48+'Financial Statements'!H44) -> -146930.88 | I109: =-('Financial Statements'!J37-'Financial Statements'!I37)+('Financial Statements'!J48-'Financial Statements'!J44-'Financial Statements'!I48+'Financial Statements'!I44) -> -147424.88 | ... Q109: =-('Financial Statements'!R37-'Financial Statements'!Q37)+('Financial Statements'!R48-'Financial Statements'!R44-'Financial Statements'!Q48+'Financial Statements'!Q44) -> -141015.12
A110: -Capital Expenditures | B110: =-('Financial Statements'!C38-'Financial Statements'!B38-'Financial Statements'!C18) -> -1196816 | C110: =-('Financial Statements'!D38-'Financial Statements'!C38-'Financial Statements'!D18) -> -1608990 | D110: =-('Financial Statements'!E38-'Financial Statements'!D38-'Financial Statements'!E18) -> -1015181 | E110: =-('Financial Statements'!F38-'Financial Statements'!E38-'Financial Statements'!F18) -> -624000 | F110: =-('Financial Statements'!G38-'Financial Statements'!F38-'Financial Statements'!G18) -> -931174.21 | G110: =-('Financial Statements'!H38-'Financial Statements'!G38-'Financial Statements'!H18) -> -961844.17 | H110: =-('Financial Statements'!I38-'Financial Statements'!H38-'Financial Statements'!I18) -> -991787.66 | I110: =-('Financial Statements'!J38-'Financial Statements'!I38-'Financial Statements'!J18) -> -1020868.5 | ... Q110: =-('Financial Statements'!R38-'Financial Statements'!Q38-'Financial Statements'!R18) -> -1224689.3
A111: -Increase in Investments | B111: =-('Financial Statements'!C39-'Financial Statements'!B39) -> 0 | C111: =-('Financial Statements'!D39-'Financial Statements'!C39) -> 0 | D111: =-('Financial Statements'!E39-'Financial Statements'!D39) -> -332000 | E111: =-('Financial Statements'!F39-'Financial Statements'!E39) -> 11000 | F111: =-('Financial Statements'!G39-'Financial Statements'!F39) -> -14924.179 | G111: =-('Financial Statements'!H39-'Financial Statements'!G39) -> -15064.013 | H111: =-('Financial Statements'!I39-'Financial Statements'!H39) -> -15160.66 | I111: =-('Financial Statements'!J39-'Financial Statements'!I39) -> -15211.632 | ... Q111: =-('Financial Statements'!R39-'Financial Statements'!Q39) -> -14550.259
A112: -Purchases of Intangibles | B112: =-('Financial Statements'!C40-'Financial Statements'!B40) -> -6906 | C112: =-('Financial Statements'!D40-'Financial Statements'!C40) -> 9328 | D112: =-('Financial Statements'!E40-'Financial Statements'!D40) -> 9296 | E112: =-('Financial Statements'!F40-'Financial Statements'!E40) -> 6000 | F112: =-('Financial Statements'!G40-'Financial Statements'!F40) -> -9484.525 | G112: =-('Financial Statements'!H40-'Financial Statements'!G40) -> -9573.3917 | H112: =-('Financial Statements'!I40-'Financial Statements'!H40) -> -9634.8118 | I112: =-('Financial Statements'!J40-'Financial Statements'!I40) -> -9667.2051 | ... Q112: =-('Financial Statements'!R40-'Financial Statements'!Q40) -> -9246.8934
A113: -Increase in Other Assets | B113: =-('Financial Statements'!C41-'Financial Statements'!B41) -> 62897 | C113: =-('Financial Statements'!D41-'Financial Statements'!C41) -> -48539 | D113: =-('Financial Statements'!E41-'Financial Statements'!D41) -> -922 | E113: =-('Financial Statements'!F41-'Financial Statements'!E41) -> -24000 | F113: =-('Financial Statements'!G41-'Financial Statements'!F41) -> -6137.0456 | G113: =-('Financial Statements'!H41-'Financial Statements'!G41) -> -6194.5476 | H113: =-('Financial Statements'!I41-'Financial Statements'!H41) -> -6234.29 | I113: =-('Financial Statements'!J41-'Financial Statements'!I41) -> -6255.2504 | ... Q113: =-('Financial Statements'!R41-'Financial Statements'!Q41) -> -5983.2839
A114: +Increase in Other Liabilities | B114: =('Financial Statements'!C50-'Financial Statements'!B50) -> 50197 | C114: =('Financial Statements'!D50-'Financial Statements'!C50) -> 137168 | D114: =('Financial Statements'!E50-'Financial Statements'!D50) -> 34295 | E114: =('Financial Statements'!F50-'Financial Statements'!E50) -> 81000 | F114: =('Financial Statements'!G50-'Financial Statements'!F50) -> 22688.472 | G114: =('Financial Statements'!H50-'Financial Statements'!G50) -> 22901.055 | H114: =('Financial Statements'!I50-'Financial Statements'!H50) -> 23047.981 | I114: =('Financial Statements'!J50-'Financial Statements'!I50) -> 23125.471 | ... Q114: =('Financial Statements'!R50-'Financial Statements'!Q50) -> 22120.019
A115: +/-Clean Surplus Plug (Ignore) | B115: ='Financial Statements'!C65 -> 0 | C115: ='Financial Statements'!D65 -> 0 | D115: ='Financial Statements'!E65 -> -46385 | E115: ='Financial Statements'!F65 -> 10000 | F115: ='Financial Statements'!G65 -> 0 | G115: ='Financial Statements'!H65 -> 0 | H115: ='Financial Statements'!I65 -> 0 | I115: ='Financial Statements'!J65 -> 0 | ... Q115: ='Financial Statements'!R65 -> 0
A116: =Free Cash Flow to Investors | B116: =SUM(B108:B115) -> 1604273.3 | C116: =SUM(C108:C115) -> -358619.76 | D116: =SUM(D108:D115) -> 282741.37 | E116: =SUM(E108:E115) -> -27376.574 | F116: =SUM(F108:F115) -> 671158.27 | G116: =SUM(G108:G115) -> 717313.61 | H116: =SUM(H108:H115) -> 765102.26 | I116: =SUM(I108:I115) -> 814446.83 | ... Q116: =SUM(Q108:Q115) -> 1229941.3
A118: Analysis of Earnings Quality
A119: (Red Shading = Quality Flag)
...

Sheet Credit Analysis
A1: Credit Analysis
A4: Company Name | B4: ='Financial Statements'!B4 -> KOHL'S CORP
B6: Actual | C6: Actual | D6: Actual | E6: Actual | F6: Actual | G6: Forecast | H6: Forecast | I6: Forecast | J6: Forecast | K6: Forecast | L6: Forecast | M6: Forecast | N6: Forecast | O6: Forecast | P6: Forecast | Q6: Forecast | R6: Forecast
A7: Fiscal Year End Date | B7: ='Financial Statements'!B8 -> 37286 | C7: ='Financial Statements'!C8 -> 37651 | D7: ='Financial Statements'!D8 -> 38016 | E7: ='Financial Statements'!E8 -> 38382 | F7: ='Financial Statements'!F8 -> 38747 | G7: ='Financial Statements'!G8 -> 39112 | H7: ='Financial Statements'!H8 -> 39477 | I7: ='Financial Statements'!I8 -> 39843 | ... R7: ='Financial Statements'!R8 -> 43130
A9: Analysis of Leverage
A10: - Long-Term Capital Structure
A11: Debt to Equity Ratio | B11: =('Financial Statements'!B44+'Financial Statements'!B49)/('Financial Statements'!B57) -> 0.19371823 | C11: =('Financial Statements'!C44+'Financial Statements'!C49)/('Financial Statements'!C57) -> 0.18897436 | D11: =('Financial Statements'!D44+'Financial Statements'!D49)/('Financial Statements'!D57) -> 0.33836616 | E11: =('Financial Statements'!E44+'Financial Statements'!E49)/('Financial Statements'!E57) -> 0.30716724 | F11: =('Financial Statements'!F44+'Financial Statements'!F49)/('Financial Statements'!F57) -> 0.26333885 | G11: =('Financial Statements'!G44+'Financial Statements'!G49)/('Financial Statements'!G57) -> 0.26333885 | H11: =('Financial Statements'!H44+'Financial Statements'!H49)/('Financial Statements'!H57) -> 0.26333885 | I11: =('Financial Statements'!I44+'Financial Statements'!I49)/('Financial Statements'!I57) -> 0.26333885 | ... R11: =('Financial Statements'!R44+'Financial Statements'!R49)/('Financial Statements'!R57) -> 0.26333885
A12: FFO to Total Debt | C12: ='Cash Flow Analysis'!B17/(('Financial Statements'!C44+'Financial Statements'!C49+'Financial Statements'!B44+'Financial Statements'!B49)/2) -> 1.4209864 | D12: ='Cash Flow Analysis'!C17/(('Financial Statements'!D44+'Financial Statements'!D49+'Financial Statements'!C44+'Financial Statements'!C49)/2) -> 1.0834635 | E12: ='Cash Flow Analysis'!D17/(('Financial Statements'!E44+'Financial Statements'!E49+'Financial Statements'!D44+'Financial Statements'!D49)/2) -> 0.73421991 | F12: ='Cash Flow Analysis'!E17/(('Financial Statements'!F44+'Financial Statements'!F49+'Financial Statements'!E44+'Financial Statements'!E49)/2) -> 0.83083615 | G12: ='Cash Flow Analysis'!F17/(('Financial Statements'!G44+'Financial Statements'!G49+'Financial Statements'!F44+'Financial Statements'!F49)/2) -> 0.79959 | H12: ='Cash Flow Analysis'!G17/(('Financial Statements'!H44+'Financial Statements'!H49+'Financial Statements'!G44+'Financial Statements'!G49)/2) -> 0.79838066 | I12: ='Cash Flow Analysis'!H17/(('Financial Statements'!I44+'Financial Statements'!I49+'Financial Statements'!H44+'Financial Statements'!H49)/2) -> 0.79716937 | J12: ='Cash Flow Analysis'!I17/(('Financial Statements'!J44+'Financial Statements'!J49+'Financial Statements'!I44+'Financial Statements'!I49)/2) -> 0.79595612 | ... R12: ='Cash Flow Analysis'!Q17/(('Financial Statements'!R44+'Financial Statements'!R49+'Financial Statements'!Q44+'Financial Statements'!Q49)/2) -> 0.78740819
A13: CFO to Total Debt | C13: ='Cash Flow Analysis'!B24/(('Financial Statements'!C44+'Financial Statements'!C49+'Financial Statements'!B44+'Financial Statements'!B49)/2) -> 2.7403146 | D13: ='Cash Flow Analysis'!C24/(('Financial Statements'!D44+'Financial Statements'!D49+'Financial Statements'!C44+'Financial Statements'!C49)/2) -> 0.81411723 | E13: ='Cash Flow Analysis'!D24/(('Financial Statements'!E44+'Financial Statements'!E49+'Financial Statements'!D44+'Financial Statements'!D49)/2) -> 0.77072716 | F13: ='Cash Flow Analysis'!E24/(('Financial Statements'!F44+'Financial Statements'!F49+'Financial Statements'!E44+'Financial Statements'!E49)/2) -> 1.0154664 | G13: ='Cash Flow Analysis'!F24/(('Financial Statements'!G44+'Financial Statements'!G49+'Financial Statements'!F44+'Financial Statements'!F49)/2) -> 0.78104627 | H13: ='Cash Flow Analysis'!G24/(('Financial Statements'!H44+'Financial Statements'!H49+'Financial Statements'!G44+'Financial Statements'!G49)/2) -> 0.78048032 | I13: ='Cash Flow Analysis'!H24/(('Financial Statements'!I44+'Financial Statements'!I49+'Financial Statements'!H44+'Financial Statements'!H49)/2) -> 0.77991346 | J13: ='Cash Flow Analysis'!I24/(('Financial Statements'!J44+'Financial Statements'!J49+'Financial Statements'!I44+'Financial Statements'!I49)/2) -> 0.77934568 | ... R13: ='Cash Flow Analysis'!Q24/(('Financial Statements'!R44+'Financial Statements'!R49+'Financial Statements'!Q44+'Financial Statements'!Q49)/2) -> 0.77534542
A15: Analysis of Leverage
A16: - Short-Term Liquidity
A17: Current Ratio | B17: ='Financial Statements'!B37/'Financial Statements'!B48 -> 2.4426922 | C17: ='Financial Statements'!C37/'Financial Statements'!C48 -> 1.772614 | D17: ='Financial Statements'!D37/'Financial Statements'!D48 -> 2.1021723 | E17: ='Financial Statements'!E37/'Financial Statements'!E48 -> 2.0385675 | F17: ='Financial Statements'!F37/'Financial Statements'!F48 -> 2.2949791 | G17: ='Financial Statements'!G37/'Financial Statements'!G48 -> 2.2949791 | H17: ='Financial Statements'!H37/'Financial Statements'!H48 -> 2.2949791 | I17: ='Financial Statements'!I37/'Financial Statements'!I48 -> 2.2949791 | ... R17: ='Financial Statements'!R37/'Financial Statements'!R48 -> 2.2949791
A18: Quick Ratio | B18: =('Financial Statements'!B33+'Financial Statements'!B34)/'Financial Statements'!B48 -> 1.1102382 | C18: =('Financial Statements'!C33+'Financial Statements'!C34)/'Financial Statements'!C48 -> 0.32335101 | D18: =('Financial Statements'!D33+'Financial Statements'!D34)/'Financial Statements'!D48 -> 0.37464887 | E18: =('Financial Statements'!E33+'Financial Statements'!E34)/'Financial Statements'!E48 -> 0.37245179 | F18: =('Financial Statements'!F33+'Financial Statements'!F34)/'Financial Statements'!F48 -> 0.94853556 | G18: =('Financial Statements'!G33+'Financial Statements'!G34)/'Financial Statements'!G48 -> 0.94853556 | H18: =('Financial Statements'!H33+'Financial Statements'!H34)/'Financial Statements'!H48 -> 0.94853556 | I18: =('Financial Statements'!I33+'Financial Statements'!I34)/'Financial Statements'!I48 -> 0.94853556 | ... R18: =('Financial Statements'!R33+'Financial Statements'!R34)/'Financial Statements'!R48 -> 0.94853556
A19: EBIT Interest Coverage | B19: =-'Financial Statements'!B19/'Financial Statements'!B20 -> 17.839852 | C19: =-'Financial Statements'!C19/'Financial Statements'!C20 -> 24.383638 | D19: =-'Financial Statements'!D19/'Financial Statements'!D20 -> 18.280219 | E19: =-'Financial Statements'!E19/'Financial Statements'!E20 -> 10.971429 | F19: =-'Financial Statements'!F19/'Financial Statements'!F20 -> 12.776119 | G19: =-'Financial Statements'!G19/'Financial Statements'!G20 -> 13.16421 | H19: =-'Financial Statements'!H19/'Financial Statements'!H20 -> 13.150662 | I19: =-'Financial Statements'!I19/'Financial Statements'!I20 -> 13.137092 | ... R19: =-'Financial Statements'!R19/'Financial Statements'!R20 -> 13.027743
A20: EBITDA Interest Coverage | B20: =-'Financial Statements'!B17/'Financial Statements'!B20 -> 21.716123 | C20: =-'Financial Statements'!C17/'Financial Statements'!C20 -> 29.592419 | D20: =-'Financial Statements'!D17/'Financial Statements'!D20 -> 22.860665 | E20: =-'Financial Statements'!E17/'Financial Statements'!E20 -> 14.835714 | F20: =-'Financial Statements'!F17/'Financial Statements'!F20 -> 17.179104 | G20: =-'Financial Statements'!G17/'Financial Statements'!G20 -> 17.57788 | H20: =-'Financial Statements'!H17/'Financial Statements'!H20 -> 17.564332 | I20: =-'Financial Statements'!I17/'Financial Statements'!I20 -> 17.550763 | ... R20: =-'Financial Statements'!R17/'Financial Statements'!R20 -> 17.441413
A22: Analysis of Credit Risk
A23: Net Income to Total Assets | B23: ='Financial Statements'!B25/'Financial Statements'!B42 -> 0.091986945 | C23: ='Financial Statements'!C25/'Financial Statements'!C42 -> 0.12262574 | D23: ='Financial Statements'!D25/'Financial Statements'!D42 -> 0.10263661 | E23: ='Financial Statements'!E25/'Financial Statements'!E42 -> 0.078083642 | F23: ='Financial Statements'!F25/'Financial Statements'!F42 -> 0.075303951 | G23: ='Financial Statements'!G25/'Financial Statements'!G42 -> 0.076016469 | H23: ='Financial Statements'!H25/'Financial Statements'!H42 -> 0.075990538 | I23: ='Financial Statements'!I25/'Financial Statements'!I42 -> 0.075964524 | ... R23: ='Financial Statements'!R25/'Financial Statements'!R42 -> 0.075753416
A24: implied default probability | B24: =IF(B23<$C40,$B41,HLOOKUP(B23,$C40:$K41,2,TRUE)) -> 0.02 | C24: =IF(C23<$C40,$B41,HLOOKUP(C23,$C40:$K41,2,TRUE)) -> 0.02 | D24: =IF(D23<$C40,$B41,HLOOKUP(D23,$C40:$K41,2,TRUE)) -> 0.02 | E24: =IF(E23<$C40,$B41,HLOOKUP(E23,$C40:$K41,2,TRUE)) -> 0.02 | F24: =IF(F23<$C40,$B41,HLOOKUP(F23,$C40:$K41,2,TRUE)) -> 0.02 | G24: =IF(G23<$C40,$B41,HLOOKUP(G23,$C40:$K41,2,TRUE)) -> 0.02 | H24: =IF(H23<$C40,$B41,HLOOKUP(H23,$C40:$K41,2,TRUE)) -> 0.02 | I24: =IF(I23<$C40,$B41,HLOOKUP(I23,$C40:$K41,2,TRUE)) -> 0.02 | ... R24: =IF(R23<$C40,$B41,HLOOKUP(R23,$C40:$K41,2,TRUE)) -> 0.02
A25: Total Liabilities to Total Assets | B25: ='Financial Statements'!B52/'Financial Statements'!B42 -> 0.34914091 | C25: ='Financial Statements'!C52/'Financial Statements'!C42 -> 0.38023611 | D25: ='Financial Statements'!D52/'Financial Statements'!D42 -> 0.42220117 | E25: ='Financial Statements'!E52/'Financial Statements'!E42 -> 0.40541733 | F25: ='Financial Statements'!F52/'Financial Statements'!F42 -> 0.40326748 | G25: ='Financial Statements'!G52/'Financial Statements'!G42 -> 0.40326748 | H25: ='Financial Statements'!H52/'Financial Statements'!H42 -> 0.40326748 | I25: ='Financial Statements'!I52/'Financial Statements'!I42 -> 0.40326748 | ... R25: ='Financial Statements'!R52/'Financial Statements'!R42 -> 0.40326748
A26: implied default probability | B26: =IF(B25<$C42,$B43,HLOOKUP(B25,$C42:$K43,2,TRUE)) -> 0.025 | C26: =IF(C25<$C42,$B43,HLOOKUP(C25,$C42:$K43,2,TRUE)) -> 0.025 | D26: =IF(D25<$C42,$B43,HLOOKUP(D25,$C42:$K43,2,TRUE)) -> 0.03 | E26: =IF(E25<$C42,$B43,HLOOKUP(E25,$C42:$K43,2,TRUE)) -> 0.03 | F26: =IF(F25<$C42,$B43,HLOOKUP(F25,$C42:$K43,2,TRUE)) -> 0.03 | G26: =IF(G25<$C42,$B43,HLOOKUP(G25,$C42:$K43,2,TRUE)) -> 0.03 | H26: =IF(H25<$C42,$B43,HLOOKUP(H25,$C42:$K43,2,TRUE)) -> 0.03 | I26: =IF(I25<$C42,$B43,HLOOKUP(I25,$C42:$K43,2,TRUE)) -> 0.03 | ... R26: =IF(R25<$C42,$B43,HLOOKUP(R25,$C42:$K43,2,TRUE)) -> 0.03
A27: Quick Ratio | B27: =B18 -> 1.1102382 | C27: =C18 -> 0.32335101 | D27: =D18 -> 0.37464887 | E27: =E18 -> 0.37245179 | F27: =F18 -> 0.94853556 | G27: =G18 -> 0.94853556 | H27: =H18 -> 0.94853556 | I27: =I18 -> 0.94853556 | ... R27: =R18 -> 0.94853556
A28: implied default probability | B28: =IF(B27<$C44,$B45,HLOOKUP(B27,$C44:$K45,2,TRUE)) -> 0.04 | C28: =IF(C27<$C44,$B45,HLOOKUP(C27,$C44:$K45,2,TRUE)) -> 0.09 | D28: =IF(D27<$C44,$B45,HLOOKUP(D27,$C44:$K45,2,TRUE)) -> 0.09 | E28: =IF(E27<$C44,$B45,HLOOKUP(E27,$C44:$K45,2,TRUE)) -> 0.09 | F28: =IF(F27<$C44,$B45,HLOOKUP(F27,$C44:$K45,2,TRUE)) -> 0.042 | G28: =IF(G27<$C44,$B45,HLOOKUP(G27,$C44:$K45,2,TRUE)) -> 0.042 | H28: =IF(H27<$C44,$B45,HLOOKUP(H27,$C44:$K45,2,TRUE)) -> 0.042 | I28: =IF(I27<$C44,$B45,HLOOKUP(I27,$C44:$K45,2,TRUE)) -> 0.042 | ... R28: =IF(R27<$C44,$B45,HLOOKUP(R27,$C44:$K45,2,TRUE)) -> 0.042
A29: EBIT to Interest Expense | B29: =B19 -> 17.839852 | C29: =C19 -> 24.383638 | D29: =D19 -> 18.280219 | E29: =E19 -> 10.971429 | F29: =F19 -> 12.776119 | G29: =G19 -> 13.16421 | H29: =H19 -> 13.150662 | I29: =I19 -> 13.137092 | ... R29: =R19 -> 13.027743
A30: implied default probability | B30: =IF(B29<$C46,$B47,HLOOKUP(B29,$C46:$K47,2,TRUE)) -> 0.015 | C30: =IF(C29<$C46,$B47,HLOOKUP(C29,$C46:$K47,2,TRUE)) -> 0.01 | D30: =IF(D29<$C46,$B47,HLOOKUP(D29,$C46:$K47,2,TRUE)) -> 0.015 | E30: =IF(E29<$C46,$B47,HLOOKUP(E29,$C46:$K47,2,TRUE)) -> 0.015 | F30: =IF(F29<$C46,$B47,HLOOKUP(F29,$C46:$K47,2,TRUE)) -> 0.015 | G30: =IF(G29<$C46,$B47,HLOOKUP(G29,$C46:$K47,2,TRUE)) -> 0.015 | H30: =IF(H29<$C46,$B47,HLOOKUP(H29,$C46:$K47,2,TRUE)) -> 0.015 | I30: =IF(I29<$C46,$B47,HLOOKUP(I29,$C46:$K47,2,TRUE)) -> 0.015 | ... R30: =IF(R29<$C46,$B47,HLOOKUP(R29,$C46:$K47,2,TRUE)) -> 0.015
A31: Inventory Holding Period | B31: =-365*'Financial Statements'!B35/'Financial Statements'!B13 -> 94.194548 | C31: =-365*'Financial Statements'!C35/'Financial Statements'!C13 -> 95.511338 | D31: =-365*'Financial Statements'!D35/'Financial Statements'!D13 -> 99.654636 | E31: =-365*'Financial Statements'!E35/'Financial Statements'!E13 -> 98.861525 | F31: =-365*'Financial Statements'!F35/'Financial Statements'!F13 -> 99.896536 | G31: =-365*'Financial Statements'!G35/'Financial Statements'!G13 -> 99.896536 | H31: =-365*'Financial Statements'!H35/'Financial Statements'!H13 -> 99.896536 | I31: =-365*'Financial Statements'!I35/'Financial Statements'!I13 -> 99.896536 | ... R31: =-365*'Financial Statements'!R35/'Financial Statements'!R13 -> 99.896536
A32: implied default probability | B32: =IF(B31<$C48,$B49,HLOOKUP(B31,$C48:$K49,2,TRUE)) -> 0.055 | C32: =IF(C31<$C48,$B49,HLOOKUP(C31,$C48:$K49,2,TRUE)) -> 0.055 | D32: =IF(D31<$C48,$B49,HLOOKUP(D31,$C48:$K49,2,TRUE)) -> 0.055 | E32: =IF(E31<$C48,$B49,HLOOKUP(E31,$C48:$K49,2,TRUE)) -> 0.055 | F32: =IF(F31<$C48,$B49,HLOOKUP(F31,$C48:$K49,2,TRUE)) -> 0.055 | G32: =IF(G31<$C48,$B49,HLOOKUP(G31,$C48:$K49,2,TRUE)) -> 0.055 | H32: =IF(H31<$C48,$B49,HLOOKUP(H31,$C48:$K49,2,TRUE)) -> 0.055 | I32: =IF(I31<$C48,$B49,HLOOKUP(I31,$C48:$K49,2,TRUE)) -> 0.055 | ... R32: =IF(R31<$C48,$B49,HLOOKUP(R31,$C48:$K49,2,TRUE)) -> 0.055
A33: Annual Sales Growth | B33: ='Ratio Analysis'!B10 -> 0 | C33: ='Ratio Analysis'!C10 -> 0.15982184 | D33: ='Ratio Analysis'!D10 -> 0.059800502 | E33: ='Ratio Analysis'!E10 -> -0.0051435819 | F33: ='Ratio Analysis'!F10 -> 0.048142046 | G33: ='Ratio Analysis'!G10 -> 0.04649277 | H33: ='Ratio Analysis'!H10 -> 0.044843493 | I33: ='Ratio Analysis'!I10 -> 0.043194216 | ... R33: ='Ratio Analysis'!R10 -> 0.03
A34: implied default probability | B34: =IF(B33<$C50,$B51,HLOOKUP(B33,$C50:$K51,2,TRUE)) -> 0.042 | C34: =IF(C33<$C50,$B51,HLOOKUP(C33,$C50:$K51,2,TRUE)) -> 0.032 | D34: =IF(D33<$C50,$B51,HLOOKUP(D33,$C50:$K51,2,TRUE)) -> 0.03 | E34: =IF(E33<$C50,$B51,HLOOKUP(E33,$C50:$K51,2,TRUE)) -> 0.042 | F34: =IF(F33<$C50,$B51,HLOOKUP(F33,$C50:$K51,2,TRUE)) -> 0.032 | G34: =IF(G33<$C50,$B51,HLOOKUP(G33,$C50:$K51,2,TRUE)) -> 0.032 | H34: =IF(H33<$C50,$B51,HLOOKUP(H33,$C50:$K51,2,TRUE)) -> 0.032 | I34: =IF(I33<$C50,$B51,HLOOKUP(I33,$C50:$K51,2,TRUE)) -> 0.032 | ... R34: =IF(R33<$C50,$B51,HLOOKUP(R33,$C50:$K51,2,TRUE)) -> 0.032
A35: Average Implied Default Probability | B35: =AVERAGE(B24,B26,B28,B30,B32,B34) -> 0.032833333 | C35: =AVERAGE(C24,C26,C28,C30,C32,C34) -> 0.038666667 | D35: =AVERAGE(D24,D26,D28,D30,D32,D34) -> 0.04 | E35: =AVERAGE(E24,E26,E28,E30,E32,E34) -> 0.042 | F35: =AVERAGE(F24,F26,F28,F30,F32,F34) -> 0.032333333 | G35: =AVERAGE(G24,G26,G28,G30,G32,G34) -> 0.032333333 | H35: =AVERAGE(H24,H26,H28,H30,H32,H34) -> 0.032333333 | I35: =AVERAGE(I24,I26,I28,I30,I32,I34) -> 0.032333333 | ... R35: =AVERAGE(R24,R26,R28,R30,R32,R34) -> 0.032333333
A37: Fiscal Year | B37: =IF(MONTH(B7)>6,YEAR(B7),YEAR(B7)-1) -> 2005 | C37: =IF(MONTH(C7)>6,YEAR(C7),YEAR(C7)-1) -> 2006 | D37: =IF(MONTH(D7)>6,YEAR(D7),YEAR(D7)-1) -> 2007 | E37: =IF(MONTH(E7)>6,YEAR(E7),YEAR(E7)-1) -> 2008 | F37: =IF(MONTH(F7)>6,YEAR(F7),YEAR(F7)-1) -> 2009 | G37: =IF(MONTH(G7)>6,YEAR(G7),YEAR(G7)-1) -> 2010 | H37: =IF(MONTH(H7)>6,YEAR(H7),YEAR(H7)-1) -> 2011 | I37: =IF(MONTH(I7)>6,YEAR(I7),YEAR(I7)-1) -> 2012 | ... R37: =IF(MONTH(R7)>6,YEAR(R7),YEAR(R7)-1) -> 2021
A39: Lookup Table of default probability | B39: decile 1 | C39: min decile 2 | D39: min decile 3 | E39: min decile 4 | F39: min decile 5 | G39: min decile 6 | H39: min decile 7 | I39: min decile 8 | J39: min decile 9 | K39: min decile 10
A40: NI to TA thresholds | C40: -0.448 | D40: -0.161 | E40: -0.049 | F40: 0.001 | G40: 0.022 | H40: 0.038 | I40: 0.056 | J40: 0.079 | K40: 0.118
A41: NI to TA default rates | B41: 0.083 | C41: 0.08 | D41: 0.072 | E41: 0.055 | F41: 0.045 | G41: 0.03 | H41: 0.025 | I41: 0.02 | J41: 0.02 | K41: 0.02
A42: TL to TA thresholds | C42: 0.175 | D42: 0.283 | E42: 0.385 | F42: 0.476 | G42: 0.558 | H42: 0.633 | I42: 0.709 | J42: 0.816 | K42: 1.03
A43: TL to TA default rates | B43: 0.02 | C43: 0.022 | D43: 0.025 | E43: 0.03 | F43: 0.035 | G43: 0.045 | H43: 0.055 | I43: 0.07 | J43: 0.09 | K43: 0.1
A44: Quick Ratio thresholds | C44: 0.382 | D44: 0.522 | E44: 0.809 | F44: 0.994 | G44: 1.2 | H44: 1.47 | I44: 1.89 | J44: 2.53 | K44: 4.55
A45: Quick Ratio default rates | B45: 0.09 | C45: 0.065 | D45: 0.05 | E45: 0.042 | F45: 0.04 | G45: 0.035 | H45: 0.025 | I45: 0.02 | J45: 0.015 | K45: 0.01
A46: EBIT to Int thresholds | C46: -17.4 | D46: -3.6 | E46: -0.139 | F46: 1.25 | G46: 2.21 | H46: 3.38 | I46: 5.21 | J46: 9.16 | K46: 23.8
A47: EBIT to Int default rates | B47: 0.075 | C47: 0.09 | D47: 0.085 | E47: 0.07 | F47: 0.05 | G47: 0.03 | H47: 0.021 | I47: 0.018 | J47: 0.015 | K47: 0.01
A48: Inv Holding thresholds | C48: 0.365 | D48: 2.56 | E48: 14.24 | F48: 31.39 | G48: 50 | H48: 70.08 | I48: 91.98 | J48: 121.54 | K48: 174.47
A49: Inv Holding default rates | B49: 0.03 | C49: 0.035 | D49: 0.039 | E49: 0.04 | F49: 0.042 | G49: 0.045 | H49: 0.049 | I49: 0.055 | J49: 0.06 | K49: 0.07
A50: Sales Growth thresholds | C50: -0.203 | D50: -0.063 | E50: 0.003 | F50: 0.05 | G50: 0.098 | H50: 0.158 | I50: 0.244 | J50: 0.398 | K50: 0.797
A51: Sales Growth default rates | B51: 0.069 | C51: 0.055 | D51: 0.042 | E51: 0.032 | F51: 0.03 | G51: 0.03 | H51: 0.032 | I51: 0.042 | J51: 0.05 | K51: 0.065

Sheet Forecasting Assumptions
A1: Forecasting Assumptions
A5: Company Name | B5: ='Financial Statements'!B4 -> KOHL'S CORP
Q6: TERMINAL
A7: ="Estimated Price/Share="&DOLLAR('Model Summary'!B22) -> Estimated Price/Share=$78.20 | Q7: YEAR
B8: Actual | C8: Actual | D8: Actual | E8: Actual | F8: Actual | G8: Forecast | H8: Forecast | I8: Forecast | J8: Forecast | K8: Forecast | L8: Forecast | M8: Forecast | N8: Forecast | O8: Forecast | P8: Forecast | Q8: Forecast | R8: Forecast
A9: Fiscal Year End Date | B9: ='Financial Statements'!B8 -> 37286 | C9: ='Financial Statements'!C8 -> 37651 | D9: ='Financial Statements'!D8 -> 38016 | E9: ='Financial Statements'!E8 -> 38382 | F9: ='Financial Statements'!F8 -> 38747 | G9: ='Financial Statements'!G8 -> 39112 | H9: ='Financial Statements'!H8 -> 39477 | I9: ='Financial Statements'!I8 -> 39843 | ... R9: ='Financial Statements'!R8 -> 43130
A11: Implied Return on Equity | C11: ='Financial Statements'!C29/(('Financial Statements'!C57+'Financial Statements'!B57)/2) -> 0.19180116 | D11: ='Financial Statements'!D29/(('Financial Statements'!D57+'Financial Statements'!C57)/2) -> 0.18519456 | E11: ='Financial Statements'!E29/(('Financial Statements'!E57+'Financial Statements'!D57)/2) -> 0.13784399 | F11: ='Financial Statements'!F29/(('Financial Statements'!F57+'Financial Statements'!E57)/2) -> 0.13582785 | G11: ='Financial Statements'!G29/(('Financial Statements'!G57+'Financial Statements'!F57)/2) -> 0.13028187 | H11: ='Financial Statements'!H29/(('Financial Statements'!H57+'Financial Statements'!G57)/2) -> 0.13013705 | I11: ='Financial Statements'!I29/(('Financial Statements'!I57+'Financial Statements'!H57)/2) -> 0.129992 | J11: ='Financial Statements'!J29/(('Financial Statements'!J57+'Financial Statements'!I57)/2) -> 0.12984671 | ... R11: ='Financial Statements'!R29/(('Financial Statements'!R57+'Financial Statements'!Q57)/2) -> 0.12882309
A13: Income Statement Assumptions
A14: Sales Growth | C14: ='Financial Statements'!C12/'Financial Statements'!B12-1 -> 0.15982184 | D14: ='Financial Statements'!D12/'Financial Statements'!C12-1 -> 0.059800502 | E14: ='Financial Statements'!E12/'Financial Statements'!D12-1 -> -0.0051435819 | F14: ='Financial Statements'!F12/'Financial Statements'!E12-1 -> 0.048142046 | G14: =F14-($F14-$Q14)/11 -> 0.04649277 | H14: =G14-($G14-$Q14)/10 -> 0.044843493 | I14: =H14-($H14-$Q14)/9 -> 0.043194216 | J14: =I14-($I14-$Q14)/8 -> 0.041544939 | K14: =J14-($J14-$Q14)/7 -> 0.039895662 | L14: =K14-($K14-$Q14)/6 -> 0.038246385 | M14: =L14-($L14-$Q14)/5 -> 0.036597108 | N14: =M14-($M14-$Q14)/4 -> 0.034947831 | O14: =N14-($N14-$Q14)/3 -> 0.033298554 | P14: =O14-($O14-$Q14)/2 -> 0.031649277 | Q14: 0.03 | R14: =$Q14 -> 0.03
A15: Cost of Goods Sold/Sales | B15: =-'Financial Statements'!B13/'Financial Statements'!B12 -> 0.64694401 | C15: =-'Financial Statements'!C13/'Financial Statements'!C12 -> 0.63628383 | D15: =-'Financial Statements'!D13/'Financial Statements'!D12 -> 0.63492278 | E15: =-'Financial Statements'!E13/'Financial Statements'!E12 -> 0.63054488 | F15: =-'Financial Statements'!F13/'Financial Statements'!F12 -> 0.62172546 | G15: =F15-($F15-$Q15)/11 -> 0.62172546 | H15: =G15-($G15-$Q15)/10 -> 0.62172546 | I15: =H15-($H15-$Q15)/9 -> 0.62172546 | J15: =I15-($I15-$Q15)/8 -> 0.62172546 | K15: =J15-($J15-$Q15)/7 -> 0.62172546 | L15: =K15-($K15-$Q15)/6 -> 0.62172546 | M15: =L15-($L15-$Q15)/5 -> 0.62172546 | N15: =M15-($M15-$Q15)/4 -> 0.62172546 | O15: =N15-($N15-$Q15)/3 -> 0.62172546 | P15: =O15-($O15-$Q15)/2 -> 0.62172546 | Q15: =$F15 -> 0.62172546 | R15: =$Q15 -> 0.62172546
A16: R&D/Sales | B16: =-'Financial Statements'!B15/'Financial Statements'!B12 -> 0 | C16: =-'Financial Statements'!C15/'Financial Statements'!C12 -> 0 | D16: =-'Financial Statements'!D15/'Financial Statements'!D12 -> 0 | E16: =-'Financial Statements'!E15/'Financial Statements'!E12 -> 0 | F16: =-'Financial Statements'!F15/'Financial Statements'!F12 -> 0 | G16: =F16-($F16-$Q16)/11 -> 0 | H16: =G16-($G16-$Q16)/10 -> 0 | I16: =H16-($H16-$Q16)/9 -> 0 | J16: =I16-($I16-$Q16)/8 -> 0 | K16: =J16-($J16-$Q16)/7 -> 0 | L16: =K16-($K16-$Q16)/6 -> 0 | M16: =L16-($L16-$Q16)/5 -> 0 | N16: =M16-($M16-$Q16)/4 -> 0 | O16: =N16-($N16-$Q16)/3 -> 0 | P16: =O16-($O16-$Q16)/2 -> 0 | Q16: =$F16 -> 0 | R16: =$Q16 -> 0
A17: SG&A/Sales | B17: =-'Financial Statements'!B16/'Financial Statements'!B12 -> 0.22442869 | C17: =-'Financial Statements'!C16/'Financial Statements'!C12 -> 0.22202491 | D17: =-'Financial Statements'!D16/'Financial Statements'!D12 -> 0.22809419 | E17: =-'Financial Statements'!E16/'Financial Statements'!E12 -> 0.24272378 | F17: =-'Financial Statements'!F16/'Financial Statements'!F12 -> 0.24426592 | G17: =F17-($F17-$Q17)/11 -> 0.24426592 | H17: =G17-($G17-$Q17)/10 -> 0.24426592 | I17: =H17-($H17-$Q17)/9 -> 0.24426592 | J17: =I17-($I17-$Q17)/8 -> 0.24426592 | K17: =J17-($J17-$Q17)/7 -> 0.24426592 | L17: =K17-($K17-$Q17)/6 -> 0.24426592 | M17: =L17-($L17-$Q17)/5 -> 0.24426592 | N17: =M17-($M17-$Q17)/4 -> 0.24426592 | O17: =N17-($N17-$Q17)/3 -> 0.24426592 | P17: =O17-($O17-$Q17)/2 -> 0.24426592 | Q17: =$F17 -> 0.24426592 | R17: =$Q17 -> 0.24426592
A18: Dep&Amort/Avge PP&E and Intang. | C18: =IF((('Financial Statements'!B38+'Financial Statements'!C38+'Financial Statements'!B40+'Financial Statements'!C40)/2)=0,0,-'Financial Statements'!C18/(('Financial Statements'!B38+'Financial Statements'!C38+'Financial Statements'!B40+'Financial Statements'!C40)/2)) -> 0.074933499 | D18: =IF((('Financial Statements'!C38+'Financial Statements'!D38+'Financial Statements'!C40+'Financial Statements'!D40)/2)=0,0,-'Financial Statements'!D18/(('Financial Statements'!C38+'Financial Statements'!D38+'Financial Statements'!C40+'Financial Statements'!D40)/2)) -> 0.073455534 | E18: =IF((('Financial Statements'!D38+'Financial Statements'!E38+'Financial Statements'!D40+'Financial Statements'!E40)/2)=0,0,-'Financial Statements'!E18/(('Financial Statements'!D38+'Financial Statements'!E38+'Financial Statements'!D40+'Financial Statements'!E40)/2)) -> 0.077712495 | F18: =IF((('Financial Statements'!E38+'Financial Statements'!F38+'Financial Statements'!E40+'Financial Statements'!F40)/2)=0,0,-'Financial Statements'!F18/(('Financial Statements'!E38+'Financial Statements'!F38+'Financial Statements'!E40+'Financial Statements'!F40)/2)) -> 0.081853496 | G18: =F18-($F18-$Q18)/11 -> 0.081853496 | H18: =G18-($G18-$Q18)/10 -> 0.081853496 | I18: =H18-($H18-$Q18)/9 -> 0.081853496 | J18: =I18-($I18-$Q18)/8 -> 0.081853496 | K18: =J18-($J18-$Q18)/7 -> 0.081853496 | L18: =K18-($K18-$Q18)/6 -> 0.081853496 | M18: =L18-($L18-$Q18)/5 -> 0.081853496 | N18: =M18-($M18-$Q18)/4 -> 0.081853496 | O18: =N18-($N18-$Q18)/3 -> 0.081853496 | P18: =O18-($O18-$Q18)/2 -> 0.081853496 | Q18: =$F18 -> 0.081853496 | R18: =$Q18 -> 0.081853496
A19: Net Interest Expense/Avge Net Debt | C19: =IF((('Financial Statements'!B44+'Financial Statements'!C44+'Financial Statements'!C49+'Financial Statements'!B49)/2)=0,0,-'Financial Statements'!C20/(('Financial Statements'!B44+'Financial Statements'!C44+'Financial Statements'!C49+'Financial Statements'!B49)/2)) -> 0.067265176 | D19: =IF((('Financial Statements'!C44+'Financial Statements'!D44+'Financial Statements'!D49+'Financial Statements'!C49)/2)=0,0,-'Financial Statements'!D20/(('Financial Statements'!C44+'Financial Statements'!D44+'Financial Statements'!D49+'Financial Statements'!C49)/2)) -> 0.063206545 | E19: =IF((('Financial Statements'!D44+'Financial Statements'!E44+'Financial Statements'!E49+'Financial Statements'!D49)/2)=0,0,-'Financial Statements'!E20/(('Financial Statements'!D44+'Financial Statements'!E44+'Financial Statements'!E49+'Financial Statements'!D49)/2)) -> 0.067721575 | F19: =IF((('Financial Statements'!E44+'Financial Statements'!F44+'Financial Statements'!F49+'Financial Statements'!E49)/2)=0,0,-'Financial Statements'!F20/(('Financial Statements'!E44+'Financial Statements'!F44+'Financial Statements'!F49+'Financial Statements'!E49)/2)) -> 0.064765587 | G19: =F19-($F19-$Q19)/11 -> 0.064765587 | H19: =G19-($G19-$Q19)/10 -> 0.064765587 | I19: =H19-($H19-$Q19)/9 -> 0.064765587 | J19: =I19-($I19-$Q19)/8 -> 0.064765587 | K19: =J19-($J19-$Q19)/7 -> 0.064765587 | L19: =K19-($K19-$Q19)/6 -> 0.064765587 | M19: =L19-($L19-$Q19)/5 -> 0.064765587 | N19: =M19-($M19-$Q19)/4 -> 0.064765587 | O19: =N19-($N19-$Q19)/3 -> 0.064765587 | P19: =O19-($O19-$Q19)/2 -> 0.064765587 | Q19: =$F19 -> 0.064765587 | R19: =$Q19 -> 0.064765587
A20: Non-Operating Income/Sales | B20: ='Financial Statements'!B21/'Financial Statements'!B12 -> 0.00067093377 | C20: ='Financial Statements'!C21/'Financial Statements'!C12 -> 0.0021918809 | D20: ='Financial Statements'!D21/'Financial Statements'!D12 -> 0.0022032649 | E20: ='Financial Statements'!E21/'Financial Statements'!E12 -> 0.0017694795 | F20: ='Financial Statements'!F21/'Financial Statements'!F12 -> 0.00058213995 | G20: =F20-($F20-$Q20)/11 -> 0.00058213995 | H20: =G20-($G20-$Q20)/10 -> 0.00058213995 | I20: =H20-($H20-$Q20)/9 -> 0.00058213995 | J20: =I20-($I20-$Q20)/8 -> 0.00058213995 | K20: =J20-($J20-$Q20)/7 -> 0.00058213995 | L20: =K20-($K20-$Q20)/6 -> 0.00058213995 | M20: =L20-($L20-$Q20)/5 -> 0.00058213995 | N20: =M20-($M20-$Q20)/4 -> 0.00058213995 | O20: =N20-($N20-$Q20)/3 -> 0.00058213995 | P20: =O20-($O20-$Q20)/2 -> 0.00058213995 | Q20: =$F20 -> 0.00058213995 | R20: =$Q20 -> 0.00058213995
A21: Effective Tax Rate | B21: =IF('Financial Statements'!B22=0,0,-'Financial Statements'!B23/'Financial Statements'!B22) -> 0.3743749 | C21: =IF('Financial Statements'!C22=0,0,-'Financial Statements'!C23/'Financial Statements'!C22) -> 0.37519562 | D21: =IF('Financial Statements'!D22=0,0,-'Financial Statements'!D23/'Financial Statements'!D22) -> 0.37783407 | E21: =IF('Financial Statements'!E22=0,0,-'Financial Statements'!E23/'Financial Statements'!E22) -> 0.37894737 | F21: =IF('Financial Statements'!F22=0,0,-'Financial Statements'!F23/'Financial Statements'!F22) -> 0.37594458 | G21: =F21-($F21-$Q21)/11 -> 0.37594458 | H21: =G21-($G21-$Q21)/10 -> 0.37594458 | I21: =H21-($H21-$Q21)/9 -> 0.37594458 | J21: =I21-($I21-$Q21)/8 -> 0.37594458 | K21: =J21-($J21-$Q21)/7 -> 0.37594458 | L21: =K21-($K21-$Q21)/6 -> 0.37594458 | M21: =L21-($L21-$Q21)/5 -> 0.37594458 | N21: =M21-($M21-$Q21)/4 -> 0.37594458 | O21: =N21-($N21-$Q21)/3 -> 0.37594458 | P21: =O21-($O21-$Q21)/2 -> 0.37594458 | Q21: =$F21 -> 0.37594458 | R21: =$Q21 -> 0.37594458
A22: Minority Interest/After Tax Income | B22: =IF(('Financial Statements'!B22+'Financial Statements'!B23)=0,0,-'Financial Statements'!B27/('Financial Statements'!B22+'Financial Statements'!B23)) -> 0 | C22: =IF(('Financial Statements'!C22+'Financial Statements'!C23)=0,0,-'Financial Statements'!C27/('Financial Statements'!C22+'Financial Statements'!C23)) -> 0 | D22: =IF(('Financial Statements'!D22+'Financial Statements'!D23)=0,0,-'Financial Statements'!D27/('Financial Statements'!D22+'Financial Statements'!D23)) -> 0 | E22: =IF(('Financial Statements'!E22+'Financial Statements'!E23)=0,0,-'Financial Statements'!E27/('Financial Statements'!E22+'Financial Statements'!E23)) -> 0 | F22: =IF(('Financial Statements'!F22+'Financial Statements'!F23)=0,0,-'Financial Statements'!F27/('Financial Statements'!F22+'Financial Statements'!F23)) -> 0 | G22: =F22-($F22-$Q22)/11 -> 0 | H22: =G22-($G22-$Q22)/10 -> 0 | I22: =H22-($H22-$Q22)/9 -> 0 | J22: =I22-($I22-$Q22)/8 -> 0 | K22: =J22-($J22-$Q22)/7 -> 0 | L22: =K22-($K22-$Q22)/6 -> 0 | M22: =L22-($L22-$Q22)/5 -> 0 | N22: =M22-($M22-$Q22)/4 -> 0 | O22: =N22-($N22-$Q22)/3 -> 0 | P22: =O22-($O22-$Q22)/2 -> 0 | Q22: =$F22 -> 0 | R22: =$Q22 -> 0
A23: Other Income/Sales | B23: ='Financial Statements'!B24/'Financial Statements'!B12 -> 0 | C23: ='Financial Statements'!C24/'Financial Statements'!C12 -> 0 | D23: ='Financial Statements'!D24/'Financial Statements'!D12 -> 0 | E23: ='Financial Statements'!E24/'Financial Statements'!E12 -> 0 | F23: ='Financial Statements'!F24/'Financial Statements'!F12 -> 0 | G23: 0 | H23: =G23 -> 0 | I23: =H23 -> 0 | J23: =I23 -> 0 | K23: =J23 -> 0 | L23: =K23 -> 0 | M23: =L23 -> 0 | N23: =M23 -> 0 | O23: =N23 -> 0 | ... Q23: =P23 -> 0 | R23: =$Q23 -> 0
A24: Ext. Items & Disc. Ops./Sales | B24: ='Financial Statements'!B26/'Financial Statements'!B12 -> 0 | C24: ='Financial Statements'!C26/'Financial Statements'!C12 -> 0 | D24: ='Financial Statements'!D26/'Financial Statements'!D12 -> 0 | E24: ='Financial Statements'!E26/'Financial Statements'!E12 -> 0 | F24: ='Financial Statements'!F26/'Financial Statements'!F12 -> 0 | G24: 0 | H24: =G24 -> 0 | I24: =H24 -> 0 | J24: =I24 -> 0 | K24: =J24 -> 0 | L24: =K24 -> 0 | M24: =L24 -> 0 | N24: =M24 -> 0 | O24: =N24 -> 0 | ... Q24: =P24 -> 0 | R24: =$Q24 -> 0
A25: Pref. Dividends/Avge Pref. Stock | C25: =IF((('Financial Statements'!C54+'Financial Statements'!B54)/2)=0,0,-'Financial Statements'!C28/(('Financial Statements'!C54+'Financial Statements'!B54)/2)) -> 0 | D25: =IF((('Financial Statements'!D54+'Financial Statements'!C54)/2)=0,0,-'Financial Statements'!D28/(('Financial Statements'!D54+'Financial Statements'!C54)/2)) -> 0 | E25: =IF((('Financial Statements'!E54+'Financial Statements'!D54)/2)=0,0,-'Financial Statements'!E28/(('Financial Statements'!E54+'Financial Statements'!D54)/2)) -> 0 | F25: =IF((('Financial Statements'!F54+'Financial Statements'!E54)/2)=0,0,-'Financial Statements'!F28/(('Financial Statements'!F54+'Financial Statements'!E54)/2)) -> 0 | G25: =F25-($F25-$Q25)/11 -> 0 | H25: =G25-($G25-$Q25)/10 -> 0 | I25: =H25-($H25-$Q25)/9 -> 0 | J25: =I25-($I25-$Q25)/8 -> 0 | K25: =J25-($J25-$Q25)/7 -> 0 | L25: =K25-($K25-$Q25)/6 -> 0 | M25: =L25-($L25-$Q25)/5 -> 0 | N25: =M25-($M25-$Q25)/4 -> 0 | O25: =N25-($N25-$Q25)/3 -> 0 | P25: =O25-($O25-$Q25)/2 -> 0 | Q25: =$F25 -> 0 | R25: =$Q25 -> 0
A27: Balance Sheet Assumptions
A28: Working Capital Assumptions
A29: Ending Operating Cash/Sales | B29: ='Financial Statements'!B33/'Financial Statements'!B12 -> 0.0214081 | C29: ='Financial Statements'!C33/'Financial Statements'!C12 -> 0.039912034 | D29: ='Financial Statements'!D33/'Financial Statements'!D12 -> 0.040286616 | E29: ='Financial Statements'!E33/'Financial Statements'!E12 -> 0.041247178 | F29: ='Financial Statements'!F33/'Financial Statements'!F12 -> 0.13197113 | G29: =F29-($F29-$Q29)/11 -> 0.13197113 | H29: =G29-($G29-$Q29)/10 -> 0.13197113 | I29: =H29-($H29-$Q29)/9 -> 0.13197113 | J29: =I29-($I29-$Q29)/8 -> 0.13197113 | K29: =J29-($J29-$Q29)/7 -> 0.13197113 | L29: =K29-($K29-$Q29)/6 -> 0.13197113 | M29: =L29-($L29-$Q29)/5 -> 0.13197113 | N29: =M29-($M29-$Q29)/4 -> 0.13197113 | O29: =N29-($N29-$Q29)/3 -> 0.13197113 | P29: =O29-($O29-$Q29)/2 -> 0.13197113 | Q29: =$F29 -> 0.13197113 | R29: =$Q29 -> 0.13197113
A30: Ending Receivables/Sales | B30: ='Financial Statements'!B34/'Financial Statements'!B12 -> 0.12326804 | C30: ='Financial Statements'!C34/'Financial Statements'!C12 -> 0 | D30: ='Financial Statements'!D34/'Financial Statements'!D12 -> 0 | E30: ='Financial Statements'!E34/'Financial Statements'!E12 -> 0 | F30: ='Financial Statements'!F34/'Financial Statements'!F12 -> 0 | G30: =F30-($F30-$Q30)/11 -> 0 | H30: =G30-($G30-$Q30)/10 -> 0 | I30: =H30-($H30-$Q30)/9 -> 0 | J30: =I30-($I30-$Q30)/8 -> 0 | K30: =J30-($J30-$Q30)/7 -> 0 | L30: =K30-($K30-$Q30)/6 -> 0 | M30: =L30-($L30-$Q30)/5 -> 0 | N30: =M30-($M30-$Q30)/4 -> 0 | O30: =N30-($N30-$Q30)/3 -> 0 | P30: =O30-($O30-$Q30)/2 -> 0 | Q30: =$F30 -> 0 | R30: =$Q30 -> 0
A31: Ending Inventories/COGS | B31: =IF('Financial Statements'!B13=0,0,-'Financial Statements'!B35/'Financial Statements'!B13) -> 0.25806725 | C31: =IF('Financial Statements'!C13=0,0,-'Financial Statements'!C35/'Financial Statements'!C13) -> 0.2616749 | D31: =IF('Financial Statements'!D13=0,0,-'Financial Statements'!D35/'Financial Statements'!D13) -> 0.2730264 | E31: =IF('Financial Statements'!E13=0,0,-'Financial Statements'!E35/'Financial Statements'!E13) -> 0.27085349 | F31: =IF('Financial Statements'!F13=0,0,-'Financial Statements'!F35/'Financial Statements'!F13) -> 0.27368914 | G31: =F31-($F31-$Q31)/11 -> 0.27368914 | H31: =G31-($G31-$Q31)/10 -> 0.27368914 | I31: =H31-($H31-$Q31)/9 -> 0.27368914 | J31: =I31-($I31-$Q31)/8 -> 0.27368914 | K31: =J31-($J31-$Q31)/7 -> 0.27368914 | L31: =K31-($K31-$Q31)/6 -> 0.27368914 | M31: =L31-($L31-$Q31)/5 -> 0.27368914 | N31: =M31-($M31-$Q31)/4 -> 0.27368914 | O31: =N31-($N31-$Q31)/3 -> 0.27368914 | P31: =O31-($O31-$Q31)/2 -> 0.27368914 | Q31: =$F31 -> 0.27368914 | R31: =$Q31 -> 0.27368914
A32: Ending Other Current Assets/Sales | B32: ='Financial Statements'!B36/'Financial Statements'!B12 -> 0.0066782235 | C32: ='Financial Statements'!C36/'Financial Statements'!C12 -> 0.012386691 | D32: ='Financial Statements'!D36/'Financial Statements'!D12 -> 0.01241279 | E32: ='Financial Statements'!E36/'Financial Statements'!E12 -> 0.01372872 | F32: ='Financial Statements'!F36/'Financial Statements'!F12 -> 0.017173128 | G32: =F32-($F32-$Q32)/11 -> 0.017173128 | H32: =G32-($G32-$Q32)/10 -> 0.017173128 | I32: =H32-($H32-$Q32)/9 -> 0.017173128 | J32: =I32-($I32-$Q32)/8 -> 0.017173128 | K32: =J32-($J32-$Q32)/7 -> 0.017173128 | L32: =K32-($K32-$Q32)/6 -> 0.017173128 | M32: =L32-($L32-$Q32)/5 -> 0.017173128 | N32: =M32-($M32-$Q32)/4 -> 0.017173128 | O32: =N32-($N32-$Q32)/3 -> 0.017173128 | P32: =O32-($O32-$Q32)/2 -> 0.017173128 | Q32: =$F32 -> 0.017173128 | R32: =$Q32 -> 0.017173128
A33: Ending Accounts Payable/COGS | B33: =IF('Financial Statements'!B13=0,0,-'Financial Statements'!B45/'Financial Statements'!B13) -> 0.095723722 | C33: =IF('Financial Statements'!C13=0,0,-'Financial Statements'!C45/'Financial Statements'!C13) -> 0.094471945 | D33: =IF('Financial Statements'!D13=0,0,-'Financial Statements'!D45/'Financial Statements'!D13) -> 0.07992553 | E33: =IF('Financial Statements'!E13=0,0,-'Financial Statements'!E45/'Financial Statements'!E13) -> 0.085252564 | F33: =IF('Financial Statements'!F13=0,0,-'Financial Statements'!F45/'Financial Statements'!F13) -> 0.11123596 | G33: =F33-($F33-$Q33)/11 -> 0.11123596 | H33: =G33-($G33-$Q33)/10 -> 0.11123596 | I33: =H33-($H33-$Q33)/9 -> 0.11123596 | J33: =I33-($I33-$Q33)/8 -> 0.11123596 | K33: =J33-($J33-$Q33)/7 -> 0.11123596 | L33: =K33-($K33-$Q33)/6 -> 0.11123596 | M33: =L33-($L33-$Q33)/5 -> 0.11123596 | N33: =M33-($M33-$Q33)/4 -> 0.11123596 | O33: =N33-($N33-$Q33)/3 -> 0.11123596 | P33: =O33-($O33-$Q33)/2 -> 0.11123596 | Q33: =$F33 -> 0.11123596 | R33: =$Q33 -> 0.11123596
A34: Ending Taxes Payable/Sales | B34: ='Financial Statements'!B46/'Financial Statements'!B12 -> 0.01245376 | C34: ='Financial Statements'!C46/'Financial Statements'!C12 -> 0.015006449 | D34: ='Financial Statements'!D46/'Financial Statements'!D12 -> 0.0075425523 | E34: ='Financial Statements'!E46/'Financial Statements'!E12 -> 0.0064067362 | F34: ='Financial Statements'!F46/'Financial Statements'!F12 -> 0.010711375 | G34: =F34-($F34-$Q34)/11 -> 0.010711375 | H34: =G34-($G34-$Q34)/10 -> 0.010711375 | I34: =H34-($H34-$Q34)/9 -> 0.010711375 | J34: =I34-($I34-$Q34)/8 -> 0.010711375 | K34: =J34-($J34-$Q34)/7 -> 0.010711375 | L34: =K34-($K34-$Q34)/6 -> 0.010711375 | M34: =L34-($L34-$Q34)/5 -> 0.010711375 | N34: =M34-($M34-$Q34)/4 -> 0.010711375 | O34: =N34-($N34-$Q34)/3 -> 0.010711375 | P34: =O34-($O34-$Q34)/2 -> 0.010711375 | Q34: =$F34 -> 0.010711375 | R34: =$Q34 -> 0.010711375
A35: Ending Other Current Liabs/Sales | B35: ='Financial Statements'!B47/'Financial Statements'!B12 -> 0.047875288 | C35: ='Financial Statements'!C47/'Financial Statements'!C12 -> 0.047103019 | D35: ='Financial Statements'!D47/'Financial Statements'!D12 -> 0.048471585 | E35: ='Financial Statements'!E47/'Financial Statements'!E12 -> 0.049545427 | F35: ='Financial Statements'!F47/'Financial Statements'!F12 -> 0.058330423 | G35: =F35-($F35-$Q35)/11 -> 0.058330423 | H35: =G35-($G35-$Q35)/10 -> 0.058330423 | I35: =H35-($H35-$Q35)/9 -> 0.058330423 | J35: =I35-($I35-$Q35)/8 -> 0.058330423 | K35: =J35-($J35-$Q35)/7 -> 0.058330423 | L35: =K35-($K35-$Q35)/6 -> 0.058330423 | M35: =L35-($L35-$Q35)/5 -> 0.058330423 | N35: =M35-($M35-$Q35)/4 -> 0.058330423 | O35: =N35-($N35-$Q35)/3 -> 0.058330423 | P35: =O35-($O35-$Q35)/2 -> 0.058330423 | Q35: =$F35 -> 0.058330423 | R35: =$Q35 -> 0.058330423
A36: Other Operating Asset Assumptions
A37: Ending Net PP&E/Sales | B37: ='Financial Statements'!B38/'Financial Statements'!B12 -> 0.33903585 | C37: ='Financial Statements'!C38/'Financial Statements'!C12 -> 0.3443715 | D37: ='Financial Statements'!D38/'Financial Statements'!D12 -> 0.39516354 | E37: ='Financial Statements'!E38/'Financial Statements'!E12 -> 0.42613948 | F37: ='Financial Statements'!F38/'Financial Statements'!F12 -> 0.40854581 | G37: =F37-($F37-$Q37)/11 -> 0.40854581 | H37: =G37-($G37-$Q37)/10 -> 0.40854581 | I37: =H37-($H37-$Q37)/9 -> 0.40854581 | J37: =I37-($I37-$Q37)/8 -> 0.40854581 | K37: =J37-($J37-$Q37)/7 -> 0.40854581 | L37: =K37-($K37-$Q37)/6 -> 0.40854581 | M37: =L37-($L37-$Q37)/5 -> 0.40854581 | N37: =M37-($M37-$Q37)/4 -> 0.40854581 | O37: =N37-($N37-$Q37)/3 -> 0.40854581 | P37: =O37-($O37-$Q37)/2 -> 0.40854581 | Q37: =$F37 -> 0.40854581 | R37: =$Q37 -> 0.40854581
A38: Ending Investments/Sales | B38: ='Financial Statements'!B39/'Financial Statements'!B12 -> 0 | C38: ='Financial Statements'!C39/'Financial Statements'!C12 -> 0 | D38: ='Financial Statements'!D39/'Financial Statements'!D12 -> 0 | E38: ='Financial Statements'!E39/'Financial Statements'!E12 -> 0.02025749 | F38: ='Financial Statements'!F39/'Financial Statements'!F12 -> 0.018686692 | G38: =F38-($F38-$Q38)/11 -> 0.018686692 | H38: =G38-($G38-$Q38)/10 -> 0.018686692 | I38: =H38-($H38-$Q38)/9 -> 0.018686692 | J38: =I38-($I38-$Q38)/8 -> 0.018686692 | K38: =J38-($J38-$Q38)/7 -> 0.018686692 | L38: =K38-($K38-$Q38)/6 -> 0.018686692 | M38: =L38-($L38-$Q38)/5 -> 0.018686692 | N38: =M38-($M38-$Q38)/4 -> 0.018686692 | O38: =N38-($N38-$Q38)/3 -> 0.018686692 | P38: =O38-($O38-$Q38)/2 -> 0.018686692 | Q38: =$F38 -> 0.018686692 | R38: =$Q38 -> 0.018686692
A39: Ending Intangibles/Sales | B39: ='Financial Statements'!B40/'Financial Statements'!B12 -> 0.016543382 | C39: ='Financial Statements'!C40/'Financial Statements'!C12 -> 0.014708009 | D39: ='Financial Statements'!D40/'Financial Statements'!D12 -> 0.013311858 | E39: ='Financial Statements'!E40/'Financial Statements'!E12 -> 0.012813472 | F39: ='Financial Statements'!F40/'Financial Statements'!F12 -> 0.011875655 | G39: =F39-($F39-$Q39)/11 -> 0.011875655 | H39: =G39-($G39-$Q39)/10 -> 0.011875655 | I39: =H39-($H39-$Q39)/9 -> 0.011875655 | J39: =I39-($I39-$Q39)/8 -> 0.011875655 | K39: =J39-($J39-$Q39)/7 -> 0.011875655 | L39: =K39-($K39-$Q39)/6 -> 0.011875655 | M39: =L39-($L39-$Q39)/5 -> 0.011875655 | N39: =M39-($M39-$Q39)/4 -> 0.011875655 | O39: =N39-($N39-$Q39)/3 -> 0.011875655 | P39: =O39-($O39-$Q39)/2 -> 0.011875655 | Q39: =$F39 -> 0.011875655 | R39: =$Q39 -> 0.011875655
A40: Ending Other Assets/Sales | B40: ='Financial Statements'!B41/'Financial Statements'!B12 -> 0.009060889 | C40: ='Financial Statements'!C41/'Financial Statements'!C12 -> 0.0037659745 | D40: ='Financial Statements'!D41/'Financial Statements'!D12 -> 0.0064999228 | E40: ='Financial Statements'!E41/'Financial Statements'!E12 -> 0.0065897858 | F40: ='Financial Statements'!F41/'Financial Statements'!F12 -> 0.0076842473 | G40: =F40-($F40-$Q40)/11 -> 0.0076842473 | H40: =G40-($G40-$Q40)/10 -> 0.0076842473 | I40: =H40-($H40-$Q40)/9 -> 0.0076842473 | J40: =I40-($I40-$Q40)/8 -> 0.0076842473 | K40: =J40-($J40-$Q40)/7 -> 0.0076842473 | L40: =K40-($K40-$Q40)/6 -> 0.0076842473 | M40: =L40-($L40-$Q40)/5 -> 0.0076842473 | N40: =M40-($M40-$Q40)/4 -> 0.0076842473 | O40: =N40-($N40-$Q40)/3 -> 0.0076842473 | P40: =O40-($O40-$Q40)/2 -> 0.0076842473 | Q40: =$F40 -> 0.0076842473 | R40: =$Q40 -> 0.0076842473
A41: Other Operating Liability Assumptions
A42: Other Liabilities/Sales | B42: ='Financial Statements'!B50/'Financial Statements'!B12 -> 0.013829055 | C42: ='Financial Statements'!C50/'Financial Statements'!C12 -> 0.015152741 | D42: ='Financial Statements'!D50/'Financial Statements'!D12 -> 0.022624197 | E42: ='Financial Statements'!E50/'Financial Statements'!E12 -> 0.02483373 | F42: ='Financial Statements'!F50/'Financial Statements'!F12 -> 0.028408429 | G42: =F42-($F42-$Q42)/11 -> 0.028408429 | H42: =G42-($G42-$Q42)/10 -> 0.028408429 | I42: =H42-($H42-$Q42)/9 -> 0.028408429 | J42: =I42-($I42-$Q42)/8 -> 0.028408429 | K42: =J42-($J42-$Q42)/7 -> 0.028408429 | L42: =K42-($K42-$Q42)/6 -> 0.028408429 | M42: =L42-($L42-$Q42)/5 -> 0.028408429 | N42: =M42-($M42-$Q42)/4 -> 0.028408429 | O42: =N42-($N42-$Q42)/3 -> 0.028408429 | P42: =O42-($O42-$Q42)/2 -> 0.028408429 | Q42: =$F42 -> 0.028408429 | R42: =$Q42 -> 0.028408429
A43: Deferred Taxes/Sales | B43: ='Financial Statements'!B51/'Financial Statements'!B12 -> 0.016251117 | C43: ='Financial Statements'!C51/'Financial Statements'!C12 -> 0.015666953 | D43: ='Financial Statements'!D51/'Financial Statements'!D12 -> 0.015931482 | E43: ='Financial Statements'!E51/'Financial Statements'!E12 -> 0.019525291 | F43: ='Financial Statements'!F51/'Financial Statements'!F12 -> 0.021946676 | G43: =F43-($F43-$Q43)/11 -> 0.021946676 | H43: =G43-($G43-$Q43)/10 -> 0.021946676 | I43: =H43-($H43-$Q43)/9 -> 0.021946676 | J43: =I43-($I43-$Q43)/8 -> 0.021946676 | K43: =J43-($J43-$Q43)/7 -> 0.021946676 | L43: =K43-($K43-$Q43)/6 -> 0.021946676 | M43: =L43-($L43-$Q43)/5 -> 0.021946676 | N43: =M43-($M43-$Q43)/4 -> 0.021946676 | O43: =N43-($N43-$Q43)/3 -> 0.021946676 | P43: =O43-($O43-$Q43)/2 -> 0.021946676 | Q43: =$F43 -> 0.021946676 | R43: =$Q43 -> 0.021946676
A44: Financing Assumptions
A45: Current Debt/Total Assets | B45: ='Financial Statements'!B44/'Financial Statements'!B42 -> 0.011792915 | C45: ='Financial Statements'!C44/'Financial Statements'!C42 -> 0.0020839101 | D45: ='Financial Statements'!D44/'Financial Statements'!D42 -> 0.0012027369 | E45: ='Financial Statements'!E44/'Financial Statements'!E42 -> 0.0014999118 | F45: ='Financial Statements'!F44/'Financial Statements'!F42 -> 0.0012158055 | G45: =F45-($F45-$Q45)/11 -> 0.0012158055 | H45: =G45-($G45-$Q45)/10 -> 0.0012158055 | I45: =H45-($H45-$Q45)/9 -> 0.0012158055 | J45: =I45-($I45-$Q45)/8 -> 0.0012158055 | K45: =J45-($J45-$Q45)/7 -> 0.0012158055 | L45: =K45-($K45-$Q45)/6 -> 0.0012158055 | M45: =L45-($L45-$Q45)/5 -> 0.0012158055 | N45: =M45-($M45-$Q45)/4 -> 0.0012158055 | O45: =N45-($N45-$Q45)/3 -> 0.0012158055 | P45: =O45-($O45-$Q45)/2 -> 0.0012158055 | Q45: =$F45 -> 0.0012158055 | R45: =$Q45 -> 0.0012158055
A46: Long-Term Debt/Total Assets | B46: ='Financial Statements'!B49/'Financial Statements'!B42 -> 0.11429036 | C46: ='Financial Statements'!C49/'Financial Statements'!C42 -> 0.11503558 | D46: ='Financial Statements'!D49/'Financial Statements'!D42 -> 0.19430484 | E46: ='Financial Statements'!E49/'Financial Statements'!E42 -> 0.1811364 | F46: ='Financial Statements'!F49/'Financial Statements'!F42 -> 0.15592705 | G46: =F46-($F46-$Q46)/11 -> 0.15592705 | H46: =G46-($G46-$Q46)/10 -> 0.15592705 | I46: =H46-($H46-$Q46)/9 -> 0.15592705 | J46: =I46-($I46-$Q46)/8 -> 0.15592705 | K46: =J46-($J46-$Q46)/7 -> 0.15592705 | L46: =K46-($K46-$Q46)/6 -> 0.15592705 | M46: =L46-($L46-$Q46)/5 -> 0.15592705 | N46: =M46-($M46-$Q46)/4 -> 0.15592705 | O46: =N46-($N46-$Q46)/3 -> 0.15592705 | P46: =O46-($O46-$Q46)/2 -> 0.15592705 | Q46: =$F46 -> 0.15592705 | R46: =$Q46 -> 0.15592705
A47: Minority Interest/Total Assets | B47: ='Financial Statements'!B53/'Financial Statements'!B42 -> 0 | C47: ='Financial Statements'!C53/'Financial Statements'!C42 -> 0 | D47: ='Financial Statements'!D53/'Financial Statements'!D42 -> 0 | E47: ='Financial Statements'!E53/'Financial Statements'!E42 -> 0 | F47: ='Financial Statements'!F53/'Financial Statements'!F42 -> 0 | G47: =F47-($F47-$Q47)/11 -> 0 | H47: =G47-($G47-$Q47)/10 -> 0 | I47: =H47-($H47-$Q47)/9 -> 0 | J47: =I47-($I47-$Q47)/8 -> 0 | K47: =J47-($J47-$Q47)/7 -> 0 | L47: =K47-($K47-$Q47)/6 -> 0 | M47: =L47-($L47-$Q47)/5 -> 0 | N47: =M47-($M47-$Q47)/4 -> 0 | O47: =N47-($N47-$Q47)/3 -> 0 | P47: =O47-($O47-$Q47)/2 -> 0 | Q47: =$F47 -> 0 | R47: =$Q47 -> 0
A48: Preferred Stock/Total Assets | B48: ='Financial Statements'!B54/'Financial Statements'!B42 -> 0 | C48: ='Financial Statements'!C54/'Financial Statements'!C42 -> 0 | D48: ='Financial Statements'!D54/'Financial Statements'!D42 -> 0 | E48: ='Financial Statements'!E54/'Financial Statements'!E42 -> 0 | F48: ='Financial Statements'!F54/'Financial Statements'!F42 -> 0 | G48: =F48-($F48-$Q48)/11 -> 0 | H48: =G48-($G48-$Q48)/10 -> 0 | I48: =H48-($H48-$Q48)/9 -> 0 | J48: =I48-($I48-$Q48)/8 -> 0 | K48: =J48-($J48-$Q48)/7 -> 0 | L48: =K48-($K48-$Q48)/6 -> 0 | M48: =L48-($L48-$Q48)/5 -> 0 | N48: =M48-($M48-$Q48)/4 -> 0 | O48: =N48-($N48-$Q48)/3 -> 0 | P48: =O48-($O48-$Q48)/2 -> 0 | Q48: =$F48 -> 0 | R48: =$Q48 -> 0
A49: Dividend Payout Ratio | B49: =IF('Financial Statements'!B29=0,0,-'Financial Statements'!B64/'Financial Statements'!B29) -> 0 | C49: =IF('Financial Statements'!C29=0,0,-'Financial Statements'!C64/'Financial Statements'!C29) -> 0 | D49: =IF('Financial Statements'!D29=0,0,-'Financial Statements'!D64/'Financial Statements'!D29) -> 0 | E49: =IF('Financial Statements'!E29=0,0,-'Financial Statements'!E64/'Financial Statements'!E29) -> 0 | F49: =IF('Financial Statements'!F29=0,0,-'Financial Statements'!F64/'Financial Statements'!F29) -> 0 | G49: =F49-($F49-$Q49)/11 -> 0 | H49: =G49-($G49-$Q49)/10 -> 0 | I49: =H49-($H49-$Q49)/9 -> 0 | J49: =I49-($I49-$Q49)/8 -> 0 | K49: =J49-($J49-$Q49)/7 -> 0 | L49: =K49-($K49-$Q49)/6 -> 0 | M49: =L49-($L49-$Q49)/5 -> 0 | N49: =M49-($M49-$Q49)/4 -> 0 | O49: =N49-($N49-$Q49)/3 -> 0 | P49: =O49-($O49-$Q49)/2 -> 0 | Q49: =$F49 -> 0 | R49: =$Q49 -> 0

Sheet Valuation Parameters
A1: Valuation Parameters
A4: ="Estimated Price/Share="&DOLLAR(B24) -> Estimated Price/Share=$78.20
A6: Company Name: | C6: ='Financial Statements'!B4 -> KOHL'S CORP
A8: Required Valuation Parameters (to compute value of common equity):
B9: Enter Cost of Equity Capital: | J9: 0.1
B10: Enter Value of Contingent Claims on Common Equity ($000): | J10: 0
B11: Enter Date of Valuation: | J11: =TODAY() -> 42271
B12: Enter Dilution Factor for Splits Occurring Since Latest Fiscal Year End: | J12: 1
A14: Optional Valuation Parameters (to compute value to all investors):
B15: Enter Cost of Net Debt: | J15: 0.08
B16: Enter Cost of Preferred Stock: | J16: 0.09
B17: Enter Cost of Minority Interest: | J17: 0.1
B19: Adjust the Weighted Average Cost of Capital Input | J19: 0.09372 | K19: =IF(E24>B24,"up","down") -> up
B20: such that the two equity values below are approximately equal:
B22: Equity Value computed directly | E22: Equity Value computed indirectly | I22: approximate weighted average
B23: from flows to equityholders: | E23: as the Entity Value less non-equity claims: | I23: cost of capital to use as starting point:
B24: ='Residual Income Valuations'!B27 -> 78.202605 | E24: ='Residual Income Valuations'!B68 -> 78.204886 | J24: =('Residual Income Valuations'!B21*J9+'Residual Income Valuations'!B40*(J15*(1-'Forecasting Assumptions'!Q21))+'Residual Income Valuations'!B46*J16+'Residual Income Valuations'!B52*J17)/('Residual Income Valuations'!B21+'Residual Income Valuations'!B40+'Residual Income Valuations'!B46+'Residual Income Valuations'!B52) -> 0.094490396

Sheet Residual Income Valuations
A1: Residual Income Valuation | B1: ($000)
A4: Company Name | B4: ='Financial Statements'!B4 -> KOHL'S CORP
A5: Most Recent Fiscal Year End | B5: ='Financial Statements'!F8 -> 38747
A6: Date of Valuation | B6: ='Valuation Parameters'!J11 -> 42271
A7: Cost of Common Equity | B7: ='Valuation Parameters'!J9 -> 0.1
A8: Teriminal Growth Rate | B8: ='Forecasting Assumptions'!Q14 -> 0.03
A10: Fiscal Year of Forecast | B10: ='Financial Statements'!G8 -> 39112 | C10: ='Financial Statements'!H8 -> 39477 | D10: ='Financial Statements'!I8 -> 39843 | E10: ='Financial Statements'!J8 -> 40208 | F10: ='Financial Statements'!K8 -> 40573 | G10: ='Financial Statements'!L8 -> 40938 | H10: ='Financial Statements'!M8 -> 41304 | I10: ='Financial Statements'!N8 -> 41669 | ... M10: ='Financial Statements'!R8 -> 43130
A11: =B21+B40+B46-B58 -> -339.31933
A12: Valuation to Common Equity
A13: Net Income | B13: ='Financial Statements'!G29 -> 1046887 | C13: ='Financial Statements'!H29 -> 1093460 | D13: ='Financial Statements'!I29 -> 1140300.6 | E13: ='Financial Statements'!J29 -> 1187266.3 | F13: ='Financial Statements'!K29 -> 1234207.5 | G13: ='Financial Statements'!L29 -> 1280968.1 | H13: ='Financial Statements'!M29 -> 1327386.9 | I13: ='Financial Statements'!N29 -> 1373297.6 | ... M13: ='Financial Statements'!R29 -> 1551457.1
A14: Common Equity at Beginning of Year | B14: ='Financial Statements'!F57 -> 7853000 | C14: ='Financial Statements'!G57 -> 8218107.7 | D14: ='Financial Statements'!H57 -> 8586636.4 | E14: ='Financial Statements'!I57 -> 8957529.4 | F14: ='Financial Statements'!J57 -> 9329669.4 | G14: ='Financial Statements'!K57 -> 9701882.7 | H14: ='Financial Statements'!L57 -> 10072945 | I14: ='Financial Statements'!M57 -> 10441585 | ... M14: ='Financial Statements'!Q57 -> 11865336
A15: Residual Income | B15: =B13-B7*B14 -> 261587.02 | C15: =C13-B7*C14 -> 271649.18 | D15: =D13-B7*D14 -> 281636.97 | E15: =E13-B7*E14 -> 291513.39 | F15: =F13-B7*F14 -> 301240.54 | G15: =G13-B7*G14 -> 310779.87 | H15: =H13-B7*H14 -> 320092.41 | I15: =I13-B7*I14 -> 329139.02 | J15: =J13-$B$7*J14 -> 337880.62 | K15: =K13-$B$7*K14 -> 346278.53 | L15: =L13-$B$7*L14 -> 354294.67 | M15: =M13-$B$7*M14 -> 364923.51
A16: Present Value of Residual Income | B16: =B15/(1+$B$7)^1 -> 237806.38 | C16: =C15/(1+$B$7)^2 -> 224503.45 | D16: =D15/(1+$B$7)^3 -> 211598.02 | E16: =E15/(1+$B$7)^4 -> 199107.56 | F16: =F15/(1+$B$7)^5 -> 187046.67 | G16: =G15/(1+$B$7)^6 -> 175427.14 | H16: =H15/(1+$B$7)^7 -> 164258.02 | I16: =I15/(1+$B$7)^8 -> 153545.78 | J16: =J15/(1+$B$7)^9 -> 143294.37 | K16: =K15/(1+$B$7)^10 -> 133505.36 | L16: =L15/(1+$B$7)^11 -> 124178.12 | M16: =M15/(1+$B$7)^12 -> 116275.88
A17: Present Value Beyond 10 Years | B17: =L16+(M15/($B$7-$B$8))/(1+$B$7)^11 -> 1951370.5 | C17: =IF(($B$7-$B$8)<=0,"Error! cost of equity capital <= growth rate"," ")
A18: Present Value of First 10 Years | B18: =SUM(B16:K16) -> 1830092.8
A19: Common Equity as of
A20: ='Financial Statements'!F8 -> 38747 | B20: =B14 -> 7853000
A21: Forecast Equity Value Before Time Adj. | B21: =B17+B18+B20 -> 11634463
A22: Forecasted Value as of Valuation Date | B22: =B21*(1+(B7/2))*(1+B7*(DAYS360(B5,B6)/360)) -> 24008200
A23: Less Value of Contingent Equity Claims | B23: =-'Valuation Parameters'!J10 -> 0
A24: Value Attributable to Common Equity | B24: =B22+B23 -> 24008200
A25: Common Shares Outstanding at BS Date | B25: ='Financial Statements'!B5 -> 307000
A26: Equivalent Shares at Valuation Date | B26: =B25*'Valuation Parameters'!J12 -> 307000
A27: Forecast Price/Share | B27: =B24/B26 -> 78.202605
A30: Valuation to All Investors
A31: Cost of Debt | B31: ='Valuation Parameters'!J15 -> 0.08
A32: Cost of Preferred Stock | B32: ='Valuation Parameters'!J16 -> 0.09
A33: Cost of Minority Interest | B33: ='Valuation Parameters'!J17 -> 0.1
A34: After Tax Weighted Average Cost of Capital | B34: ='Valuation Parameters'!J19 -> 0.09372
A36: Net Interest Expense to Net Debtholders | B36: =-'Financial Statements'!G20 -> 137048.74 | C36: =-'Financial Statements'!H20 -> 143304.94 | D36: =-'Financial Statements'!I20 -> 149610.46 | E36: =-'Financial Statements'!J20 -> 155946.79 | F36: =-'Financial Statements'!K20 -> 162294.37 | G36: =-'Financial Statements'!L20 -> 168632.76 | H36: =-'Financial Statements'!M20 -> 174940.68 | I36: =-'Financial Statements'!N20 -> 181196.15 | ... M36: =-'Financial Statements'!R20 -> 205402.3
A37: Beginning Book Value of Debt | B37: ='Financial Statements'!F44+'Financial Statements'!F49 -> 2068000 | C37: ='Financial Statements'!G44+'Financial Statements'!G49 -> 2164147 | D37: ='Financial Statements'!H44+'Financial Statements'!H49 -> 2261195 | E37: ='Financial Statements'!I44+'Financial Statements'!I49 -> 2358865.5 | F37: ='Financial Statements'!J44+'Financial Statements'!J49 -> 2456864.4 | G37: ='Financial Statements'!K44+'Financial Statements'!K49 -> 2554882.7 | H37: ='Financial Statements'!L44+'Financial Statements'!L49 -> 2652597.7 | I37: ='Financial Statements'!M44+'Financial Statements'!M49 -> 2749675.1 | ... M37: ='Financial Statements'!Q44+'Financial Statements'!Q49 -> 3124603.8
A38: Residual Interest Expense | B38: =B36-($B$31*B37) -> -28391.256 | C38: =C36-($B$31*C37) -> -29826.827 | D38: =D36-($B$31*D37) -> -31285.132 | E38: =E36-($B$31*E37) -> -32762.452 | F38: =F36-($B$31*F37) -> -34254.783 | G38: =G36-($B$31*G37) -> -35757.851 | H38: =H36-($B$31*H37) -> -37267.13 | I38: =I36-($B$31*I37) -> -38777.855 | ... M38: =M36-($B$31*M37) -> -44566.003
A39: Present Value of Residual Interest Income | B39: =B38/(1+$B$31)^1 -> -26288.2 | C39: =C38/(1+$B$31)^2 -> -25571.697 | D39: =D38/(1+$B$31)^3 -> -24835.147 | E39: =E38/(1+$B$31)^4 -> -24081.38 | F39: =F38/(1+$B$31)^5 -> -23313.229 | G39: =G38/(1+$B$31)^6 -> -22533.512 | H39: =H38/(1+$B$31)^7 -> -21745.013 | I39: =I38/(1+$B$31)^8 -> -20950.468 | J39: =J38/(1+$B$31)^9 -> -20152.552 | K39: =K38/(1+$B$31)^10 -> -19353.857 | L39: =L38/(1+$B$31)^11 -> -18556.888 | M39: =M38/(1+$B$31)^12 -> -17697.773
A40: Value of Debt | B40: =IF($B$31-$B$8>0,B37+SUM(B39:L39)+(M38/($B$31-$B$8))/(1+$B$31)^11,IF(NOT(M38=0),#N/A,B37+SUM(B39:M39))) -> 1438346.2 | C40: =IF($B$31-$B$8>0," ",IF(NOT(M38=0),"Error! cost of debt <= growth rate"," "))
A42: Dividends to Preferred Stockholders | B42: ='Financial Statements'!G28 -> 0 | C42: ='Financial Statements'!H28 -> 0 | D42: ='Financial Statements'!I28 -> 0 | E42: ='Financial Statements'!J28 -> 0 | F42: ='Financial Statements'!K28 -> 0 | G42: ='Financial Statements'!L28 -> 0 | H42: ='Financial Statements'!M28 -> 0 | I42: ='Financial Statements'!N28 -> 0 | ... M42: ='Financial Statements'!R28 -> 0
A43: Beginning Book Value of Preferred Stock | B43: ='Financial Statements'!F54 -> 0 | C43: ='Financial Statements'!G54 -> 0 | D43: ='Financial Statements'!H54 -> 0 | E43: ='Financial Statements'!I54 -> 0 | F43: ='Financial Statements'!J54 -> 0 | G43: ='Financial Statements'!K54 -> 0 | H43: ='Financial Statements'!L54 -> 0 | I43: ='Financial Statements'!M54 -> 0 | ... M43: ='Financial Statements'!Q54 -> 0
A44: Residual Income to Preferred Stock | B44: =B42-($B$32*B43) -> 0 | C44: =C42-($B$32*C43) -> 0 | D44: =D42-($B$32*D43) -> 0 | E44: =E42-($B$32*E43) -> 0 | F44: =F42-($B$32*F43) -> 0 | G44: =G42-($B$32*G43) -> 0 | H44: =H42-($B$32*H43) -> 0 | I44: =I42-($B$32*I43) -> 0 | ... M44: =M42-($B$32*M43) -> 0
A45: Present Value of Preferred Residual Income | B45: =B44/(1+$B$32)^1 -> 0 | C45: =C44/(1+$B$32)^2 -> 0 | D45: =D44/(1+$B$32)^3 -> 0 | E45: =E44/(1+$B$32)^4 -> 0 | F45: =F44/(1+$B$32)^5 -> 0 | G45: =G44/(1+$B$32)^6 -> 0 | H45: =H44/(1+$B$32)^7 -> 0 | I45: =I44/(1+$B$32)^8 -> 0 | J45: =J44/(1+$B$32)^9 -> 0 | K45: =K44/(1+$B$32)^10 -> 0 | L45: =L44/(1+$B$32)^11 -> 0 | M45: =M44/(1+$B$32)^12 -> 0
A46: Value of Preferred Stock | B46: =IF($B$32-$B$8>0,B43+SUM(B45:L45)+(M44/($B$32-$B$8))/(1+$B$32)^11,IF(NOT(M44=0),#N/A,B43+SUM(B45:M45))) -> 0 | C46: =IF($B$32-$B$8>0," ",IF(NOT(M44=0),"Error! cost of preferred stock <= growth rate"," "))
A48: Minority Interest in Earnings | B48: =-'Financial Statements'!G27 -> 0 | C48: =-'Financial Statements'!H27 -> 0 | D48: =-'Financial Statements'!I27 -> 0 | E48: =-'Financial Statements'!J27 -> 0 | F48: =-'Financial Statements'!K27 -> 0 | G48: =-'Financial Statements'!L27 -> 0 | H48: =-'Financial Statements'!M27 -> 0 | I48: =-'Financial Statements'!N27 -> 0 | ... M48: =-'Financial Statements'!R27 -> 0
A49: Beginning Book Value of Minority Interest | B49: ='Financial Statements'!F53 -> 0 | C49: ='Financial Statements'!G53 -> 0 | D49: ='Financial Statements'!H53 -> 0 | E49: ='Financial Statements'!I53 -> 0 | F49: ='Financial Statements'!J53 -> 0 | G49: ='Financial Statements'!K53 -> 0 | H49: ='Financial Statements'!L53 -> 0 | I49: ='Financial Statements'!M53 -> 0 | ... M49: ='Financial Statements'!Q53 -> 0
A50: Residual Income to Minority Interest | B50: =B48-$B$33*B49 -> 0 | C50: =C48-$B$33*C49 -> 0 | D50: =D48-$B$33*D49 -> 0 | E50: =E48-$B$33*E49 -> 0 | F50: =F48-$B$33*F49 -> 0 | G50: =G48-$B$33*G49 -> 0 | H50: =H48-$B$33*H49 -> 0 | I50: =I48-$B$33*I49 -> 0 | ... M50: =M48-$B$33*M49 -> 0
A51: Present Value of MI Residual Income | B51: =B50/(1+$B$33)^1 -> 0 | C51: =C50/(1+$B$33)^2 -> 0 | D51: =D50/(1+$B$33)^3 -> 0 | E51: =E50/(1+$B$33)^4 -> 0 | F51: =F50/(1+$B$33)^5 -> 0 | G51: =G50/(1+$B$33)^6 -> 0 | H51: =H50/(1+$B$33)^7 -> 0 | I51: =I50/(1+$B$33)^8 -> 0 | J51: =J50/(1+$B$33)^9 -> 0 | K51: =K50/(1+$B$33)^10 -> 0 | L51: =L50/(1+$B$33)^11 -> 0 | M51: =M50/(1+$B$33)^12 -> 0
A52: Value of Minority Interest | B52: =IF($B$33-$B$8>0,B49+SUM(B51:L51)+(M50/($B$33-$B$8))/(1+$B$33)^11,IF(NOT(M50=0),#N/A,B49+SUM(B51:M51))) -> 0 | C52: =IF($B$33-$B$8>0," ",IF(NOT(M50=0),"Error! cost of minority interest <= growth rate"," "))
A54: Net Operating Income | B54: ='Financial Statements'!G71 -> 1132413 | C54: ='Financial Statements'!H71 -> 1182890.2 | D54: ='Financial Statements'!I71 -> 1233665.8 | E54: ='Financial Statements'!J71 -> 1284585.8 | F54: ='Financial Statements'!K71 -> 1335488.2 | G54: ='Financial Statements'!L71 -> 1386204.3 | H54: ='Financial Statements'!M71 -> 1436559.6 | I54: ='Financial Statements'!N71 -> 1486374 | ... M54: ='Financial Statements'!R71 -> 1679639.5
A55: Beginning Net Operating Assets | B55: ='Financial Statements'!F75 -> 9921000 | C55: ='Financial Statements'!G75 -> 10382255 | D55: ='Financial Statements'!H75 -> 10847831 | E55: ='Financial Statements'!I75 -> 11316395 | F55: ='Financial Statements'!J75 -> 11786534 | G55: ='Financial Statements'!K75 -> 12256765 | H55: ='Financial Statements'!L75 -> 12725542 | I55: ='Financial Statements'!M75 -> 13191260 | ... M55: ='Financial Statements'!Q75 -> 14989939
A56: Residual Income to all Investors | B56: =B54-($B$34*B55) -> 202616.91 | C56: =C54-($B$34*C55) -> 209865.26 | D56: =D54-($B$34*D55) -> 217007.08 | E56: =E54-($B$34*E55) -> 224013.23 | F56: =F54-($B$34*F55) -> 230854.21 | G56: =G54-($B$34*G55) -> 237500.28 | H56: =H54-($B$34*H55) -> 243921.73 | I56: =I54-($B$34*I55) -> 250089.06 | ... M56: =M54-($B$34*M55) -> 274782.37
A57: Present Value of Residual Investor Income | B57: =B56/(1+$B$34)^1 -> 185254.83 | C57: =C56/(1+$B$34)^2 -> 175439.85 | D57: =D56/(1+$B$34)^3 -> 165865.26 | E57: =E56/(1+$B$34)^4 -> 156548.55 | F57: =F56/(1+$B$34)^5 -> 147505.1 | G57: =G56/(1+$B$34)^6 -> 138748.15 | H57: =H56/(1+$B$34)^7 -> 130288.9 | I57: =I56/(1+$B$34)^8 -> 122136.5 | J57: =J56/(1+$B$34)^9 -> 114298.13 | K57: =K56/(1+$B$34)^10 -> 106779.05 | L57: =L56/(1+$B$34)^11 -> 99582.712 | M57: =M56/(1+$B$34)^12 -> 93781.034
A58: Entity Value | B58: =IF(ISNA($B$34),#N/A,B55+SUM(B57:L57)+(M56/($B$34-$B$8))/(1+$B$34)^11) -> 13073149 | C58: =IF(($B$34-$B$8)<=0,"Error! weighted average cost of capital <= growth rate"," ")
A59: Less Value of Debt | B59: =-B40 -> -1438346.2
A60: Less Value of Preferred Stock | B60: =-B46 -> 0
A61: Less Value of Minority Interest | B61: =-B52 -> 0
A62: Forecast Equity Value Before Time Adj. | B62: =B58+B59+B60+B61 -> 11634803
A63: Forecasted Value as of Valuation Date | B63: =B62*(1+($B$7/2))*(1+$B$7*(DAYS360(B5,B6)/360)) -> 24008900
A64: Less Value of Contingent Equity Claims | B64: =-'Valuation Parameters'!J10 -> 0
A65: Value Attributable to Common Equity | B65: =B63+B64 -> 24008900
A66: Common Shares Outstanding at BS Date | B66: ='Financial Statements'!B5 -> 307000
A67: Equivalent Shares at Valuation Date | B67: =B66*'Valuation Parameters'!J12 -> 307000
A68: Forecast Price/Share | B68: =B65/B67 -> 78.204886

Sheet DCF Valuations
A1: DCF Valuations | B1: ($000)
A4: Company Name | B4: ='Financial Statements'!B4 -> KOHL'S CORP
A5: Most Recent Fiscal Year End | B5: ='Financial Statements'!F8 -> 38747
A6: Date of Valuation | B6: ='Valuation Parameters'!J11 -> 42271
A7: Cost of Common Equity | B7: ='Valuation Parameters'!J9 -> 0.1
A8: Terminal Growth Rate | B8: ='Forecasting Assumptions'!Q14 -> 0.03
A10: Fiscal Year of Forecast | B10: ='Financial Statements'!G8 -> 39112 | C10: ='Financial Statements'!H8 -> 39477 | D10: ='Financial Statements'!I8 -> 39843 | E10: ='Financial Statements'!J8 -> 40208 | F10: ='Financial Statements'!K8 -> 40573 | G10: ='Financial Statements'!L8 -> 40938 | H10: ='Financial Statements'!M8 -> 41304 | I10: ='Financial Statements'!N8 -> 41669 | ... M10: ='Financial Statements'!R8 -> 43130
A11: =B17+B33+B37-B45 -> -339.31933
A12: Valuation to Common Equity
A13: Free Cash Flow to Common Equity | B13: ='Cash Flow Analysis'!F64 -> 681779.3 | C13: ='Cash Flow Analysis'!G64 -> 724931.3 | D13: ='Cash Flow Analysis'!H64 -> 769407.58 | E13: ='Cash Flow Analysis'!I64 -> 815126.32 | F13: ='Cash Flow Analysis'!J64 -> 861994.14 | G13: ='Cash Flow Analysis'!K64 -> 909906.2 | H13: ='Cash Flow Analysis'!L64 -> 958746.24 | I13: ='Cash Flow Analysis'!M64 -> 1008386.8 | ... M13: ='Cash Flow Analysis'!Q64 -> 1195497
A14: Present Value of FCF | B14: =B13/(1+$B$7)^1 -> 619799.37 | C14: =C13/(1+$B$7)^2 -> 599116.78 | D14: =D13/(1+$B$7)^3 -> 578067.31 | E14: =E13/(1+$B$7)^4 -> 556742.24 | F14: =F13/(1+$B$7)^5 -> 535230.54 | G14: =G13/(1+$B$7)^6 -> 513618.33 | H14: =H13/(1+$B$7)^7 -> 491988.42 | I14: =I13/(1+$B$7)^8 -> 470419.88 | J14: =J13/(1+$B$7)^9 -> 448987.71 | K14: =K13/(1+$B$7)^10 -> 427762.49 | L14: =L13/(1+$B$7)^11 -> 406810.1 | M14: =M13/(1+$B$7)^12 -> 380922.19
A15: Present Value Beyond 10 Years | B15: =L14+(M13/($B$7-$B$8))/(1+$B$7)^11 -> 6392730.2 | C15: =IF(($B$7-$B$8)<0,"Error! cost of equity capital < growth rate"," ")
A16: Present Value of First 10 Years | B16: =SUM(B14:K14) -> 5241733.1
A17: Forecast Equity Value Before Time Adj. | B17: =B15+B16 -> 11634463
A18: Forecasted Value as of Valuation Date | B18: =B17*(1+(B7/2))*(1+B7*(DAYS360(B5,B6)/360)) -> 24008200
A19: Less Value of Contingent Equity Claims | B19: =-'Valuation Parameters'!J10 -> 0
A20: Value Attributable to Common Equity | B20: =B18+B19 -> 24008200
A21: Common Shares Outstanding at BS Date | B21: ='Financial Statements'!B5 -> 307000
A22: Equivalent Shares at Valuation Date | B22: =B21*'Valuation Parameters'!J12 -> 307000
A23: Forecast Price/Share | B23: =B20/B22 -> 78.202605
A25: Valuation to All Investors
A26: Cost of Net Debt | B26: ='Valuation Parameters'!J15 -> 0.08
A27: Cost of Preferred Stock | B27: ='Valuation Parameters'!J16 -> 0.09
A28: Cost of Minority Interest | B28: ='Valuation Parameters'!J17 -> 0.1
A29: After Tax Weighted Average Cost of Capital | B29: ='Valuation Parameters'!J19 -> 0.09372
A31: Free Cash Flow to Debt | B31: ='Cash Flow Analysis'!F90+'Cash Flow Analysis'!F95 -> 40901.697 | C31: ='Cash Flow Analysis'!G90+'Cash Flow Analysis'!G95 -> 46257.025 | D31: ='Cash Flow Analysis'!H90+'Cash Flow Analysis'!H95 -> 51939.922 | E31: ='Cash Flow Analysis'!I90+'Cash Flow Analysis'!I95 -> 57947.866 | F31: ='Cash Flow Analysis'!J90+'Cash Flow Analysis'!J95 -> 64276.139 | G31: ='Cash Flow Analysis'!K90+'Cash Flow Analysis'!K95 -> 70917.736 | H31: ='Cash Flow Analysis'!L90+'Cash Flow Analysis'!L95 -> 77863.281 | I31: ='Cash Flow Analysis'!M90+'Cash Flow Analysis'!M95 -> 85100.972 | ... M31: ='Cash Flow Analysis'!Q90+'Cash Flow Analysis'!Q95 -> 111664.19
A32: Present Value of FCF to Debt | B32: =B31/(1+$B$26)^1 -> 37871.942 | C32: =C31/(1+$B$26)^2 -> 39657.943 | D32: =D31/(1+$B$26)^3 -> 41231.585 | E32: =E31/(1+$B$26)^4 -> 42593.411 | F32: =F31/(1+$B$26)^5 -> 43745.26 | G32: =G31/(1+$B$26)^6 -> 44690.203 | H32: =H31/(1+$B$26)^7 -> 45432.476 | I32: =I31/(1+$B$26)^8 -> 45977.407 | J32: =J31/(1+$B$26)^9 -> 46331.33 | K32: =K31/(1+$B$26)^10 -> 46501.495 | L32: =L31/(1+$B$26)^11 -> 46495.977 | M32: =M31/(1+$B$26)^12 -> 44343.386
A33: Value of Debt | B33: =IF($B$26-$B$8>0,SUM(B32:L32)+(M31/($B$26-$B$8))/(1+$B$26)^11,IF(NOT(M31=0),#N/A,SUM(B32:M32))) -> 1438346.2 | C33: =IF($B$26-$B$8>0," ",IF(NOT(M31=0),"Error! cost of debt <= growth rate"," "))
A35: Free Cash Flow to Preferred Stock | B35: ='Cash Flow Analysis'!F92+'Cash Flow Analysis'!F96 -> 0 | C35: ='Cash Flow Analysis'!G92+'Cash Flow Analysis'!G96 -> 0 | D35: ='Cash Flow Analysis'!H92+'Cash Flow Analysis'!H96 -> 0 | E35: ='Cash Flow Analysis'!I92+'Cash Flow Analysis'!I96 -> 0 | F35: ='Cash Flow Analysis'!J92+'Cash Flow Analysis'!J96 -> 0 | G35: ='Cash Flow Analysis'!K92+'Cash Flow Analysis'!K96 -> 0 | H35: ='Cash Flow Analysis'!L92+'Cash Flow Analysis'!L96 -> 0 | I35: ='Cash Flow Analysis'!M92+'Cash Flow Analysis'!M96 -> 0 | ... M35: ='Cash Flow Analysis'!Q92+'Cash Flow Analysis'!Q96 -> 0
A36: Present Value of FCF to Preferred Stock | B36: =B35/(1+$B$27)^1 -> 0 | C36: =C35/(1+$B$27)^2 -> 0 | D36: =D35/(1+$B$27)^3 -> 0 | E36: =E35/(1+$B$27)^4 -> 0 | F36: =F35/(1+$B$27)^5 -> 0 | G36: =G35/(1+$B$27)^6 -> 0 | H36: =H35/(1+$B$27)^7 -> 0 | I36: =I35/(1+$B$27)^8 -> 0 | J36: =J35/(1+$B$27)^9 -> 0 | K36: =K35/(1+$B$27)^10 -> 0 | L36: =L35/(1+$B$27)^11 -> 0 | M36: =M35/(1+$B$27)^12 -> 0
A37: Value of Preferred Stock | B37: =IF($B$27-$B$8>0,SUM(B36:L36)+(M35/($B$27-$B$8))/(1+$B$27)^11,IF(NOT(M35=0),#N/A,SUM(B36:M36))) -> 0 | C37: =IF($B$27-$B$8>0," ",IF(NOT(M35=0),"Error! cost of preferred stock <= growth rate"," "))
A39: Free Cash Flow to Minority Interest | B39: ='Cash Flow Analysis'!F93 -> 0 | C39: ='Cash Flow Analysis'!G93 -> 0 | D39: ='Cash Flow Analysis'!H93 -> 0 | E39: ='Cash Flow Analysis'!I93 -> 0 | F39: ='Cash Flow Analysis'!J93 -> 0 | G39: ='Cash Flow Analysis'!K93 -> 0 | H39: ='Cash Flow Analysis'!L93 -> 0 | I39: ='Cash Flow Analysis'!M93 -> 0 | ... M39: ='Cash Flow Analysis'!Q93 -> 0
A40: Present Value of FCF to Minority Interest | B40: =B39/(1+$B$28)^1 -> 0 | C40: =C39/(1+$B$28)^2 -> 0 | D40: =D39/(1+$B$28)^3 -> 0 | E40: =E39/(1+$B$28)^4 -> 0 | F40: =F39/(1+$B$28)^5 -> 0 | G40: =G39/(1+$B$28)^6 -> 0 | H40: =H39/(1+$B$28)^7 -> 0 | I40: =I39/(1+$B$28)^8 -> 0 | J40: =J39/(1+$B$28)^9 -> 0 | K40: =K39/(1+$B$28)^10 -> 0 | L40: =L39/(1+$B$28)^11 -> 0 | M40: =M39/(1+$B$28)^12 -> 0
A41: Value of Minority Interest | B41: =IF($B$28-$B$8>0,SUM(B40:L40)+(M39/($B$28-$B$8))/(1+$B$28)^11,IF(NOT(M39=0),#N/A,SUM(B40:M40))) -> 0 | C41: =IF($B$28-$B$8>0," ",IF(NOT(M39=0),"Error! cost of minority interest <= growth rate"," "))
A43: Free Cash Flows to Investors | B43: ='Cash Flow Analysis'!F97 -> 671158.27 | C43: ='Cash Flow Analysis'!G97 -> 717313.61 | D43: ='Cash Flow Analysis'!H97 -> 765102.26 | E43: ='Cash Flow Analysis'!I97 -> 814446.83 | F43: ='Cash Flow Analysis'!J97 -> 865256.59 | G43: ='Cash Flow Analysis'!K97 -> 917427.37 | H43: ='Cash Flow Analysis'!L97 -> 970841.52 | I43: ='Cash Flow Analysis'!M97 -> 1025368.1 | ... M43: ='Cash Flow Analysis'!Q97 -> 1229941.3
A44: Present Value of FCF to Investors | B44: =B43/(1+$B$29)^1 -> 613647.25 | C44: =C43/(1+$B$29)^2 -> 599648.52 | D44: =D43/(1+$B$29)^3 -> 584791.46 | E44: =E43/(1+$B$29)^4 -> 569164.92 | F44: =F43/(1+$B$29)^5 -> 552858.7 | G44: =G43/(1+$B$29)^6 -> 535962.95 | H44: =H43/(1+$B$29)^7 -> 518567.46 | I44: =I43/(1+$B$29)^8 -> 500761.06 | J44: =J43/(1+$B$29)^9 -> 482631 | K44: =K43/(1+$B$29)^10 -> 464262.42 | L44: =L43/(1+$B$29)^11 -> 445737.81 | M44: =M43/(1+$B$29)^12 -> 419769.17
A45: Entity Value | B45: =IF(ISNA($B$29),#N/A,SUM(B44:L44)+(M43/($B$29-$B$8))/(1+$B$29)^11) -> 13073149 | C45: =IF(($B$29-$B$8)<=0,"Error! weighted average cost of capital <= growth rate"," ")
A46: Less Value of Net Debt | B46: =-B33 -> -1438346.2
A47: Less Value of Preferred Stock | B47: =-B37 -> 0
A48: Less Value of Minority Interest | B48: =-B41 -> 0
A49: Forecast Equity Value Before Time Adj. | B49: =B45+B46+B47+B48 -> 11634803
A50: Forecasted Value as of Valuation Date | B50: =B49*(1+(B7/2))*(1+B7*(DAYS360(B5,B6)/360)) -> 24008900
A51: Less Value of Contingent Equity Claims | B51: =-'Valuation Parameters'!J10 -> 0
A52: Value Attributable to Common Equity | B52: =B50+B51 -> 24008900
A53: Common Shares Outstanding at BS Date | B53: ='Financial Statements'!B5 -> 307000
A54: Equivalent Shares at Valuation Date | B54: =B53*'Valuation Parameters'!J12 -> 307000
A55: Forecast Price/Share | B55: =B52/B54 -> 78.204886

Sheet EPS Forecaster
A1: EPS Forecaster | B1: ($000, except per share amounts)
A4: Company Name | B4: ='Financial Statements'!B4 -> KOHL'S CORP
A5: Common Shares Outstanding at BS Date | B5: ='Financial Statements'!B5 -> 307000
A6: Equivalent Shares at Valuation Date | B6: =B5*'Valuation Parameters'!J12 -> 307000
A7: Forecasted Price at Valuation Date | B7: ='Residual Income Valuations'!B27 -> 78.202605
B9: Forecast | C9: Forecast | D9: Forecast | E9: Forecast | F9: Forecast | G9: Forecast | H9: Forecast | I9: Forecast | J9: Forecast | K9: Forecast | L9: Forecast | M9: Forecast
A10: Fiscal Year of Forecast | B10: ='Financial Statements'!G8 -> 39112 | C10: ='Financial Statements'!H8 -> 39477 | D10: ='Financial Statements'!I8 -> 39843 | E10: ='Financial Statements'!J8 -> 40208 | F10: ='Financial Statements'!K8 -> 40573 | G10: ='Financial Statements'!L8 -> 40938 | H10: ='Financial Statements'!M8 -> 41304 | I10: ='Financial Statements'!N8 -> 41669 | ... M10: ='Financial Statements'!R8 -> 43130
A11: Net Income | B11: ='Financial Statements'!G29 -> 1046887 | C11: ='Financial Statements'!H29 -> 1093460 | D11: ='Financial Statements'!I29 -> 1140300.6 | E11: ='Financial Statements'!J29 -> 1187266.3 | F11: ='Financial Statements'!K29 -> 1234207.5 | G11: ='Financial Statements'!L29 -> 1280968.1 | H11: ='Financial Statements'!M29 -> 1327386.9 | I11: ='Financial Statements'!N29 -> 1373297.6 | ... M11: ='Financial Statements'!R29 -> 1551457.1
A12: Common Equity Issued (Repurchased) | B12: ='Cash Flow Analysis'!F39 -> -681779.3 | C12: ='Cash Flow Analysis'!G39 -> -724931.3 | D12: ='Cash Flow Analysis'!H39 -> -769407.58 | E12: ='Cash Flow Analysis'!I39 -> -815126.32 | F12: ='Cash Flow Analysis'!J39 -> -861994.14 | G12: ='Cash Flow Analysis'!K39 -> -909906.2 | H12: ='Cash Flow Analysis'!L39 -> -958746.24 | I12: ='Cash Flow Analysis'!M39 -> -1008386.8 | ... M12: ='Cash Flow Analysis'!Q39 -> -1195497
A13: Forecasted Price at Year End | B13: =B7*(1+'Valuation Parameters'!J9*(DAYS360('Residual Income Valuations'!B6,'Residual Income Valuations'!B10)/360))+('Financial Statements'!G64/'EPS Forecaster'!B6)*(DAYS360('Residual Income Valuations'!B6,'Residual Income Valuations'!B10)/360) -> 10.557352 | C13: =(B13*(1+'Valuation Parameters'!J9))+('Financial Statements'!H64/'EPS Forecaster'!B15) -> 11.613087 | D13: =(C13*(1+'Valuation Parameters'!J9))+('Financial Statements'!I64/'EPS Forecaster'!C15) -> 12.774396 | E13: =(D13*(1+'Valuation Parameters'!J9))+('Financial Statements'!J64/'EPS Forecaster'!D15) -> 14.051835 | F13: =(E13*(1+'Valuation Parameters'!J9))+('Financial Statements'!K64/'EPS Forecaster'!E15) -> 15.457019 | G13: =(F13*(1+'Valuation Parameters'!J9))+('Financial Statements'!L64/'EPS Forecaster'!F15) -> 17.00272 | H13: =(G13*(1+'Valuation Parameters'!J9))+('Financial Statements'!M64/'EPS Forecaster'!G15) -> 18.702992 | I13: =(H13*(1+'Valuation Parameters'!J9))+('Financial Statements'!N64/'EPS Forecaster'!H15) -> 20.573292 | J13: =(I13*(1+'Valuation Parameters'!$J$9))+('Financial Statements'!O64/'EPS Forecaster'!I15) -> 22.630621 | K13: =(J13*(1+'Valuation Parameters'!$J$9))+('Financial Statements'!P64/'EPS Forecaster'!J15) -> 24.893683 | L13: =(K13*(1+'Valuation Parameters'!$J$9))+('Financial Statements'!Q64/'EPS Forecaster'!K15) -> 27.383051 | M13: =(L13*(1+'Valuation Parameters'!$J$9))+('Financial Statements'!R64/'EPS Forecaster'!L15) -> 30.121356
A14: New Shares Issued (Repurchased) | B14: =B12/B13 -> -64578.63 | C14: =C12/C13 -> -62423.653 | D14: =D12/D13 -> -60230.45 | E14: =E12/E13 -> -58008.531 | F14: =F12/F13 -> -55767.167 | G14: =G12/G13 -> -53515.331 | H14: =H12/H13 -> -51261.649 | I14: =I12/I13 -> -49014.363 | ... M14: =M12/M13 -> -39689.348
A15: Shares Outstanding at End of Year | B15: =B6+B14 -> 242421.37 | C15: =B15+C14 -> 179997.72 | D15: =C15+D14 -> 119767.27 | E15: =D15+E14 -> 61758.736 | F15: =E15+F14 -> 5991.569 | G15: =F15+G14 -> -47523.762 | H15: =G15+H14 -> -98785.411 | I15: =H15+I14 -> -147799.77 | J15: =I15+J14 -> -194581.06 | ... M15: =L15+M14 -> -321226.86
A16: Forecast EPS | B16: =B11/((B6+B15)/2) -> 3.8108711 | C16: =C11/((B15+C15)/2) -> 5.1771332 | D16: =D11/((C15+D15)/2) -> 7.607964 | E16: =E11/((D15+E15)/2) -> 13.08095 | F16: =F11/((E15+F15)/2) -> 36.434005 | G16: =G11/((F15+G15)/2) -> -61.685553 | H16: =H11/((G15+H15)/2) -> -18.144958 | I16: =I11/((H15+I15)/2) -> -11.138524 | J16: =J11/((I15+J15)/2) -> -8.2862713 | ... M16: =M11/((L15+M15)/2) -> -5.1478061
A17: Consensus Analyst Forecast of EPS
A19: Forecast Five Year Growth Rate in EPS | B19: =(G16/B16)^(1/5)-1 -> -2.7451463
A20: Consensus Analyst Forecast of Growth Rate
C23: =HYPERLINK(CONCATENATE("http://biz.yahoo.com/z/a/",LEFT(TRIM('Financial Statements'!D4),1),"/",TRIM('Financial Statements'!D4),".html"),"To obtain analyst forecasts, click here") -> To obtain analyst forecasts, click here

Sheet Model Summary
A1: Model Summary
A4: Historical Data For:
A5: ='Financial Statements'!B4 -> KOHL'S CORP
A6: Most Recent Fiscal Year End: | B6: ='Financial Statements'!F8 -> 38747
A7: Average ROE (last five years) | B7: =AVERAGE('Ratio Analysis'!C19:F19) -> 0.16266689
A8: Sales Growth (last five years) | B8: =(('Financial Statements'!F12/'Financial Statements'!B12)^(1/4))-1 -> 0.064018032
A10: Forecast Data:
A11: Forecast Horizon | B11: 10 years
A12: This Year's ROE | B12: ='Ratio Analysis'!G19 -> 0.13028187
A13: Terminal Year's ROE | B13: ='Ratio Analysis'!Q19 -> 0.12882309
A14: This Year's Sales Growth | B14: ='Ratio Analysis'!G10 -> 0.04649277
A15: Terminal Year's Sales Growth | B15: ='Ratio Analysis'!Q10 -> 0.03
A16: This Year's Forecast EPS | B16: ='EPS Forecaster'!B16 -> 3.8108711
A17: Forecast 5 Year EPS Growth | B17: ='EPS Forecaster'!B19 -> -2.7451463
A19: Valuation Data:
A20: Cost of Equity Capital | B20: ='Valuation Parameters'!J9 -> 0.1
A21: Valuation Date | B21: ='Valuation Parameters'!J11 -> 42271
A22: Estimated Price/Share | B22: ='Residual Income Valuations'!B27 -> 78.202605
A23: Estimated Price/Earnings Ratio | B23: =B22/'Model Summary'!B16 -> 20.520926
A24: Estimated Market/Book Ratio | B24: =(B22*'Residual Income Valuations'!B26)/'Financial Statements'!F57 -> 3.057201

Sheet Case Data
A1: Cut-and-Paste the yellow block of case data into the Raw Data Input section on the lower part of the eVal financial statements
A3: America Online | B3: Amazon.com | D3: Four Models | F3: Intel | G3: Cabelas
A4: Netflix | B4: Overstock | D4: RCL 1998 | F4: RCL 2010 | G4: Sporting Goods Industry
A5: Salton | B5: City Screens | D5: Carnival 1998 | F5: Carnival 2010 | G5: Verizon
A6: Nordstrom | B6: Ross Stores | D6: Kohls | F6: Apple | G6: IBM
D7: Country Cinema | F7: Sirius
A10: Company Name and Ticker | B10: AMERICA ONLINE INC | D10: AOL
A11: Common Shares Outstanding (000) | B11: 2255000
A12: Fiscal Year End (YYYY-MM-DD) | B12: 33418 | C12: 33784 | D12: 34149 | E12: 34514 | F12: 34879
A13: Sales (Net) | B13: 394290 | C13: 1094000 | D13: 2197000 | E13: 3091000 | F13: 4777000
A14: Cost of Goods Sold | B14: -229724 | C14: -654000 | D14: -1770000 | E14: -2434000 | F14: -3465000
A15: R&D Expense | B15: -64598 | C15: -75000 | D15: -204000 | E15: -333000 | F15: -286000
A16: SG&A Expense | B16: -119764 | C16: -293000 | D16: -605000 | E16: -328000 | F16: -408000
A17: Depreciation & Amortization | B17: -1653 | C17: -7000 | D17: -6000 | E17: -24000 | F17: -65000
A18: Interest Expense | B18: 0 | C18: 0 | D18: 0 | E18: 0 | F18: 0
A19: Non-Operating Income (Loss) | B19: 867 | C19: -3000 | D19: -87000 | E19: -62000 | F19: 543000
A20: Income Taxes | B20: -15169 | C20: -32000 | D20: -10000 | E20: 16000 | F20: -334000
A21: Minority Interest in Earnings | B21: 0 | C21: 0 | D21: 0 | E21: 0 | F21: 0
A22: Other Income (Loss) | B22: 0 | C22: 0 | D22: 0 | E22: 0 | F22: 0
A23: Ext. Items & Disc. Ops. | B23: 0 | C23: 0 | D23: 0 | E23: 0 | F23: 0
... A43: Retained Earnings | B43: -36623 | C43: -7767 | D43: -507000 | E43: -590000 | F43: 151000
A44: Common Dividends | C44: 0 | D44: 0 | E44: 0 | F44: 0
A48: Company Name and Ticker | B48: AMAZON.COM INC | D48: AMZN | G48: back to top
A49: Common Shares Outstanding (000) | B49: 357140
A50: Fiscal Year End (YYYY-MM-DD) | B50: 33968 | C50: 34333 | D50: 34698 | E50: 35063 | F50: 35429
A51: Sales (Net) | B51: 15746 | C51: 147787 | D51: 609819 | E51: 1639839 | F51: 2761983
A52: Cost of Goods Sold | B52: -12287 | C52: -118969 | D52: -476155 | E52: -1349194 | F52: -2106206
A53: R&D Expense | B53: -2401 | C53: 0 | D53: 0 | E53: 0 | F53: 0
A54: SG&A Expense | B54: -7501 | C54: -60202 | D54: -194696 | E54: -643016 | F54: -972777
A55: Depreciation & Amortization | B55: 0 | C55: 0 | D55: -42599 | E55: -214694 | F55: -321772
A56: Interest Expense | B56: -5 | C56: -326 | D56: -26639 | E56: -84566 | F56: -130921
A57: Non-Operating Income (Loss) | B57: 202 | C57: 690 | D57: 8629 | E57: 8432 | F57: -336984
A58: Income Taxes | B58: 0 | C58: 0 | D58: 0 | E58: 0 | F58: 0
A59: Minority Interest in Earnings | B59: 0 | C59: 0 | D59: 0 | E59: 0 | F59: 0
A60: Other Income (Loss) | B60: 0 | C60: 0 | D60: -2905 | E60: -76769 | F60: -304596
A61: Ext. Items & Disc. Ops. | B61: 0 | C61: 0 | D61: 0 | E61: 0 | F61: 0
... A81: Retained Earnings | B81: -6025 | C81: -37514 | D81: -162060 | E81: -882028 | F81: -2293301
A82: Common Dividends | C82: 0 | D82: 0 | E82: 0 | F82: 0
A86: Company Name and Ticker | B86: FOUR MODELS | D86: FOUR | G86: back to top
A87: Common Shares Outstanding (000) | B87: 1000
A88: Fiscal Year End (YYYY-MM-DD) | B88: 33968 | C88: 34333 | D88: 34698 | E88: 35063 | F88: 35429
A89: Sales (Net) | B89: 20000 | C89: 20000 | D89: 20000 | E89: 20000 | F89: 20000
A90: Cost of Goods Sold | B90: -12000 | C90: -12000 | D90: -12000 | E90: -12000 | F90: -12000
A91: R&D Expense | B91: 0 | C91: 0 | D91: 0 | E91: 0 | F91: 0
A92: SG&A Expense | B92: 0 | C92: 0 | D92: 0 | E92: 0 | F92: 0
A93: Depreciation & Amortization | B93: -2000 | C93: -2000 | D93: -2000 | E93: -2000 | F93: -2000
A94: Interest Expense | B94: -1000 | C94: -1000 | D94: -1000 | E94: -1000 | F94: -1000
A95: Non-Operating Income (Loss) | B95: 0 | C95: 0 | D95: 0 | E95: 0 | F95: 0
A96: Income Taxes | B96: -2000 | C96: -2000 | D96: -2000 | E96: -2000 | F96: -2000
A97: Minority Interest in Earnings | B97: 0 | C97: 0 | D97: 0 | E97: 0 | F97: 0
